Workbook
Name NvsASD: "V2018-10-31"
Name NvsAutoDrillOk: "VN"
Name NvsDateToNumber: "Y"
Name NvsDrillHyperLink: "https://jcspa.jeffco.k12.co.us/psp/PA92PRD_newwin/EMPLOYEE/PSFT_EP/c/REPORT_BOOKS.IC_RUN_DRILLDOWN.GBL?Action=A&NVS_INSTANCE=5381481_8084529"
Name NvsElapsedTime: 0.0000462962925666943
Name NvsEndTime: 43404.5081481481
Name NvsInstanceHook: CollapseNplosionMacro
Name NvsInstLang: "VENG"
Name NvsInstSpec: "%,FDEPTID,V55800"
Name NvsInstSpec1: ","
Name NvsInstSpec2: ","
Name NvsInstSpec3: ","
Name NvsInstSpec4: ","
Name NvsInstSpec5: ","
Name NvsInstSpec6: ","
Name NvsInstSpec7: ","
Name NvsInstSpec8: ","
Name NvsInstSpec9: ","
Name NvsLayoutType: "M3"
Name NvsNplSpec: "%,X,RPT.ACCOUNT.,CZF.."
Name NvsPanelEffdt: "V1900-01-01"
Name NvsPanelSetid: "VGF020"
Name NvsReqBU: "VGF020"
Name NvsReqBUOnly: "VY"
Name NvsSheetType: "M"
Name NvsTransLed: "VN"
Name NvsTreeASD: "V2018-10-31"
Name NvsValTbl.ACCOUNT: "GL_ACCOUNT_TBL"
Name NvsValTbl.BUDGET_YEAR: "BUDGET_YEAR"
Name NvsValTbl.BUSINESS_UNIT: "BUS_UNIT_TBL_GL"
Name NvsValTbl.FUND_CODE: "FUND_TBL"
Name NvsValTbl.PROGRAM_CODE: "PROGRAM_TBL"
Name PED: Sheet1!$CX$4

Sheet Sheet1
B1: %,AFF,FACCOUNT | C1: %,AFT,FDESCR | D1: %,VCA020 | E1: %,VCC020 | F1: %,VGF020 | G1: %,VGS020 | H1: %,LACTUALS,SALLYEAR-1,FFUND_CODE,X,VCA020,VFS020,VGF020,VGS020,VIR020,VCC020 | J1: %,VCR020 | K1: %,VDS020 | L1: %,LACTUALS,SALLYEAR-1,FFUND_CODE,X,VCR020,VDS020 | N1: %,LACTUALS,SALLYEAR-1 | P1: %,LREVEST_BD,UPOSTED_TOTAL_AMT,SADJBAL,FACCOUNT,TACCOUNT_ROLLUP,NREVENUE | Q1: %,LORG_BD,UPOSTED_TOTAL_AMT,SADJBAL,R,FACCOUNT,TACCOUNT_ROLLUP,XDYYNYN00,NTRANSFERS | R1: %,C | T1: %,V512100 | U1: %,V513100 | V1: %,V521100 | W1: %,V521900 | X1: %,V522100 | Y1: %,V522200 | Z1: %,V524200 | AA1: %,V526200 | AB1: %,V529200 | AC1: %,V529400 | AD1: %,V529500 | AE1: %,V529600 | AF1: %,V529800 | AG1: %,V552100 | AH1: %,V557100 | AI1: %,V557600 | AJ1: %,V591100 | AK1: %,V599400 | AL1: %,V599810 | AM1: %,V599820 | AN1: %,V599830 | AO1: %,V699000 | AP1: %,V701000 | AQ1: %,V702000 | AR1: %,V708000 | AS1: %,V710000 | AT1: %,V713000 | AU1: %,V715000 | AV1: %,V721000 | AW1: %,V723000 | AX1: %,V731000 | AY1: %,V743000 | AZ1: %,V745000 | BA1: %,V745500 | BB1: %,V746000 | BC1: %,V752000 | BD1: %,V761000 | BE1: %,V764000 | BF1: %,V765000 | BG1: %,V766000 | BH1: %,V768000 | BI1: %,V769000 | BJ1: %,V770000 | BK1: %,V770800 | BL1: %,V781000 | BM1: %,V781500 | BN1: %,V804000 | BO1: %,V805000 | BP1: %,V806000 | BQ1: %,V810000 | BR1: %,V810001 | BS1: %,V812000 | BT1: %,V814000 | BU1: %,V820000 | BV1: %,V820001 | BW1: %,V822000 | BX1: %,V823000 | BY1: %,V824000 | BZ1: %,V826000 | CA1: %,V840000 | CB1: %,V870000 | CC1: %,V885000 | CD1: %,V889000 | CE1: %,V930000 | CF1: %,V950000 | CG1: %,LORG_BD,UPOSTED_TOTAL_AMT,SADJBAL,R,FACCOUNT,TACCOUNT_ROLLUP,XDYYNYN00,NEXPENDITURE | CI1: %,VCA020 | CJ1: %,VCC020 | CK1: %,VGF020 | CL1: %,LACTUALS,SYTD,FFUND_CODE,X,VCA020,VFS020,VGF020,VGS020,VIR020,VCC020 | CN1: %,VCR020 | CO1: %,VDS020 | CP1: %,LACTUALS,SYTD,FFUND_CODE,X,VCR020,VDS020 | CR1: %,LACTUALS,SYTD | CS1: %,C | CT1: %,C
B2: Jefferson County Public Schools | CR2: Lincoln Academy Charter School | CX2: 558OPC
B3: Charter Schools | CR3: Unaudited Financials
B4: Lincoln Academy Charter School | CR4: 07/01/18 - 10/31/18 | CX4: 43404
B5: ="Report ID: "&CX2 -> Report ID: 558OPC | CW5: 55800
B6: For Accounting Period: | CR6: Board November 12, 2018 | CW6: Lincoln Academy Charter School
B7: 43404
A8: %,ATF,FFUND_CODE | B8: Account | D8: CA020 | E8: CC020 | F8: GF020 | G8: GS020 | H8: Prior Year | J8: CR020 | K8: DS020 | L8: Prior Year | N8: Prior Year | CI8: CA020 | CJ8: CC020 | CK8: GF020 | CL8: Current Year | CN8: CR020 | CO8: DS020 | CP8: Current Year | CR8: Current Year
A9: %,ATF,FDESCR | B9: Number | C9: Description | D9: Charter School Campus Activity | E9: Charter School Child Care Fund | F9: Charter School General Fund | G9: Charter School Grant Fund | H9: Operational Funds | J9: Charter School Capital Reserve | K9: Charter School Debt Service | L9: Capital Funds | N9: Total | R9: Estimated Revenue | T9: Principal | U9: Assistant Principal | V9: Teacher | W9: Substitute Teacher | X9: Counselor | Y9: Teacher Librarian | Z9: Coordinator - Classified | AA9: Instructional Coach | AB9: Occupational Therapist | AC9: Nurse | AD9: Psychologist | AE9: Social Worker | AF9: Speech Therapist | AG9: School Secretary | AH9: Paraprofessional | AI9: Clinic Aides | AJ9: Custodian | AK9: Unused Sick Leave | AL9: Additional Pay - Certificated | AM9: Additional Pay-Classified | AN9: Additional Pay-Administrative | AO9: Employee Benefits | AP9: Mileage And Travel | AQ9: Employee Training & Conf | AR9: Employee Background Verificatn | AS9: Meals/Refreshments | AT9: Student Transportation | AU9: Student Admission/Entry Fees | AV9: Legal Fees | AW9: Printing | AX9: Contracted Services | AY9: Equipment Rental | AZ9: Contract Maint/Eq Repair | BA9: Technology Services | BB9: Const Maint/Repair-Bldg | BC9: Marketing - Advertising | BD9: Natural Gas | BE9: Electricity | BF9: Voice Communication Line | BG9: Water & Sanitation | BH9: Postage | BI9: Permits/Licenses/Fees | BJ9: Risk Management Charges | BK9: Unemployment Comp Insur | BL9: Lease Purch-Other-Principal | BM9: Lease Purch-Other-Interest | BN9: Fund Raising | BO9: Materials/Supplies-Other | BP9: Materials/Supplies Resale | BQ9: Office Material/Supplies | BR9: Office Equipment - Under $5K | BS9: Clinic Supplies/Materials | BT9: Custodial Supplies | BU9: Instructional Material/Supply | BV9: Instructional Equip-Under $5K | BW9: Textbooks | BX9: Copier Usage | BY9: Testing Materials | BZ9: Graduation Materials | CA9: Maint Materials/Supplies | CB9: Library Materials | CC9: Miscellaneous Expense | CD9: Consumable Supplies | CE9: Building Improvements | CF9: Transfers | CG9: Budget | CI9: Charter School Campus Activity | CJ9: Charter School Child Care Fund | CK9: Charter School General Fund | CL9: Operational Funds | CN9: Charter School Capital Reserve | CO9: Charter School Debt Service | CP9: Capital Funds | CR9: Total | CS9: Variance | CT9: Percent Spent
C11: Prior Year Carryforward | H11: 2645403.7 | N11: 2645403.7 | CI11: 62657.49 | CJ11: 105530.51 | CK11: 1930278.2 | CL11: 2098466.2 | CO11: 788564.45 | CP11: 788564.45 | CR11: 2887030.6
A13: %,V401000 | B13: 401000 | C13: Commissions/Profits | D13: 2523.56 | E13: 0 | F13: 13189.65 | G13: 0 | H13: 15713.21 | J13: 0 | K13: 0 | L13: 0 | N13: 15713.21 | P13: -18000 | Q13: 0 | R13: =-1*(P13+Q13) -> 18000 | T13: 0 | U13: 0 | V13: 0 | W13: 0 | X13: 0 | Y13: 0 | Z13: 0 | AA13: 0 | AB13: 0 | AC13: 0 | AD13: 0 | AE13: 0 | AF13: 0 | AG13: 0 | AH13: 0 | AI13: 0 | AJ13: 0 | AK13: 0 | AL13: 0 | AM13: 0 | AN13: 0 | AO13: 0 | AP13: 0 | AQ13: 0 | AR13: 0 | AS13: 0 | AT13: 0 | AU13: 0 | AV13: 0 | AW13: 0 | AX13: 0 | AY13: 0 | AZ13: 0 | BA13: 0 | BB13: 0 | BC13: 0 | BD13: 0 | BE13: 0 | BF13: 0 | BG13: 0 | BH13: 0 | BI13: 0 | BJ13: 0 | BK13: 0 | BL13: 0 | BM13: 0 | BN13: 0 | BO13: 0 | BP13: 0 | BQ13: 0 | BR13: 0 | BS13: 0 | BT13: 0 | BU13: 0 | BV13: 0 | BW13: 0 | BX13: 0 | BY13: 0 | BZ13: 0 | CA13: 0 | CB13: 0 | CC13: 0 | CD13: 0 | CE13: 0 | CF13: 0 | CG13: 0 | CI13: 576.19 | CJ13: 0 | CK13: 1799.62 | CL13: 2375.81 | CN13: 0 | CO13: 0 | CP13: 0 | CR13: 2375.81 | CS13: =R13-CR13 -> 15624.19 | CT13: =IF(R13=0,"n/a",CR13/(R13)) -> 0.13198944
A14: %,V401400 | B14: 401400 | C14: Ticket Sales | D14: 1372 | E14: 0 | F14: 0 | G14: 0 | H14: 1372 | J14: 0 | K14: 0 | L14: 0 | N14: 1372 | P14: -1250 | Q14: 0 | R14: =-1*(P14+Q14) -> 1250 | T14: 0 | U14: 0 | V14: 0 | W14: 0 | X14: 0 | Y14: 0 | Z14: 0 | AA14: 0 | AB14: 0 | AC14: 0 | AD14: 0 | AE14: 0 | AF14: 0 | AG14: 0 | AH14: 0 | AI14: 0 | AJ14: 0 | AK14: 0 | AL14: 0 | AM14: 0 | AN14: 0 | AO14: 0 | AP14: 0 | AQ14: 0 | AR14: 0 | AS14: 0 | AT14: 0 | AU14: 0 | AV14: 0 | AW14: 0 | AX14: 0 | AY14: 0 | AZ14: 0 | BA14: 0 | BB14: 0 | BC14: 0 | BD14: 0 | BE14: 0 | BF14: 0 | BG14: 0 | BH14: 0 | BI14: 0 | BJ14: 0 | BK14: 0 | BL14: 0 | BM14: 0 | BN14: 0 | BO14: 0 | BP14: 0 | BQ14: 0 | BR14: 0 | BS14: 0 | BT14: 0 | BU14: 0 | BV14: 0 | BW14: 0 | BX14: 0 | BY14: 0 | BZ14: 0 | CA14: 0 | CB14: 0 | CC14: 0 | CD14: 0 | CE14: 0 | CF14: 0 | CG14: 0 | CI14: 0 | CJ14: 0 | CK14: 0 | CL14: 0 | CN14: 0 | CO14: 0 | CP14: 0 | CR14: 0 | CS14: =R14-CR14 -> 1250 | CT14: =IF(R14=0,"n/a",CR14/(R14)) -> 0
A15: %,V408000 | B15: 408000 | C15: Resale | D15: 17863.84 | E15: 0 | F15: 0 | G15: 0 | H15: 17863.84 | J15: 0 | K15: 0 | L15: 0 | N15: 17863.84 | P15: -18797 | Q15: 0 | R15: =-1*(P15+Q15) -> 18797 | T15: 0 | U15: 0 | V15: 0 | W15: 0 | X15: 0 | Y15: 0 | Z15: 0 | AA15: 0 | AB15: 0 | AC15: 0 | AD15: 0 | AE15: 0 | AF15: 0 | AG15: 0 | AH15: 0 | AI15: 0 | AJ15: 0 | AK15: 0 | AL15: 0 | AM15: 0 | AN15: 0 | AO15: 0 | AP15: 0 | AQ15: 0 | AR15: 0 | AS15: 0 | AT15: 0 | AU15: 0 | AV15: 0 | AW15: 0 | AX15: 0 | AY15: 0 | AZ15: 0 | BA15: 0 | BB15: 0 | BC15: 0 | BD15: 0 | BE15: 0 | BF15: 0 | BG15: 0 | BH15: 0 | BI15: 0 | BJ15: 0 | BK15: 0 | BL15: 0 | BM15: 0 | BN15: 0 | BO15: 0 | BP15: 0 | BQ15: 0 | BR15: 0 | BS15: 0 | BT15: 0 | BU15: 0 | BV15: 0 | BW15: 0 | BX15: 0 | BY15: 0 | BZ15: 0 | CA15: 0 | CB15: 0 | CC15: 0 | CD15: 0 | CE15: 0 | CF15: 0 | CG15: 0 | CI15: 5933.44 | CJ15: 0 | CK15: 5 | CL15: 5938.44 | CN15: 0 | CO15: 0 | CP15: 0 | CR15: 5938.44 | CS15: =R15-CR15 -> 12858.56 | CT15: =IF(R15=0,"n/a",CR15/(R15)) -> 0.31592488
A16: %,V409000 | B16: 409000 | C16: Sales-Fund Raising | D16: 8892.85 | E16: 200 | F16: 2096.02 | G16: 0 | H16: 11188.87 | J16: 0 | K16: 0 | L16: 0 | N16: 11188.87 | P16: -8680 | Q16: 0 | R16: =-1*(P16+Q16) -> 8680 | T16: 0 | U16: 0 | V16: 0 | W16: 0 | X16: 0 | Y16: 0 | Z16: 0 | AA16: 0 | AB16: 0 | AC16: 0 | AD16: 0 | AE16: 0 | AF16: 0 | AG16: 0 | AH16: 0 | AI16: 0 | AJ16: 0 | AK16: 0 | AL16: 0 | AM16: 0 | AN16: 0 | AO16: 0 | AP16: 0 | AQ16: 0 | AR16: 0 | AS16: 0 | AT16: 0 | AU16: 0 | AV16: 0 | AW16: 0 | AX16: 0 | AY16: 0 | AZ16: 0 | BA16: 0 | BB16: 0 | BC16: 0 | BD16: 0 | BE16: 0 | BF16: 0 | BG16: 0 | BH16: 0 | BI16: 0 | BJ16: 0 | BK16: 0 | BL16: 0 | BM16: 0 | BN16: 0 | BO16: 0 | BP16: 0 | BQ16: 0 | BR16: 0 | BS16: 0 | BT16: 0 | BU16: 0 | BV16: 0 | BW16: 0 | BX16: 0 | BY16: 0 | BZ16: 0 | CA16: 0 | CB16: 0 | CC16: 0 | CD16: 0 | CE16: 0 | CF16: 0 | CG16: 0 | CI16: 3555.81 | CJ16: 0 | CK16: 0 | CL16: 3555.81 | CN16: 0 | CO16: 0 | CP16: 0 | CR16: 3555.81 | CS16: =R16-CR16 -> 5124.19 | CT16: =IF(R16=0,"n/a",CR16/(R16)) -> 0.40965553
A17: %,V411000 | B17: 411000 | C17: Prop Tax-Mill Levy Override | D17: 0 | E17: 0 | F17: 961827.16 | G17: 0 | H17: 961827.16 | J17: 0 | K17: 0 | L17: 0 | N17: 961827.16 | P17: -973789 | Q17: 0 | R17: =-1*(P17+Q17) -> 973789 | T17: 0 | U17: 0 | V17: 0 | W17: 0 | X17: 0 | Y17: 0 | Z17: 0 | AA17: 0 | AB17: 0 | AC17: 0 | AD17: 0 | AE17: 0 | AF17: 0 | AG17: 0 | AH17: 0 | AI17: 0 | AJ17: 0 | AK17: 0 | AL17: 0 | AM17: 0 | AN17: 0 | AO17: 0 | AP17: 0 | AQ17: 0 | AR17: 0 | AS17: 0 | AT17: 0 | AU17: 0 | AV17: 0 | AW17: 0 | AX17: 0 | AY17: 0 | AZ17: 0 | BA17: 0 | BB17: 0 | BC17: 0 | BD17: 0 | BE17: 0 | BF17: 0 | BG17: 0 | BH17: 0 | BI17: 0 | BJ17: 0 | BK17: 0 | BL17: 0 | BM17: 0 | BN17: 0 | BO17: 0 | BP17: 0 | BQ17: 0 | BR17: 0 | BS17: 0 | BT17: 0 | BU17: 0 | BV17: 0 | BW17: 0 | BX17: 0 | BY17: 0 | BZ17: 0 | CA17: 0 | CB17: 0 | CC17: 0 | CD17: 0 | CE17: 0 | CF17: 0 | CG17: 0 | CI17: 0 | CJ17: 0 | CK17: 491847.59 | CL17: 491847.59 | CN17: 0 | CO17: 0 | CP17: 0 | CR17: 491847.59 | CS17: =R17-CR17 -> 481941.41 | CT17: =IF(R17=0,"n/a",CR17/(R17)) -> 0.50508641
A18: %,V415000 | B18: 415000 | C18: Earnings On Investments | D18: 0 | E18: 0 | F18: 0 | G18: 0 | H18: 0 | J18: 0 | K18: 5917.4 | L18: 5917.4 | N18: 5917.4 | P18: -3800 | Q18: 0 | R18: =-1*(P18+Q18) -> 3800 | T18: 0 | U18: 0 | V18: 0 | W18: 0 | X18: 0 | Y18: 0 | Z18: 0 | AA18: 0 | AB18: 0 | AC18: 0 | AD18: 0 | AE18: 0 | AF18: 0 | AG18: 0 | AH18: 0 | AI18: 0 | AJ18: 0 | AK18: 0 | AL18: 0 | AM18: 0 | AN18: 0 | AO18: 0 | AP18: 0 | AQ18: 0 | AR18: 0 | AS18: 0 | AT18: 0 | AU18: 0 | AV18: 0 | AW18: 0 | AX18: 0 | AY18: 0 | AZ18: 0 | BA18: 0 | BB18: 0 | BC18: 0 | BD18: 0 | BE18: 0 | BF18: 0 | BG18: 0 | BH18: 0 | BI18: 0 | BJ18: 0 | BK18: 0 | BL18: 0 | BM18: 0 | BN18: 0 | BO18: 0 | BP18: 0 | BQ18: 0 | BR18: 0 | BS18: 0 | BT18: 0 | BU18: 0 | BV18: 0 | BW18: 0 | BX18: 0 | BY18: 0 | BZ18: 0 | CA18: 0 | CB18: 0 | CC18: 0 | CD18: 0 | CE18: 0 | CF18: 0 | CG18: 0 | CI18: 0 | CJ18: 0 | CK18: 0 | CL18: 0 | CN18: 0 | CO18: 2922.19 | CP18: 2922.19 | CR18: 2922.19 | CS18: =R18-CR18 -> 877.81 | CT18: =IF(R18=0,"n/a",CR18/(R18)) -> 0.76899737
A19: %,V419000 | B19: 419000 | C19: Other Revenue | D19: 160 | E19: 0 | F19: 29992.21 | G19: 300 | H19: 30452.21 | J19: 0 | K19: 0 | L19: 0 | N19: 30452.21 | P19: -31815 | Q19: 0 | R19: =-1*(P19+Q19) -> 31815 | T19: 0 | U19: 0 | V19: 0 | W19: 0 | X19: 0 | Y19: 0 | Z19: 0 | AA19: 0 | AB19: 0 | AC19: 0 | AD19: 0 | AE19: 0 | AF19: 0 | AG19: 0 | AH19: 0 | AI19: 0 | AJ19: 0 | AK19: 0 | AL19: 0 | AM19: 0 | AN19: 0 | AO19: 0 | AP19: 0 | AQ19: 0 | AR19: 0 | AS19: 0 | AT19: 0 | AU19: 0 | AV19: 0 | AW19: 0 | AX19: 0 | AY19: 0 | AZ19: 0 | BA19: 0 | BB19: 0 | BC19: 0 | BD19: 0 | BE19: 0 | BF19: 0 | BG19: 0 | BH19: 0 | BI19: 0 | BJ19: 0 | BK19: 0 | BL19: 0 | BM19: 0 | BN19: 0 | BO19: 0 | BP19: 0 | BQ19: 0 | BR19: 0 | BS19: 0 | BT19: 0 | BU19: 0 | BV19: 0 | BW19: 0 | BX19: 0 | BY19: 0 | BZ19: 0 | CA19: 0 | CB19: 0 | CC19: 0 | CD19: 0 | CE19: 0 | CF19: 0 | CG19: 0 | CI19: 0 | CJ19: 0 | CK19: 4.5 | CL19: 4.5 | CN19: 0 | CO19: 0 | CP19: 0 | CR19: 4.5 | CS19: =R19-CR19 -> 31810.5 | CT19: =IF(R19=0,"n/a",CR19/(R19)) -> 0.00014144272
A20: %,V433000 | B20: 433000 | C20: State Revenue - Other | D20: 0 | E20: 0 | F20: 1657.17 | G20: 0 | H20: 1657.17 | J20: 182038.08 | K20: 0 | L20: 182038.08 | N20: 183695.25 | P20: -209712 | Q20: 0 | R20: =-1*(P20+Q20) -> 209712 | T20: 0 | U20: 0 | V20: 0 | W20: 0 | X20: 0 | Y20: 0 | Z20: 0 | AA20: 0 | AB20: 0 | AC20: 0 | AD20: 0 | AE20: 0 | AF20: 0 | AG20: 0 | AH20: 0 | AI20: 0 | AJ20: 0 | AK20: 0 | AL20: 0 | AM20: 0 | AN20: 0 | AO20: 0 | AP20: 0 | AQ20: 0 | AR20: 0 | AS20: 0 | AT20: 0 | AU20: 0 | AV20: 0 | AW20: 0 | AX20: 0 | AY20: 0 | AZ20: 0 | BA20: 0 | BB20: 0 | BC20: 0 | BD20: 0 | BE20: 0 | BF20: 0 | BG20: 0 | BH20: 0 | BI20: 0 | BJ20: 0 | BK20: 0 | BL20: 0 | BM20: 0 | BN20: 0 | BO20: 0 | BP20: 0 | BQ20: 0 | BR20: 0 | BS20: 0 | BT20: 0 | BU20: 0 | BV20: 0 | BW20: 0 | BX20: 0 | BY20: 0 | BZ20: 0 | CA20: 0 | CB20: 0 | CC20: 0 | CD20: 0 | CE20: 0 | CF20: 0 | CG20: 0 | CI20: 0 | CJ20: 0 | CK20: 0 | CL20: 0 | CN20: 67404.52 | CO20: 0 | CP20: 67404.52 | CR20: 67404.52 | CS20: =R20-CR20 -> 142307.48 | CT20: =IF(R20=0,"n/a",CR20/(R20)) -> 0.3214147
A21: %,V434000 | B21: 434000 | C21: Exceptional Children Revenue | D21: 0 | E21: 0 | F21: 80991 | G21: 0 | H21: 80991 | J21: 0 | K21: 0 | L21: 0 | N21: 80991 | P21: -76250 | Q21: 0 | R21: =-1*(P21+Q21) -> 76250 | T21: 0 | U21: 0 | V21: 0 | W21: 0 | X21: 0 | Y21: 0 | Z21: 0 | AA21: 0 | AB21: 0 | AC21: 0 | AD21: 0 | AE21: 0 | AF21: 0 | AG21: 0 | AH21: 0 | AI21: 0 | AJ21: 0 | AK21: 0 | AL21: 0 | AM21: 0 | AN21: 0 | AO21: 0 | AP21: 0 | AQ21: 0 | AR21: 0 | AS21: 0 | AT21: 0 | AU21: 0 | AV21: 0 | AW21: 0 | AX21: 0 | AY21: 0 | AZ21: 0 | BA21: 0 | BB21: 0 | BC21: 0 | BD21: 0 | BE21: 0 | BF21: 0 | BG21: 0 | BH21: 0 | BI21: 0 | BJ21: 0 | BK21: 0 | BL21: 0 | BM21: 0 | BN21: 0 | BO21: 0 | BP21: 0 | BQ21: 0 | BR21: 0 | BS21: 0 | BT21: 0 | BU21: 0 | BV21: 0 | BW21: 0 | BX21: 0 | BY21: 0 | BZ21: 0 | CA21: 0 | CB21: 0 | CC21: 0 | CD21: 0 | CE21: 0 | CF21: 0 | CG21: 0 | CI21: 0 | CJ21: 0 | CK21: 81270 | CL21: 81270 | CN21: 0 | CO21: 0 | CP21: 0 | CR21: 81270 | CS21: =R21-CR21 -> -5020 | CT21: =IF(R21=0,"n/a",CR21/(R21)) -> 1.0658361
A22: %,V438000 | B22: 438000 | C22: State ELPA Revenue | D22: 0 | E22: 0 | F22: 11826.86 | G22: 0 | H22: 11826.86 | J22: 0 | K22: 0 | L22: 0 | N22: 11826.86 | P22: 0 | Q22: 0 | R22: =-1*(P22+Q22) -> 0 | T22: 0 | U22: 0 | V22: 0 | W22: 0 | X22: 0 | Y22: 0 | Z22: 0 | AA22: 0 | AB22: 0 | AC22: 0 | AD22: 0 | AE22: 0 | AF22: 0 | AG22: 0 | AH22: 0 | AI22: 0 | AJ22: 0 | AK22: 0 | AL22: 0 | AM22: 0 | AN22: 0 | AO22: 0 | AP22: 0 | AQ22: 0 | AR22: 0 | AS22: 0 | AT22: 0 | AU22: 0 | AV22: 0 | AW22: 0 | AX22: 0 | AY22: 0 | AZ22: 0 | BA22: 0 | BB22: 0 | BC22: 0 | BD22: 0 | BE22: 0 | BF22: 0 | BG22: 0 | BH22: 0 | BI22: 0 | BJ22: 0 | BK22: 0 | BL22: 0 | BM22: 0 | BN22: 0 | BO22: 0 | BP22: 0 | BQ22: 0 | BR22: 0 | BS22: 0 | BT22: 0 | BU22: 0 | BV22: 0 | BW22: 0 | BX22: 0 | BY22: 0 | BZ22: 0 | CA22: 0 | CB22: 0 | CC22: 0 | CD22: 0 | CE22: 0 | CF22: 0 | CG22: 0 | CI22: 0 | CJ22: 0 | CK22: 0 | CL22: 0 | CN22: 0 | CO22: 0 | CP22: 0 | CR22: 0 | CS22: =R22-CR22 -> 0 | CT22: =IF(R22=0,"n/a",CR22/(R22)) -> n/a
A23: %,V450000 | B23: 450000 | C23: Funding PPR | D23: 0 | E23: 0 | F23: 5159406.1 | G23: 0 | H23: 5159406.1 | J23: 0 | K23: 465569.95 | L23: 465569.95 | N23: 5159406.1 | P23: -5553551 | Q23: 0 | R23: =-1*(P23+Q23) -> 5553551 | T23: 0 | U23: 0 | V23: 0 | W23: 0 | X23: 0 | Y23: 0 | Z23: 0 | AA23: 0 | AB23: 0 | AC23: 0 | AD23: 0 | AE23: 0 | AF23: 0 | AG23: 0 | AH23: 0 | AI23: 0 | AJ23: 0 | AK23: 0 | AL23: 0 | AM23: 0 | AN23: 0 | AO23: 0 | AP23: 0 | AQ23: 0 | AR23: 0 | AS23: 0 | AT23: 0 | AU23: 0 | AV23: 0 | AW23: 0 | AX23: 0 | AY23: 0 | AZ23: 0 | BA23: 0 | BB23: 0 | BC23: 0 | BD23: 0 | BE23: 0 | BF23: 0 | BG23: 0 | BH23: 0 | BI23: 0 | BJ23: 0 | BK23: 0 | BL23: 0 | BM23: 0 | BN23: 0 | BO23: 0 | BP23: 0 | BQ23: 0 | BR23: 0 | BS23: 0 | BT23: 0 | BU23: 0 | BV23: 0 | BW23: 0 | BX23: 0 | BY23: 0 | BZ23: 0 | CA23: 0 | CB23: 0 | CC23: 0 | CD23: 0 | CE23: 0 | CF23: 0 | CG23: 0 | CI23: 0 | CJ23: 0 | CK23: 2777334.8 | CL23: 2777334.8 | CN23: 0 | CO23: 230294.59 | CP23: 0 | CR23: 2777334.8 | CS23: =R23-CR23 -> 2776216.2 | CT23: =IF(R23=0,"n/a",CR23/(R23)) -> 0.50010072
B24: 450000 | C24: Transfers Bond | N24: 465569.95 | R24: 467155.04 | CG24: 0 | CL24: 0 | CP24: 230294.59 | CR24: 230294.59 | CS24: =R24-CR24 -> 236860.45 | CT24: =IF(R24=0,"n/a",CR24/(R24)) -> 0.4929725
A25: %,V451000 | B25: 451000 | C25: Fees/Dues | D25: 0 | E25: 0 | F25: 70746.78 | G25: 0 | H25: 70746.78 | J25: 0 | K25: 0 | L25: 0 | N25: 70746.78 | P25: -65000 | Q25: 0 | R25: =-1*(P25+Q25) -> 65000 | T25: 0 | U25: 0 | V25: 0 | W25: 0 | X25: 0 | Y25: 0 | Z25: 0 | AA25: 0 | AB25: 0 | AC25: 0 | AD25: 0 | AE25: 0 | AF25: 0 | AG25: 0 | AH25: 0 | AI25: 0 | AJ25: 0 | AK25: 0 | AL25: 0 | AM25: 0 | AN25: 0 | AO25: 0 | AP25: 0 | AQ25: 0 | AR25: 0 | AS25: 0 | AT25: 0 | AU25: 0 | AV25: 0 | AW25: 0 | AX25: 0 | AY25: 0 | AZ25: 0 | BA25: 0 | BB25: 0 | BC25: 0 | BD25: 0 | BE25: 0 | BF25: 0 | BG25: 0 | BH25: 0 | BI25: 0 | BJ25: 0 | BK25: 0 | BL25: 0 | BM25: 0 | BN25: 0 | BO25: 0 | BP25: 0 | BQ25: 0 | BR25: 0 | BS25: 0 | BT25: 0 | BU25: 0 | BV25: 0 | BW25: 0 | BX25: 0 | BY25: 0 | BZ25: 0 | CA25: 0 | CB25: 0 | CC25: 0 | CD25: 0 | CE25: 0 | CF25: 0 | CG25: 0 | CI25: 0 | CJ25: 0 | CK25: 48549.37 | CL25: 48549.37 | CN25: 0 | CO25: 0 | CP25: 0 | CR25: 48549.37 | CS25: =R25-CR25 -> 16450.63 | CT25: =IF(R25=0,"n/a",CR25/(R25)) -> 0.74691338
A26: %,V455000 | B26: 455000 | C26: Tuition from Individuals | D26: 0 | E26: 120941.9 | F26: 0 | G26: 0 | H26: 120941.9 | J26: 0 | K26: 0 | L26: 0 | N26: 120941.9 | P26: -155000 | Q26: 0 | R26: =-1*(P26+Q26) -> 155000 | T26: 0 | U26: 0 | V26: 0 | W26: 0 | X26: 0 | Y26: 0 | Z26: 0 | AA26: 0 | AB26: 0 | AC26: 0 | AD26: 0 | AE26: 0 | AF26: 0 | AG26: 0 | AH26: 0 | AI26: 0 | AJ26: 0 | AK26: 0 | AL26: 0 | AM26: 0 | AN26: 0 | AO26: 0 | AP26: 0 | AQ26: 0 | AR26: 0 | AS26: 0 | AT26: 0 | AU26: 0 | AV26: 0 | AW26: 0 | AX26: 0 | AY26: 0 | AZ26: 0 | BA26: 0 | BB26: 0 | BC26: 0 | BD26: 0 | BE26: 0 | BF26: 0 | BG26: 0 | BH26: 0 | BI26: 0 | BJ26: 0 | BK26: 0 | BL26: 0 | BM26: 0 | BN26: 0 | BO26: 0 | BP26: 0 | BQ26: 0 | BR26: 0 | BS26: 0 | BT26: 0 | BU26: 0 | BV26: 0 | BW26: 0 | BX26: 0 | BY26: 0 | BZ26: 0 | CA26: 0 | CB26: 0 | CC26: 0 | CD26: 0 | CE26: 0 | CF26: 0 | CG26: 0 | CI26: 0 | CJ26: 69133.8 | CK26: 0 | CL26: 69133.8 | CN26: 0 | CO26: 0 | CP26: 0 | CR26: 69133.8 | CS26: =R26-CR26 -> 85866.2 | CT26: =IF(R26=0,"n/a",CR26/(R26)) -> 0.44602452
A27: %,V456000 | B27: 456000 | C27: Tuition-Extended Day Kdgn | D27: 0 | E27: 0 | F27: 123461 | G27: 0 | H27: 123461 | J27: 0 | K27: 0 | L27: 0 | N27: 123461 | P27: -124000 | Q27: 0 | R27: =-1*(P27+Q27) -> 124000 | T27: 0 | U27: 0 | V27: 0 | W27: 0 | X27: 0 | Y27: 0 | Z27: 0 | AA27: 0 | AB27: 0 | AC27: 0 | AD27: 0 | AE27: 0 | AF27: 0 | AG27: 0 | AH27: 0 | AI27: 0 | AJ27: 0 | AK27: 0 | AL27: 0 | AM27: 0 | AN27: 0 | AO27: 0 | AP27: 0 | AQ27: 0 | AR27: 0 | AS27: 0 | AT27: 0 | AU27: 0 | AV27: 0 | AW27: 0 | AX27: 0 | AY27: 0 | AZ27: 0 | BA27: 0 | BB27: 0 | BC27: 0 | BD27: 0 | BE27: 0 | BF27: 0 | BG27: 0 | BH27: 0 | BI27: 0 | BJ27: 0 | BK27: 0 | BL27: 0 | BM27: 0 | BN27: 0 | BO27: 0 | BP27: 0 | BQ27: 0 | BR27: 0 | BS27: 0 | BT27: 0 | BU27: 0 | BV27: 0 | BW27: 0 | BX27: 0 | BY27: 0 | BZ27: 0 | CA27: 0 | CB27: 0 | CC27: 0 | CD27: 0 | CE27: 0 | CF27: 0 | CG27: 0 | CI27: 0 | CJ27: 0 | CK27: 73610 | CL27: 73610 | CN27: 0 | CO27: 0 | CP27: 0 | CR27: 73610 | CS27: =R27-CR27 -> 50390 | CT27: =IF(R27=0,"n/a",CR27/(R27)) -> 0.59362903
A28: %,V461000 | B28: 461000 | C28: Building Rental | D28: 0 | E28: 0 | F28: 13583.43 | G28: 0 | H28: 13583.43 | J28: 0 | K28: 0 | L28: 0 | N28: 13583.43 | P28: -18000 | Q28: 0 | R28: =-1*(P28+Q28) -> 18000 | T28: 0 | U28: 0 | V28: 0 | W28: 0 | X28: 0 | Y28: 0 | Z28: 0 | AA28: 0 | AB28: 0 | AC28: 0 | AD28: 0 | AE28: 0 | AF28: 0 | AG28: 0 | AH28: 0 | AI28: 0 | AJ28: 0 | AK28: 0 | AL28: 0 | AM28: 0 | AN28: 0 | AO28: 0 | AP28: 0 | AQ28: 0 | AR28: 0 | AS28: 0 | AT28: 0 | AU28: 0 | AV28: 0 | AW28: 0 | AX28: 0 | AY28: 0 | AZ28: 0 | BA28: 0 | BB28: 0 | BC28: 0 | BD28: 0 | BE28: 0 | BF28: 0 | BG28: 0 | BH28: 0 | BI28: 0 | BJ28: 0 | BK28: 0 | BL28: 0 | BM28: 0 | BN28: 0 | BO28: 0 | BP28: 0 | BQ28: 0 | BR28: 0 | BS28: 0 | BT28: 0 | BU28: 0 | BV28: 0 | BW28: 0 | BX28: 0 | BY28: 0 | BZ28: 0 | CA28: 0 | CB28: 0 | CC28: 0 | CD28: 0 | CE28: 0 | CF28: 0 | CG28: 0 | CI28: 0 | CJ28: 0 | CK28: 4830 | CL28: 4830 | CN28: 0 | CO28: 0 | CP28: 0 | CR28: 4830 | CS28: =R28-CR28 -> 13170 | CT28: =IF(R28=0,"n/a",CR28/(R28)) -> 0.26833333
A29: %,V474000 | B29: 474000 | C29: Transportation - Field Trips | D29: 47714.15 | E29: 407.85 | F29: 0 | G29: 0 | H29: 48122 | J29: 0 | K29: 0 | L29: 0 | N29: 48122 | P29: -43550 | Q29: 0 | R29: =-1*(P29+Q29) -> 43550 | T29: 0 | U29: 0 | V29: 0 | W29: 0 | X29: 0 | Y29: 0 | Z29: 0 | AA29: 0 | AB29: 0 | AC29: 0 | AD29: 0 | AE29: 0 | AF29: 0 | AG29: 0 | AH29: 0 | AI29: 0 | AJ29: 0 | AK29: 0 | AL29: 0 | AM29: 0 | AN29: 0 | AO29: 0 | AP29: 0 | AQ29: 0 | AR29: 0 | AS29: 0 | AT29: 0 | AU29: 0 | AV29: 0 | AW29: 0 | AX29: 0 | AY29: 0 | AZ29: 0 | BA29: 0 | BB29: 0 | BC29: 0 | BD29: 0 | BE29: 0 | BF29: 0 | BG29: 0 | BH29: 0 | BI29: 0 | BJ29: 0 | BK29: 0 | BL29: 0 | BM29: 0 | BN29: 0 | BO29: 0 | BP29: 0 | BQ29: 0 | BR29: 0 | BS29: 0 | BT29: 0 | BU29: 0 | BV29: 0 | BW29: 0 | BX29: 0 | BY29: 0 | BZ29: 0 | CA29: 0 | CB29: 0 | CC29: 0 | CD29: 0 | CE29: 0 | CF29: 0 | CG29: 0 | CI29: 30353 | CJ29: 0 | CK29: 0 | CL29: 30353 | CN29: 0 | CO29: 0 | CP29: 0 | CR29: 30353 | CS29: =R29-CR29 -> 13197 | CT29: =IF(R29=0,"n/a",CR29/(R29)) -> 0.696969
A30: %,V482000 | B30: 482000 | C30: Activity Revenue | D30: 25411 | E30: 0 | F30: 0 | G30: 0 | H30: 25411 | J30: 0 | K30: 0 | L30: 0 | N30: 25411 | P30: -23000 | Q30: 0 | R30: =-1*(P30+Q30) -> 23000 | T30: 0 | U30: 0 | V30: 0 | W30: 0 | X30: 0 | Y30: 0 | Z30: 0 | AA30: 0 | AB30: 0 | AC30: 0 | AD30: 0 | AE30: 0 | AF30: 0 | AG30: 0 | AH30: 0 | AI30: 0 | AJ30: 0 | AK30: 0 | AL30: 0 | AM30: 0 | AN30: 0 | AO30: 0 | AP30: 0 | AQ30: 0 | AR30: 0 | AS30: 0 | AT30: 0 | AU30: 0 | AV30: 0 | AW30: 0 | AX30: 0 | AY30: 0 | AZ30: 0 | BA30: 0 | BB30: 0 | BC30: 0 | BD30: 0 | BE30: 0 | BF30: 0 | BG30: 0 | BH30: 0 | BI30: 0 | BJ30: 0 | BK30: 0 | BL30: 0 | BM30: 0 | BN30: 0 | BO30: 0 | BP30: 0 | BQ30: 0 | BR30: 0 | BS30: 0 | BT30: 0 | BU30: 0 | BV30: 0 | BW30: 0 | BX30: 0 | BY30: 0 | BZ30: 0 | CA30: 0 | CB30: 0 | CC30: 0 | CD30: 0 | CE30: 0 | CF30: 0 | CG30: 0 | CI30: 5253.25 | CJ30: 0 | CK30: 0 | CL30: 5253.25 | CN30: 0 | CO30: 0 | CP30: 0 | CR30: 5253.25 | CS30: =R30-CR30 -> 17746.75 | CT30: =IF(R30=0,"n/a",CR30/(R30)) -> 0.22840217
A31: %,V498000 | B31: 498000 | C31: Donations | D31: 0 | E31: 0 | F31: 1988.19 | G31: 0 | H31: 1988.19 | J31: 0 | K31: 0 | L31: 0 | N31: 1988.19 | P31: -5000 | Q31: 0 | R31: =-1*(P31+Q31) -> 5000 | T31: 0 | U31: 0 | V31: 0 | W31: 0 | X31: 0 | Y31: 0 | Z31: 0 | AA31: 0 | AB31: 0 | AC31: 0 | AD31: 0 | AE31: 0 | AF31: 0 | AG31: 0 | AH31: 0 | AI31: 0 | AJ31: 0 | AK31: 0 | AL31: 0 | AM31: 0 | AN31: 0 | AO31: 0 | AP31: 0 | AQ31: 0 | AR31: 0 | AS31: 0 | AT31: 0 | AU31: 0 | AV31: 0 | AW31: 0 | AX31: 0 | AY31: 0 | AZ31: 0 | BA31: 0 | BB31: 0 | BC31: 0 | BD31: 0 | BE31: 0 | BF31: 0 | BG31: 0 | BH31: 0 | BI31: 0 | BJ31: 0 | BK31: 0 | BL31: 0 | BM31: 0 | BN31: 0 | BO31: 0 | BP31: 0 | BQ31: 0 | BR31: 0 | BS31: 0 | BT31: 0 | BU31: 0 | BV31: 0 | BW31: 0 | BX31: 0 | BY31: 0 | BZ31: 0 | CA31: 0 | CB31: 0 | CC31: 0 | CD31: 0 | CE31: 0 | CF31: 0 | CG31: 0 | CI31: 0 | CJ31: 0 | CK31: 1199 | CL31: 1199 | CN31: 0 | CO31: 0 | CP31: 0 | CR31: 1199 | CS31: =R31-CR31 -> 3801 | CT31: =IF(R31=0,"n/a",CR31/(R31)) -> 0.2398
A32: %,V499000 | B32: 499000 | C32: Miscellaneous Revenue | D32: 0 | E32: 0 | F32: 0 | G32: 0 | H32: 0 | J32: 0 | K32: 0 | L32: 0 | N32: 0 | P32: -600 | Q32: 0 | R32: =-1*(P32+Q32) -> 600 | T32: 0 | U32: 0 | V32: 0 | W32: 0 | X32: 0 | Y32: 0 | Z32: 0 | AA32: 0 | AB32: 0 | AC32: 0 | AD32: 0 | AE32: 0 | AF32: 0 | AG32: 0 | AH32: 0 | AI32: 0 | AJ32: 0 | AK32: 0 | AL32: 0 | AM32: 0 | AN32: 0 | AO32: 0 | AP32: 0 | AQ32: 0 | AR32: 0 | AS32: 0 | AT32: 0 | AU32: 0 | AV32: 0 | AW32: 0 | AX32: 0 | AY32: 0 | AZ32: 0 | BA32: 0 | BB32: 0 | BC32: 0 | BD32: 0 | BE32: 0 | BF32: 0 | BG32: 0 | BH32: 0 | BI32: 0 | BJ32: 0 | BK32: 0 | BL32: 0 | BM32: 0 | BN32: 0 | BO32: 0 | BP32: 0 | BQ32: 0 | BR32: 0 | BS32: 0 | BT32: 0 | BU32: 0 | BV32: 0 | BW32: 0 | BX32: 0 | BY32: 0 | BZ32: 0 | CA32: 0 | CB32: 0 | CC32: 0 | CD32: 0 | CE32: 0 | CF32: 0 | CG32: 0 | CI32: 0 | CJ32: 0 | CK32: 4 | CL32: 4 | CN32: 0 | CO32: 0 | CP32: 0 | CR32: 4 | CS32: =R32-CR32 -> 596 | CT32: =IF(R32=0,"n/a",CR32/(R32)) -> 0.0066666667
A33: %,V950500 | B33: 950500 | C33: State Intercept Bond Transfer | D33: 0 | E33: 0 | F33: -283531.87 | G33: 0 | H33: -283531.87 | J33: -182038.08 | K33: 0 | L33: -182038.08 | N33: -465569.95 | P33: 0 | Q33: 0 | R33: -467155.04 | T33: 0 | U33: 0 | V33: 0 | W33: 0 | X33: 0 | Y33: 0 | Z33: 0 | AA33: 0 | AB33: 0 | AC33: 0 | AD33: 0 | AE33: 0 | AF33: 0 | AG33: 0 | AH33: 0 | AI33: 0 | AJ33: 0 | AK33: 0 | AL33: 0 | AM33: 0 | AN33: 0 | AO33: 0 | AP33: 0 | AQ33: 0 | AR33: 0 | AS33: 0 | AT33: 0 | AU33: 0 | AV33: 0 | AW33: 0 | AX33: 0 | AY33: 0 | AZ33: 0 | BA33: 0 | BB33: 0 | BC33: 0 | BD33: 0 | BE33: 0 | BF33: 0 | BG33: 0 | BH33: 0 | BI33: 0 | BJ33: 0 | BK33: 0 | BL33: 0 | BM33: 0 | BN33: 0 | BO33: 0 | BP33: 0 | BQ33: 0 | BR33: 0 | BS33: 0 | BT33: 0 | BU33: 0 | BV33: 0 | BW33: 0 | BX33: 0 | BY33: 0 | BZ33: 0 | CA33: 0 | CB33: 0 | CC33: 0 | CD33: 0 | CE33: 0 | CF33: 0 | CG33: 0 | CI33: 0 | CJ33: 0 | CK33: -129187.81 | CL33: -129187.81 | CN33: -101106.78 | CO33: 0 | CP33: -101106.78 | CR33: -230294.59 | CS33: =R33-CR33 -> -236860.45 | CT33: =IF(R33=0,"n/a",CR33/(R33)) -> 0.4929725
A34: %,R,FACCOUNT,TACCOUNT_ROLLUP,X,NREVENUE | C34: Revenues | D34: 103937.4 | E34: 121549.75 | F34: 6187233.7 | G34: 300 | H34: 6413020.8 | J34: 0 | K34: 471487.35 | L34: 471487.35 | N34: 6884508.2 | P34: -7329794 | Q34: 0 | R34: =-1*(P34+Q34) -> 7329794 | T34: 0 | U34: 0 | V34: 0 | W34: 0 | X34: 0 | Y34: 0 | Z34: 0 | AA34: 0 | AB34: 0 | AC34: 0 | AD34: 0 | AE34: 0 | AF34: 0 | AG34: 0 | AH34: 0 | AI34: 0 | AJ34: 0 | AK34: 0 | AL34: 0 | AM34: 0 | AN34: 0 | AO34: 0 | AP34: 0 | AQ34: 0 | AR34: 0 | AS34: 0 | AT34: 0 | AU34: 0 | AV34: 0 | AW34: 0 | AX34: 0 | AY34: 0 | AZ34: 0 | BA34: 0 | BB34: 0 | BC34: 0 | BD34: 0 | BE34: 0 | BF34: 0 | BG34: 0 | BH34: 0 | BI34: 0 | BJ34: 0 | BK34: 0 | BL34: 0 | BM34: 0 | BN34: 0 | BO34: 0 | BP34: 0 | BQ34: 0 | BR34: 0 | BS34: 0 | BT34: 0 | BU34: 0 | BV34: 0 | BW34: 0 | BX34: 0 | BY34: 0 | BZ34: 0 | CA34: 0 | CB34: 0 | CC34: 0 | CD34: 0 | CE34: 0 | CF34: 0 | CG34: 0 | CI34: 45671.69 | CJ34: 69133.8 | CK34: 3351266.1 | CL34: 3466071.6 | CN34: -33702.26 | CO34: 233216.78 | CP34: 199514.52 | CR34: 3665586.1 | CS34: =R34-CR34 -> 3664207.9 | CT34: =IF(R34=0,"n/a",CR34/(R34)) -> 0.50009402
A36: %,C | C36: Available | D36: =D11+D34 -> 103937.4 | E36: =E11+E34 -> 121549.75 | F36: =F11+F34 -> 6187233.7 | G36: =G11+G34 -> 300 | H36: =H11+H34 -> 9058424.5 | J36: =J11+J34 -> 0 | K36: =K11+K34 -> 471487.35 | L36: =L11+L34 -> 471487.35 | N36: =N11+N34 -> 9529911.9 | R36: =R11+R34 -> 7329794 | CI36: =CI11+CI34 -> 108329.18 | CJ36: =CJ11+CJ34 -> 174664.31 | CK36: =CK11+CK34 -> 5281544.3 | CL36: =CL11+CL34 -> 5564537.8 | CN36: =CN11+CN34 -> -33702.26 | CO36: =CO11+CO34 -> 1021781.2 | CP36: =CP11+CP34 -> 988078.97 | CR36: =CR11+CR34 -> 6552616.8 | CS36: =CS11+CS34 -> 3664207.9 | CT36: =IF(R36=0,"n/a",CR36/(R36)) -> 0.89397011
A38: %,V512100 | B38: 512100 | C38: Principal | D38: 0 | E38: 0 | F38: 113537.25 | G38: 0 | H38: 113537.25 | J38: 0 | K38: 0 | L38: 0 | N38: 0 | P38: 0 | Q38: 0 | T38: 112200 | U38: 0 | V38: 0 | W38: 0 | X38: 0 | Y38: 0 | Z38: 0 | AA38: 0 | AB38: 0 | AC38: 0 | AD38: 0 | AE38: 0 | AF38: 0 | AG38: 0 | AH38: 0 | AI38: 0 | AJ38: 0 | AK38: 0 | AL38: 0 | AM38: 0 | AN38: 0 | AO38: 0 | AP38: 0 | AQ38: 0 | AR38: 0 | AS38: 0 | AT38: 0 | AU38: 0 | AV38: 0 | AW38: 0 | AX38: 0 | AY38: 0 | AZ38: 0 | BA38: 0 | BB38: 0 | BC38: 0 | BD38: 0 | BE38: 0 | BF38: 0 | BG38: 0 | BH38: 0 | BI38: 0 | BJ38: 0 | BK38: 0 | BL38: 0 | BM38: 0 | BN38: 0 | BO38: 0 | BP38: 0 | BQ38: 0 | BR38: 0 | BS38: 0 | BT38: 0 | BU38: 0 | BV38: 0 | BW38: 0 | BX38: 0 | BY38: 0 | BZ38: 0 | CA38: 0 | CB38: 0 | CC38: 0 | CD38: 0 | CE38: 0 | CF38: 0 | CG38: 0 | CI38: 0 | CJ38: 0 | CK38: 37216.67 | CL38: 0 | CN38: 0 | CO38: 0 | CP38: 0 | CR38: 0 | CS38: =CG38-CR38 -> 0 | CT38: =IF(CG38=0,"n/a",CR38/(CG38)) -> n/a
A39: %,V513100 | B39: 513100 | C39: Assistant Principal | D39: 0 | E39: 0 | F39: 163422.01 | G39: 0 | H39: 163422.01 | J39: 0 | K39: 0 | L39: 0 | N39: 0 | P39: 0 | Q39: 0 | T39: 0 | U39: 159000 | V39: 0 | W39: 0 | X39: 0 | Y39: 0 | Z39: 0 | AA39: 0 | AB39: 0 | AC39: 0 | AD39: 0 | AE39: 0 | AF39: 0 | AG39: 0 | AH39: 0 | AI39: 0 | AJ39: 0 | AK39: 0 | AL39: 0 | AM39: 0 | AN39: 0 | AO39: 0 | AP39: 0 | AQ39: 0 | AR39: 0 | AS39: 0 | AT39: 0 | AU39: 0 | AV39: 0 | AW39: 0 | AX39: 0 | AY39: 0 | AZ39: 0 | BA39: 0 | BB39: 0 | BC39: 0 | BD39: 0 | BE39: 0 | BF39: 0 | BG39: 0 | BH39: 0 | BI39: 0 | BJ39: 0 | BK39: 0 | BL39: 0 | BM39: 0 | BN39: 0 | BO39: 0 | BP39: 0 | BQ39: 0 | BR39: 0 | BS39: 0 | BT39: 0 | BU39: 0 | BV39: 0 | BW39: 0 | BX39: 0 | BY39: 0 | BZ39: 0 | CA39: 0 | CB39: 0 | CC39: 0 | CD39: 0 | CE39: 0 | CF39: 0 | CG39: 0 | CI39: 0 | CJ39: 0 | CK39: 52569.67 | CL39: 0 | CN39: 0 | CO39: 0 | CP39: 0 | CR39: 0 | CS39: =CG39-CR39 -> 0 | CT39: =IF(CG39=0,"n/a",CR39/(CG39)) -> n/a
B40: 512100-513400 | C40: Admistration | N40: 276959.26 | CG40: 271200 | CL40: 89786.34 | CP40: 0 | CR40: 89786.34 | CS40: =CG40-CR40 -> 181413.66 | CT40: =IF(CG40=0,"n/a",CR40/(CG40)) -> 0.33107058
A41: %,V521100 | B41: 521100 | C41: Teacher | D41: 6666.64 | E41: 42956.25 | F41: 1985260.7 | G41: 0 | H41: 2034883.6 | J41: 0 | K41: 0 | L41: 0 | N41: 2034883.6 | P41: 0 | Q41: 0 | T41: 0 | U41: 0 | V41: 2070346 | W41: 0 | X41: 0 | Y41: 0 | Z41: 0 | AA41: 0 | AB41: 0 | AC41: 0 | AD41: 0 | AE41: 0 | AF41: 0 | AG41: 0 | AH41: 0 | AI41: 0 | AJ41: 0 | AK41: 0 | AL41: 0 | AM41: 0 | AN41: 0 | AO41: 0 | AP41: 0 | AQ41: 0 | AR41: 0 | AS41: 0 | AT41: 0 | AU41: 0 | AV41: 0 | AW41: 0 | AX41: 0 | AY41: 0 | AZ41: 0 | BA41: 0 | BB41: 0 | BC41: 0 | BD41: 0 | BE41: 0 | BF41: 0 | BG41: 0 | BH41: 0 | BI41: 0 | BJ41: 0 | BK41: 0 | BL41: 0 | BM41: 0 | BN41: 0 | BO41: 0 | BP41: 0 | BQ41: 0 | BR41: 0 | BS41: 0 | BT41: 0 | BU41: 0 | BV41: 0 | BW41: 0 | BX41: 0 | BY41: 0 | BZ41: 0 | CA41: 0 | CB41: 0 | CC41: 0 | CD41: 0 | CE41: 0 | CF41: 0 | CG41: 2070346 | CI41: 2499.99 | CJ41: 16391.58 | CK41: 653768.9 | CL41: 672660.47 | CN41: 0 | CO41: 0 | CP41: 0 | CR41: 672660.47 | CS41: =CG41-CR41 -> 1397685.5 | CT41: =IF(CG41=0,"n/a",CR41/(CG41)) -> 0.32490244
A42: %,V521900 | B42: 521900 | C42: Substitute Teacher | D42: 1850 | E42: 3765.61 | F42: 44292.5 | G42: 0 | H42: 49908.11 | J42: 0 | K42: 0 | L42: 0 | N42: 49908.11 | P42: 0 | Q42: 0 | T42: 0 | U42: 0 | V42: 0 | W42: 35000 | X42: 0 | Y42: 0 | Z42: 0 | AA42: 0 | AB42: 0 | AC42: 0 | AD42: 0 | AE42: 0 | AF42: 0 | AG42: 0 | AH42: 0 | AI42: 0 | AJ42: 0 | AK42: 0 | AL42: 0 | AM42: 0 | AN42: 0 | AO42: 0 | AP42: 0 | AQ42: 0 | AR42: 0 | AS42: 0 | AT42: 0 | AU42: 0 | AV42: 0 | AW42: 0 | AX42: 0 | AY42: 0 | AZ42: 0 | BA42: 0 | BB42: 0 | BC42: 0 | BD42: 0 | BE42: 0 | BF42: 0 | BG42: 0 | BH42: 0 | BI42: 0 | BJ42: 0 | BK42: 0 | BL42: 0 | BM42: 0 | BN42: 0 | BO42: 0 | BP42: 0 | BQ42: 0 | BR42: 0 | BS42: 0 | BT42: 0 | BU42: 0 | BV42: 0 | BW42: 0 | BX42: 0 | BY42: 0 | BZ42: 0 | CA42: 0 | CB42: 0 | CC42: 0 | CD42: 0 | CE42: 0 | CF42: 0 | CG42: 35000 | CI42: 1800 | CJ42: 0 | CK42: 5000 | CL42: 6800 | CN42: 0 | CO42: 0 | CP42: 0 | CR42: 6800 | CS42: =CG42-CR42 -> 28200 | CT42: =IF(CG42=0,"n/a",CR42/(CG42)) -> 0.19428571
A43: %,V522100 | B43: 522100 | C43: Counselor | D43: 0 | E43: 0 | F43: 0 | G43: 0 | H43: 0 | J43: 0 | K43: 0 | L43: 0 | N43: 0 | P43: 0 | Q43: 0 | T43: 0 | U43: 0 | V43: 0 | W43: 0 | X43: 24000 | Y43: 0 | Z43: 0 | AA43: 0 | AB43: 0 | AC43: 0 | AD43: 0 | AE43: 0 | AF43: 0 | AG43: 0 | AH43: 0 | AI43: 0 | AJ43: 0 | AK43: 0 | AL43: 0 | AM43: 0 | AN43: 0 | AO43: 0 | AP43: 0 | AQ43: 0 | AR43: 0 | AS43: 0 | AT43: 0 | AU43: 0 | AV43: 0 | AW43: 0 | AX43: 0 | AY43: 0 | AZ43: 0 | BA43: 0 | BB43: 0 | BC43: 0 | BD43: 0 | BE43: 0 | BF43: 0 | BG43: 0 | BH43: 0 | BI43: 0 | BJ43: 0 | BK43: 0 | BL43: 0 | BM43: 0 | BN43: 0 | BO43: 0 | BP43: 0 | BQ43: 0 | BR43: 0 | BS43: 0 | BT43: 0 | BU43: 0 | BV43: 0 | BW43: 0 | BX43: 0 | BY43: 0 | BZ43: 0 | CA43: 0 | CB43: 0 | CC43: 0 | CD43: 0 | CE43: 0 | CF43: 0 | CG43: 24000 | CI43: 0 | CJ43: 0 | CK43: 5849.34 | CL43: 5849.34 | CN43: 0 | CO43: 0 | CP43: 0 | CR43: 5849.34 | CS43: =CG43-CR43 -> 18150.66 | CT43: =IF(CG43=0,"n/a",CR43/(CG43)) -> 0.2437225
A44: %,V522200 | B44: 522200 | C44: Teacher Librarian | D44: 0 | E44: 0 | F44: 48372 | G44: 0 | H44: 48372 | J44: 0 | K44: 0 | L44: 0 | N44: 48372 | P44: 0 | Q44: 0 | T44: 0 | U44: 0 | V44: 0 | W44: 0 | X44: 0 | Y44: 50000 | Z44: 0 | AA44: 0 | AB44: 0 | AC44: 0 | AD44: 0 | AE44: 0 | AF44: 0 | AG44: 0 | AH44: 0 | AI44: 0 | AJ44: 0 | AK44: 0 | AL44: 0 | AM44: 0 | AN44: 0 | AO44: 0 | AP44: 0 | AQ44: 0 | AR44: 0 | AS44: 0 | AT44: 0 | AU44: 0 | AV44: 0 | AW44: 0 | AX44: 0 | AY44: 0 | AZ44: 0 | BA44: 0 | BB44: 0 | BC44: 0 | BD44: 0 | BE44: 0 | BF44: 0 | BG44: 0 | BH44: 0 | BI44: 0 | BJ44: 0 | BK44: 0 | BL44: 0 | BM44: 0 | BN44: 0 | BO44: 0 | BP44: 0 | BQ44: 0 | BR44: 0 | BS44: 0 | BT44: 0 | BU44: 0 | BV44: 0 | BW44: 0 | BX44: 0 | BY44: 0 | BZ44: 0 | CA44: 0 | CB44: 0 | CC44: 0 | CD44: 0 | CE44: 0 | CF44: 0 | CG44: 50000 | CI44: 0 | CJ44: 0 | CK44: 15905.97 | CL44: 15905.97 | CN44: 0 | CO44: 0 | CP44: 0 | CR44: 15905.97 | CS44: =CG44-CR44 -> 34094.03 | CT44: =IF(CG44=0,"n/a",CR44/(CG44)) -> 0.3181194
A45: %,V524200 | B45: 524200 | C45: Coordinator - Classified | D45: 0 | E45: 0 | F45: 47059.75 | G45: 0 | H45: 47059.75 | J45: 0 | K45: 0 | L45: 0 | N45: 47059.75 | P45: 0 | Q45: 0 | T45: 0 | U45: 0 | V45: 0 | W45: 0 | X45: 0 | Y45: 0 | Z45: 47147 | AA45: 0 | AB45: 0 | AC45: 0 | AD45: 0 | AE45: 0 | AF45: 0 | AG45: 0 | AH45: 0 | AI45: 0 | AJ45: 0 | AK45: 0 | AL45: 0 | AM45: 0 | AN45: 0 | AO45: 0 | AP45: 0 | AQ45: 0 | AR45: 0 | AS45: 0 | AT45: 0 | AU45: 0 | AV45: 0 | AW45: 0 | AX45: 0 | AY45: 0 | AZ45: 0 | BA45: 0 | BB45: 0 | BC45: 0 | BD45: 0 | BE45: 0 | BF45: 0 | BG45: 0 | BH45: 0 | BI45: 0 | BJ45: 0 | BK45: 0 | BL45: 0 | BM45: 0 | BN45: 0 | BO45: 0 | BP45: 0 | BQ45: 0 | BR45: 0 | BS45: 0 | BT45: 0 | BU45: 0 | BV45: 0 | BW45: 0 | BX45: 0 | BY45: 0 | BZ45: 0 | CA45: 0 | CB45: 0 | CC45: 0 | CD45: 0 | CE45: 0 | CF45: 0 | CG45: 47147 | CI45: 0 | CJ45: 0 | CK45: 13316.8 | CL45: 13316.8 | CN45: 0 | CO45: 0 | CP45: 0 | CR45: 13316.8 | CS45: =CG45-CR45 -> 33830.2 | CT45: =IF(CG45=0,"n/a",CR45/(CG45)) -> 0.28245275
A46: %,V526200 | B46: 526200 | C46: Instructional Coach | D46: 0 | E46: 0 | F46: 68441.89 | G46: 0 | H46: 68441.89 | J46: 0 | K46: 0 | L46: 0 | N46: 68441.89 | P46: 0 | Q46: 0 | T46: 0 | U46: 0 | V46: 0 | W46: 0 | X46: 0 | Y46: 0 | Z46: 0 | AA46: 76460 | AB46: 0 | AC46: 0 | AD46: 0 | AE46: 0 | AF46: 0 | AG46: 0 | AH46: 0 | AI46: 0 | AJ46: 0 | AK46: 0 | AL46: 0 | AM46: 0 | AN46: 0 | AO46: 0 | AP46: 0 | AQ46: 0 | AR46: 0 | AS46: 0 | AT46: 0 | AU46: 0 | AV46: 0 | AW46: 0 | AX46: 0 | AY46: 0 | AZ46: 0 | BA46: 0 | BB46: 0 | BC46: 0 | BD46: 0 | BE46: 0 | BF46: 0 | BG46: 0 | BH46: 0 | BI46: 0 | BJ46: 0 | BK46: 0 | BL46: 0 | BM46: 0 | BN46: 0 | BO46: 0 | BP46: 0 | BQ46: 0 | BR46: 0 | BS46: 0 | BT46: 0 | BU46: 0 | BV46: 0 | BW46: 0 | BX46: 0 | BY46: 0 | BZ46: 0 | CA46: 0 | CB46: 0 | CC46: 0 | CD46: 0 | CE46: 0 | CF46: 0 | CG46: 76460 | CI46: 0 | CJ46: 0 | CK46: 24384.01 | CL46: 24384.01 | CN46: 0 | CO46: 0 | CP46: 0 | CR46: 24384.01 | CS46: =CG46-CR46 -> 52075.99 | CT46: =IF(CG46=0,"n/a",CR46/(CG46)) -> 0.31891198
A47: %,V529200 | B47: 529200 | C47: Occupational Therapist | D47: 0 | E47: 0 | F47: 34455.68 | G47: 0 | H47: 34455.68 | J47: 0 | K47: 0 | L47: 0 | N47: 34455.68 | P47: 0 | Q47: 0 | T47: 0 | U47: 0 | V47: 0 | W47: 0 | X47: 0 | Y47: 0 | Z47: 0 | AA47: 0 | AB47: 34793 | AC47: 0 | AD47: 0 | AE47: 0 | AF47: 0 | AG47: 0 | AH47: 0 | AI47: 0 | AJ47: 0 | AK47: 0 | AL47: 0 | AM47: 0 | AN47: 0 | AO47: 0 | AP47: 0 | AQ47: 0 | AR47: 0 | AS47: 0 | AT47: 0 | AU47: 0 | AV47: 0 | AW47: 0 | AX47: 0 | AY47: 0 | AZ47: 0 | BA47: 0 | BB47: 0 | BC47: 0 | BD47: 0 | BE47: 0 | BF47: 0 | BG47: 0 | BH47: 0 | BI47: 0 | BJ47: 0 | BK47: 0 | BL47: 0 | BM47: 0 | BN47: 0 | BO47: 0 | BP47: 0 | BQ47: 0 | BR47: 0 | BS47: 0 | BT47: 0 | BU47: 0 | BV47: 0 | BW47: 0 | BX47: 0 | BY47: 0 | BZ47: 0 | CA47: 0 | CB47: 0 | CC47: 0 | CD47: 0 | CE47: 0 | CF47: 0 | CG47: 34793 | CI47: 0 | CJ47: 0 | CK47: 7955.89 | CL47: 7955.89 | CN47: 0 | CO47: 0 | CP47: 0 | CR47: 7955.89 | CS47: =CG47-CR47 -> 26837.11 | CT47: =IF(CG47=0,"n/a",CR47/(CG47)) -> 0.22866352
A48: %,V529400 | B48: 529400 | C48: Nurse | D48: 0 | E48: 0 | F48: 29180.88 | G48: 0 | H48: 29180.88 | J48: 0 | K48: 0 | L48: 0 | N48: 29180.88 | P48: 0 | Q48: 0 | T48: 0 | U48: 0 | V48: 0 | W48: 0 | X48: 0 | Y48: 0 | Z48: 0 | AA48: 0 | AB48: 0 | AC48: 28434 | AD48: 0 | AE48: 0 | AF48: 0 | AG48: 0 | AH48: 0 | AI48: 0 | AJ48: 0 | AK48: 0 | AL48: 0 | AM48: 0 | AN48: 0 | AO48: 0 | AP48: 0 | AQ48: 0 | AR48: 0 | AS48: 0 | AT48: 0 | AU48: 0 | AV48: 0 | AW48: 0 | AX48: 0 | AY48: 0 | AZ48: 0 | BA48: 0 | BB48: 0 | BC48: 0 | BD48: 0 | BE48: 0 | BF48: 0 | BG48: 0 | BH48: 0 | BI48: 0 | BJ48: 0 | BK48: 0 | BL48: 0 | BM48: 0 | BN48: 0 | BO48: 0 | BP48: 0 | BQ48: 0 | BR48: 0 | BS48: 0 | BT48: 0 | BU48: 0 | BV48: 0 | BW48: 0 | BX48: 0 | BY48: 0 | BZ48: 0 | CA48: 0 | CB48: 0 | CC48: 0 | CD48: 0 | CE48: 0 | CF48: 0 | CG48: 28434 | CI48: 0 | CJ48: 0 | CK48: 9422.23 | CL48: 9422.23 | CN48: 0 | CO48: 0 | CP48: 0 | CR48: 9422.23 | CS48: =CG48-CR48 -> 19011.77 | CT48: =IF(CG48=0,"n/a",CR48/(CG48)) -> 0.33137195
A49: %,V529500 | B49: 529500 | C49: Psychologist | D49: 0 | E49: 0 | F49: 28582.84 | G49: 0 | H49: 28582.84 | J49: 0 | K49: 0 | L49: 0 | N49: 28582.84 | P49: 0 | Q49: 0 | T49: 0 | U49: 0 | V49: 0 | W49: 0 | X49: 0 | Y49: 0 | Z49: 0 | AA49: 0 | AB49: 0 | AC49: 0 | AD49: 31032 | AE49: 0 | AF49: 0 | AG49: 0 | AH49: 0 | AI49: 0 | AJ49: 0 | AK49: 0 | AL49: 0 | AM49: 0 | AN49: 0 | AO49: 0 | AP49: 0 | AQ49: 0 | AR49: 0 | AS49: 0 | AT49: 0 | AU49: 0 | AV49: 0 | AW49: 0 | AX49: 0 | AY49: 0 | AZ49: 0 | BA49: 0 | BB49: 0 | BC49: 0 | BD49: 0 | BE49: 0 | BF49: 0 | BG49: 0 | BH49: 0 | BI49: 0 | BJ49: 0 | BK49: 0 | BL49: 0 | BM49: 0 | BN49: 0 | BO49: 0 | BP49: 0 | BQ49: 0 | BR49: 0 | BS49: 0 | BT49: 0 | BU49: 0 | BV49: 0 | BW49: 0 | BX49: 0 | BY49: 0 | BZ49: 0 | CA49: 0 | CB49: 0 | CC49: 0 | CD49: 0 | CE49: 0 | CF49: 0 | CG49: 31032 | CI49: 0 | CJ49: 0 | CK49: 5327.16 | CL49: 5327.16 | CN49: 0 | CO49: 0 | CP49: 0 | CR49: 5327.16 | CS49: =CG49-CR49 -> 25704.84 | CT49: =IF(CG49=0,"n/a",CR49/(CG49)) -> 0.17166667
A50: %,V529600 | B50: 529600 | C50: Social Worker | D50: 0 | E50: 0 | F50: 54455.25 | G50: 0 | H50: 54455.25 | J50: 0 | K50: 0 | L50: 0 | N50: 54455.25 | P50: 0 | Q50: 0 | T50: 0 | U50: 0 | V50: 0 | W50: 0 | X50: 0 | Y50: 0 | Z50: 0 | AA50: 0 | AB50: 0 | AC50: 0 | AD50: 0 | AE50: 52846 | AF50: 0 | AG50: 0 | AH50: 0 | AI50: 0 | AJ50: 0 | AK50: 0 | AL50: 0 | AM50: 0 | AN50: 0 | AO50: 0 | AP50: 0 | AQ50: 0 | AR50: 0 | AS50: 0 | AT50: 0 | AU50: 0 | AV50: 0 | AW50: 0 | AX50: 0 | AY50: 0 | AZ50: 0 | BA50: 0 | BB50: 0 | BC50: 0 | BD50: 0 | BE50: 0 | BF50: 0 | BG50: 0 | BH50: 0 | BI50: 0 | BJ50: 0 | BK50: 0 | BL50: 0 | BM50: 0 | BN50: 0 | BO50: 0 | BP50: 0 | BQ50: 0 | BR50: 0 | BS50: 0 | BT50: 0 | BU50: 0 | BV50: 0 | BW50: 0 | BX50: 0 | BY50: 0 | BZ50: 0 | CA50: 0 | CB50: 0 | CC50: 0 | CD50: 0 | CE50: 0 | CF50: 0 | CG50: 52846 | CI50: 0 | CJ50: 0 | CK50: 17454.7 | CL50: 17454.7 | CN50: 0 | CO50: 0 | CP50: 0 | CR50: 17454.7 | CS50: =CG50-CR50 -> 35391.3 | CT50: =IF(CG50=0,"n/a",CR50/(CG50)) -> 0.33029368
A51: %,V529800 | B51: 529800 | C51: Speech Therapist | D51: 0 | E51: 0 | F51: 58095.63 | G51: 0 | H51: 58095.63 | J51: 0 | K51: 0 | L51: 0 | N51: 58095.63 | P51: 0 | Q51: 0 | T51: 0 | U51: 0 | V51: 0 | W51: 0 | X51: 0 | Y51: 0 | Z51: 0 | AA51: 0 | AB51: 0 | AC51: 0 | AD51: 0 | AE51: 0 | AF51: 52886 | AG51: 0 | AH51: 0 | AI51: 0 | AJ51: 0 | AK51: 0 | AL51: 0 | AM51: 0 | AN51: 0 | AO51: 0 | AP51: 0 | AQ51: 0 | AR51: 0 | AS51: 0 | AT51: 0 | AU51: 0 | AV51: 0 | AW51: 0 | AX51: 0 | AY51: 0 | AZ51: 0 | BA51: 0 | BB51: 0 | BC51: 0 | BD51: 0 | BE51: 0 | BF51: 0 | BG51: 0 | BH51: 0 | BI51: 0 | BJ51: 0 | BK51: 0 | BL51: 0 | BM51: 0 | BN51: 0 | BO51: 0 | BP51: 0 | BQ51: 0 | BR51: 0 | BS51: 0 | BT51: 0 | BU51: 0 | BV51: 0 | BW51: 0 | BX51: 0 | BY51: 0 | BZ51: 0 | CA51: 0 | CB51: 0 | CC51: 0 | CD51: 0 | CE51: 0 | CF51: 0 | CG51: 52886 | CI51: 0 | CJ51: 0 | CK51: 11697.61 | CL51: 11697.61 | CN51: 0 | CO51: 0 | CP51: 0 | CR51: 11697.61 | CS51: =CG51-CR51 -> 41188.39 | CT51: =IF(CG51=0,"n/a",CR51/(CG51)) -> 0.22118538
A52: %,V552100 | B52: 552100 | C52: School Secretary | D52: 0 | E52: 0 | F52: 157105.77 | G52: 0 | H52: 157105.77 | J52: 0 | K52: 0 | L52: 0 | N52: 157105.77 | P52: 0 | Q52: 0 | T52: 0 | U52: 0 | V52: 0 | W52: 0 | X52: 0 | Y52: 0 | Z52: 0 | AA52: 0 | AB52: 0 | AC52: 0 | AD52: 0 | AE52: 0 | AF52: 0 | AG52: 143409 | AH52: 0 | AI52: 0 | AJ52: 0 | AK52: 0 | AL52: 0 | AM52: 0 | AN52: 0 | AO52: 0 | AP52: 0 | AQ52: 0 | AR52: 0 | AS52: 0 | AT52: 0 | AU52: 0 | AV52: 0 | AW52: 0 | AX52: 0 | AY52: 0 | AZ52: 0 | BA52: 0 | BB52: 0 | BC52: 0 | BD52: 0 | BE52: 0 | BF52: 0 | BG52: 0 | BH52: 0 | BI52: 0 | BJ52: 0 | BK52: 0 | BL52: 0 | BM52: 0 | BN52: 0 | BO52: 0 | BP52: 0 | BQ52: 0 | BR52: 0 | BS52: 0 | BT52: 0 | BU52: 0 | BV52: 0 | BW52: 0 | BX52: 0 | BY52: 0 | BZ52: 0 | CA52: 0 | CB52: 0 | CC52: 0 | CD52: 0 | CE52: 0 | CF52: 0 | CG52: 143409 | CI52: 0 | CJ52: 0 | CK52: 50331.77 | CL52: 50331.77 | CN52: 0 | CO52: 0 | CP52: 0 | CR52: 50331.77 | CS52: =CG52-CR52 -> 93077.23 | CT52: =IF(CG52=0,"n/a",CR52/(CG52)) -> 0.35096661
... A59: %,V599830 | B59: 599830 | C59: Additional Pay-Administrative | D59: 0 | E59: 0 | F59: 0 | G59: 0 | H59: 0 | J59: 0 | K59: 0 | L59: 0 | N59: 0 | P59: 0 | Q59: 0 | T59: 0 | U59: 0 | V59: 0 | W59: 0 | X59: 0 | Y59: 0 | Z59: 0 | AA59: 0 | AB59: 0 | AC59: 0 | AD59: 0 | AE59: 0 | AF59: 0 | AG59: 0 | AH59: 0 | AI59: 0 | AJ59: 0 | AK59: 0 | AL59: 0 | AM59: 0 | AN59: 7750 | AO59: 0 | AP59: 0 | AQ59: 0 | AR59: 0 | AS59: 0 | AT59: 0 | AU59: 0 | AV59: 0 | AW59: 0 | AX59: 0 | AY59: 0 | AZ59: 0 | BA59: 0 | BB59: 0 | BC59: 0 | BD59: 0 | BE59: 0 | BF59: 0 | BG59: 0 | BH59: 0 | BI59: 0 | BJ59: 0 | BK59: 0 | BL59: 0 | BM59: 0 | BN59: 0 | BO59: 0 | BP59: 0 | BQ59: 0 | BR59: 0 | BS59: 0 | BT59: 0 | BU59: 0 | BV59: 0 | BW59: 0 | BX59: 0 | BY59: 0 | BZ59: 0 | CA59: 0 | CB59: 0 | CC59: 0 | CD59: 0 | CE59: 0 | CF59: 0 | CG59: 7750 | CI59: 0 | CJ59: 0 | CK59: 0 | CL59: 0 | CN59: 0 | CO59: 0 | CP59: 0 | CR59: 0 | CS59: =CG59-CR59 -> 7750 | CT59: =IF(CG59=0,"n/a",CR59/(CG59)) -> 0
A60: %,FACCOUNT,TACCOUNT_ROLLUP,X,NSALARIES | C60: Salaries | D60: 19978.58 | E60: 77904.9 | F60: 3466253.7 | G60: 0 | H60: 3564137.2 | J60: 0 | K60: 0 | L60: 0 | N60: 3564137.2 | P60: 0 | Q60: 0 | T60: 112200 | U60: 159000 | V60: 2070346 | W60: 35000 | X60: 24000 | Y60: 50000 | Z60: 47147 | AA60: 76460 | AB60: 34793 | AC60: 28434 | AD60: 31032 | AE60: 52846 | AF60: 52886 | AG60: 143409 | AH60: 549470 | AI60: 20986 | AJ60: 137674 | AK60: 22000 | AL60: 108670 | AM60: 74810 | AN60: 7750 | AO60: 0 | AP60: 0 | AQ60: 0 | AR60: 0 | AS60: 0 | AT60: 0 | AU60: 0 | AV60: 0 | AW60: 0 | AX60: 0 | AY60: 0 | AZ60: 0 | BA60: 0 | BB60: 0 | BC60: 0 | BD60: 0 | BE60: 0 | BF60: 0 | BG60: 0 | BH60: 0 | BI60: 0 | BJ60: 0 | BK60: 0 | BL60: 0 | BM60: 0 | BN60: 0 | BO60: 0 | BP60: 0 | BQ60: 0 | BR60: 0 | BS60: 0 | BT60: 0 | BU60: 0 | BV60: 0 | BW60: 0 | BX60: 0 | BY60: 0 | BZ60: 0 | CA60: 0 | CB60: 0 | CC60: 0 | CD60: 0 | CE60: 0 | CF60: 0 | CG60: 3838913 | CI60: 5799.99 | CJ60: 29743.83 | CK60: 1080054.9 | CL60: 1115598.8 | CN60: 0 | CO60: 0 | CP60: 0 | CR60: 1115598.8 | CS60: =CG60-CR60 -> 2723314.2 | CT60: =IF(CG60=0,"n/a",CR60/(CG60)) -> 0.29060277
A62: %,V699000 | B62: 699000 | C62: Employee Benefits | D62: 4507.7 | E62: 17394.86 | F62: 836283.55 | G62: 0 | H62: 858186.11 | J62: 0 | K62: 0 | L62: 0 | N62: 858186.11 | P62: 0 | Q62: 0 | T62: 0 | U62: 0 | V62: 0 | W62: 0 | X62: 0 | Y62: 0 | Z62: 0 | AA62: 0 | AB62: 0 | AC62: 0 | AD62: 0 | AE62: 0 | AF62: 0 | AG62: 0 | AH62: 0 | AI62: 0 | AJ62: 0 | AK62: 0 | AL62: 0 | AM62: 0 | AN62: 0 | AO62: 1071433 | AP62: 0 | AQ62: 0 | AR62: 0 | AS62: 0 | AT62: 0 | AU62: 0 | AV62: 0 | AW62: 0 | AX62: 0 | AY62: 0 | AZ62: 0 | BA62: 0 | BB62: 0 | BC62: 0 | BD62: 0 | BE62: 0 | BF62: 0 | BG62: 0 | BH62: 0 | BI62: 0 | BJ62: 0 | BK62: 0 | BL62: 0 | BM62: 0 | BN62: 0 | BO62: 0 | BP62: 0 | BQ62: 0 | BR62: 0 | BS62: 0 | BT62: 0 | BU62: 0 | BV62: 0 | BW62: 0 | BX62: 0 | BY62: 0 | BZ62: 0 | CA62: 0 | CB62: 0 | CC62: 0 | CD62: 0 | CE62: 0 | CF62: 0 | CG62: 1071433 | CI62: 1685.12 | CJ62: 7487.45 | CK62: 282980.93 | CL62: 292153.5 | CN62: 0 | CO62: 0 | CP62: 0 | CR62: 292153.5 | CS62: =CG62-CR62 -> 779279.5 | CT62: =IF(CG62=0,"n/a",CR62/(CG62)) -> 0.27267547
A63: %,FACCOUNT,TACCOUNT_ROLLUP,X,NBENEFITS | C63: Benefits | D63: 4507.7 | E63: 17394.86 | F63: 836283.55 | G63: 0 | H63: 858186.11 | J63: 0 | K63: 0 | L63: 0 | N63: 858186.11 | P63: 0 | Q63: 0 | T63: 0 | U63: 0 | V63: 0 | W63: 0 | X63: 0 | Y63: 0 | Z63: 0 | AA63: 0 | AB63: 0 | AC63: 0 | AD63: 0 | AE63: 0 | AF63: 0 | AG63: 0 | AH63: 0 | AI63: 0 | AJ63: 0 | AK63: 0 | AL63: 0 | AM63: 0 | AN63: 0 | AO63: 1071433 | AP63: 0 | AQ63: 0 | AR63: 0 | AS63: 0 | AT63: 0 | AU63: 0 | AV63: 0 | AW63: 0 | AX63: 0 | AY63: 0 | AZ63: 0 | BA63: 0 | BB63: 0 | BC63: 0 | BD63: 0 | BE63: 0 | BF63: 0 | BG63: 0 | BH63: 0 | BI63: 0 | BJ63: 0 | BK63: 0 | BL63: 0 | BM63: 0 | BN63: 0 | BO63: 0 | BP63: 0 | BQ63: 0 | BR63: 0 | BS63: 0 | BT63: 0 | BU63: 0 | BV63: 0 | BW63: 0 | BX63: 0 | BY63: 0 | BZ63: 0 | CA63: 0 | CB63: 0 | CC63: 0 | CD63: 0 | CE63: 0 | CF63: 0 | CG63: 1071433 | CI63: 1685.12 | CJ63: 7487.45 | CK63: 282980.93 | CL63: 292153.5 | CN63: 0 | CO63: 0 | CP63: 0 | CR63: 292153.5 | CS63: =CG63-CR63 -> 779279.5 | CT63: =IF(CG63=0,"n/a",CR63/(CG63)) -> 0.27267547
A65: %,C | C65: Total Salaries and Benefits | D65: =D60+D63 -> 24486.28 | E65: =E60+E63 -> 95299.76 | F65: =F60+F63 -> 4302537.3 | G65: =G60+G63 -> 0 | H65: =H60+H63 -> 4422323.3 | J65: =J60+J63 -> 0 | K65: =K60+K63 -> 0 | L65: =L60+L63 -> 0 | N65: =N60+N63 -> 4422323.3 | T65: =T60+T63 -> 112200 | U65: =U60+U63 -> 159000 | V65: =V60+V63 -> 2070346 | W65: =W60+W63 -> 35000 | X65: =X60+X63 -> 24000 | Y65: =Y60+Y63 -> 50000 | Z65: =Z60+Z63 -> 47147 | AA65: =AA60+AA63 -> 76460 | ... CG65: =CG60+CG63 -> 4910346 | CI65: =CI60+CI63 -> 7485.11 | CJ65: =CJ60+CJ63 -> 37231.28 | CK65: =CK60+CK63 -> 1363035.9 | CL65: =CL60+CL63 -> 1407752.3 | CN65: =CN60+CN63 -> 0 | CO65: =CO60+CO63 -> 0 | CP65: =CP60+CP63 -> 0 | CR65: =CR60+CR63 -> 1407752.3 | CS65: =CS60+CS63 -> 3502593.7 | CT65: =IF(CG65=0,"n/a",CR65/(CG65)) -> 0.28669105
A67: %,V701000 | B67: 701000 | C67: Mileage And Travel | D67: 0 | E67: 0 | F67: 715.99 | G67: 0 | H67: 715.99 | J67: 0 | K67: 0 | L67: 0 | N67: 715.99 | P67: 0 | Q67: 0 | T67: 0 | U67: 0 | V67: 0 | W67: 0 | X67: 0 | Y67: 0 | Z67: 0 | AA67: 0 | AB67: 0 | AC67: 0 | AD67: 0 | AE67: 0 | AF67: 0 | AG67: 0 | AH67: 0 | AI67: 0 | AJ67: 0 | AK67: 0 | AL67: 0 | AM67: 0 | AN67: 0 | AO67: 0 | AP67: 1100 | AQ67: 0 | AR67: 0 | AS67: 0 | AT67: 0 | AU67: 0 | AV67: 0 | AW67: 0 | AX67: 0 | AY67: 0 | AZ67: 0 | BA67: 0 | BB67: 0 | BC67: 0 | BD67: 0 | BE67: 0 | BF67: 0 | BG67: 0 | BH67: 0 | BI67: 0 | BJ67: 0 | BK67: 0 | BL67: 0 | BM67: 0 | BN67: 0 | BO67: 0 | BP67: 0 | BQ67: 0 | BR67: 0 | BS67: 0 | BT67: 0 | BU67: 0 | BV67: 0 | BW67: 0 | BX67: 0 | BY67: 0 | BZ67: 0 | CA67: 0 | CB67: 0 | CC67: 0 | CD67: 0 | CE67: 0 | CF67: 0 | CG67: 1100 | CI67: 0 | CJ67: 0 | CK67: 36.64 | CL67: 36.64 | CN67: 0 | CO67: 0 | CP67: 0 | CR67: 36.64 | CS67: =CG67-CR67 -> 1063.36 | CT67: =IF(CG67=0,"n/a",CR67/(CG67)) -> 0.033309091
A68: %,V702000 | B68: 702000 | C68: Employee Training & Conf | D68: 0 | E68: 22 | F68: 16311.11 | G68: 0 | H68: 16333.11 | J68: 0 | K68: 0 | L68: 0 | N68: 16333.11 | P68: 0 | Q68: 0 | T68: 0 | U68: 0 | V68: 0 | W68: 0 | X68: 0 | Y68: 0 | Z68: 0 | AA68: 0 | AB68: 0 | AC68: 0 | AD68: 0 | AE68: 0 | AF68: 0 | AG68: 0 | AH68: 0 | AI68: 0 | AJ68: 0 | AK68: 0 | AL68: 0 | AM68: 0 | AN68: 0 | AO68: 0 | AP68: 0 | AQ68: 17470 | AR68: 0 | AS68: 0 | AT68: 0 | AU68: 0 | AV68: 0 | AW68: 0 | AX68: 0 | AY68: 0 | AZ68: 0 | BA68: 0 | BB68: 0 | BC68: 0 | BD68: 0 | BE68: 0 | BF68: 0 | BG68: 0 | BH68: 0 | BI68: 0 | BJ68: 0 | BK68: 0 | BL68: 0 | BM68: 0 | BN68: 0 | BO68: 0 | BP68: 0 | BQ68: 0 | BR68: 0 | BS68: 0 | BT68: 0 | BU68: 0 | BV68: 0 | BW68: 0 | BX68: 0 | BY68: 0 | BZ68: 0 | CA68: 0 | CB68: 0 | CC68: 0 | CD68: 0 | CE68: 0 | CF68: 0 | CG68: 17470 | CI68: 0 | CJ68: 0 | CK68: 8718.13 | CL68: 8718.13 | CN68: 0 | CO68: 0 | CP68: 0 | CR68: 8718.13 | CS68: =CG68-CR68 -> 8751.87 | CT68: =IF(CG68=0,"n/a",CR68/(CG68)) -> 0.49903434
A69: %,V708000 | B69: 708000 | C69: Employee Background Verificatn | D69: 17 | E69: 0 | F69: 692.5 | G69: 0 | H69: 709.5 | J69: 0 | K69: 0 | L69: 0 | N69: 709.5 | P69: 0 | Q69: 0 | T69: 0 | U69: 0 | V69: 0 | W69: 0 | X69: 0 | Y69: 0 | Z69: 0 | AA69: 0 | AB69: 0 | AC69: 0 | AD69: 0 | AE69: 0 | AF69: 0 | AG69: 0 | AH69: 0 | AI69: 0 | AJ69: 0 | AK69: 0 | AL69: 0 | AM69: 0 | AN69: 0 | AO69: 0 | AP69: 0 | AQ69: 0 | AR69: 825 | AS69: 0 | AT69: 0 | AU69: 0 | AV69: 0 | AW69: 0 | AX69: 0 | AY69: 0 | AZ69: 0 | BA69: 0 | BB69: 0 | BC69: 0 | BD69: 0 | BE69: 0 | BF69: 0 | BG69: 0 | BH69: 0 | BI69: 0 | BJ69: 0 | BK69: 0 | BL69: 0 | BM69: 0 | BN69: 0 | BO69: 0 | BP69: 0 | BQ69: 0 | BR69: 0 | BS69: 0 | BT69: 0 | BU69: 0 | BV69: 0 | BW69: 0 | BX69: 0 | BY69: 0 | BZ69: 0 | CA69: 0 | CB69: 0 | CC69: 0 | CD69: 0 | CE69: 0 | CF69: 0 | CG69: 825 | CI69: 0 | CJ69: 35 | CK69: 755.5 | CL69: 790.5 | CN69: 0 | CO69: 0 | CP69: 0 | CR69: 790.5 | CS69: =CG69-CR69 -> 34.5 | CT69: =IF(CG69=0,"n/a",CR69/(CG69)) -> 0.95818182
A70: %,V710000 | B70: 710000 | C70: Meals/Refreshments | D70: 5722.18 | E70: 366.33 | F70: 165.44 | G70: 0 | H70: 6253.95 | J70: 0 | K70: 0 | L70: 0 | N70: 6253.95 | P70: 0 | Q70: 0 | T70: 0 | U70: 0 | V70: 0 | W70: 0 | X70: 0 | Y70: 0 | Z70: 0 | AA70: 0 | AB70: 0 | AC70: 0 | AD70: 0 | AE70: 0 | AF70: 0 | AG70: 0 | AH70: 0 | AI70: 0 | AJ70: 0 | AK70: 0 | AL70: 0 | AM70: 0 | AN70: 0 | AO70: 0 | AP70: 0 | AQ70: 0 | AR70: 0 | AS70: 7805 | AT70: 0 | AU70: 0 | AV70: 0 | AW70: 0 | AX70: 0 | AY70: 0 | AZ70: 0 | BA70: 0 | BB70: 0 | BC70: 0 | BD70: 0 | BE70: 0 | BF70: 0 | BG70: 0 | BH70: 0 | BI70: 0 | BJ70: 0 | BK70: 0 | BL70: 0 | BM70: 0 | BN70: 0 | BO70: 0 | BP70: 0 | BQ70: 0 | BR70: 0 | BS70: 0 | BT70: 0 | BU70: 0 | BV70: 0 | BW70: 0 | BX70: 0 | BY70: 0 | BZ70: 0 | CA70: 0 | CB70: 0 | CC70: 0 | CD70: 0 | CE70: 0 | CF70: 0 | CG70: 7805 | CI70: 1973.1 | CJ70: 0 | CK70: 37.98 | CL70: 2011.08 | CN70: 0 | CO70: 0 | CP70: 0 | CR70: 2011.08 | CS70: =CG70-CR70 -> 5793.92 | CT70: =IF(CG70=0,"n/a",CR70/(CG70)) -> 0.2576656
A71: %,V713000 | B71: 713000 | C71: Student Transportation | D71: 9580.31 | E71: 0 | F71: 0 | G71: 0 | H71: 9580.31 | J71: 0 | K71: 0 | L71: 0 | N71: 9580.31 | P71: 0 | Q71: 0 | T71: 0 | U71: 0 | V71: 0 | W71: 0 | X71: 0 | Y71: 0 | Z71: 0 | AA71: 0 | AB71: 0 | AC71: 0 | AD71: 0 | AE71: 0 | AF71: 0 | AG71: 0 | AH71: 0 | AI71: 0 | AJ71: 0 | AK71: 0 | AL71: 0 | AM71: 0 | AN71: 0 | AO71: 0 | AP71: 0 | AQ71: 0 | AR71: 0 | AS71: 0 | AT71: 10384 | AU71: 0 | AV71: 0 | AW71: 0 | AX71: 0 | AY71: 0 | AZ71: 0 | BA71: 0 | BB71: 0 | BC71: 0 | BD71: 0 | BE71: 0 | BF71: 0 | BG71: 0 | BH71: 0 | BI71: 0 | BJ71: 0 | BK71: 0 | BL71: 0 | BM71: 0 | BN71: 0 | BO71: 0 | BP71: 0 | BQ71: 0 | BR71: 0 | BS71: 0 | BT71: 0 | BU71: 0 | BV71: 0 | BW71: 0 | BX71: 0 | BY71: 0 | BZ71: 0 | CA71: 0 | CB71: 0 | CC71: 0 | CD71: 0 | CE71: 0 | CF71: 0 | CG71: 10384 | CI71: 2223.25 | CJ71: 0 | CK71: 0 | CL71: 2223.25 | CN71: 0 | CO71: 0 | CP71: 0 | CR71: 2223.25 | CS71: =CG71-CR71 -> 8160.75 | CT71: =IF(CG71=0,"n/a",CR71/(CG71)) -> 0.21410343
A72: %,V715000 | B72: 715000 | C72: Student Admission/Entry Fees | D72: 41448.61 | E72: 413.25 | F72: 0 | G72: 0 | H72: 41861.86 | J72: 0 | K72: 0 | L72: 0 | N72: 41861.86 | P72: 0 | Q72: 0 | T72: 0 | U72: 0 | V72: 0 | W72: 0 | X72: 0 | Y72: 0 | Z72: 0 | AA72: 0 | AB72: 0 | AC72: 0 | AD72: 0 | AE72: 0 | AF72: 0 | AG72: 0 | AH72: 0 | AI72: 0 | AJ72: 0 | AK72: 0 | AL72: 0 | AM72: 0 | AN72: 0 | AO72: 0 | AP72: 0 | AQ72: 0 | AR72: 0 | AS72: 0 | AT72: 0 | AU72: 48882 | AV72: 0 | AW72: 0 | AX72: 0 | AY72: 0 | AZ72: 0 | BA72: 0 | BB72: 0 | BC72: 0 | BD72: 0 | BE72: 0 | BF72: 0 | BG72: 0 | BH72: 0 | BI72: 0 | BJ72: 0 | BK72: 0 | BL72: 0 | BM72: 0 | BN72: 0 | BO72: 0 | BP72: 0 | BQ72: 0 | BR72: 0 | BS72: 0 | BT72: 0 | BU72: 0 | BV72: 0 | BW72: 0 | BX72: 0 | BY72: 0 | BZ72: 0 | CA72: 0 | CB72: 0 | CC72: 0 | CD72: 0 | CE72: 0 | CF72: 0 | CG72: 48882 | CI72: 20718.44 | CJ72: 0 | CK72: 0 | CL72: 20718.44 | CN72: 0 | CO72: 0 | CP72: 0 | CR72: 20718.44 | CS72: =CG72-CR72 -> 28163.56 | CT72: =IF(CG72=0,"n/a",CR72/(CG72)) -> 0.423846
A73: %,V721000 | B73: 721000 | C73: Legal Fees | D73: 0 | E73: 0 | F73: 0 | G73: 0 | H73: 0 | J73: 0 | K73: 0 | L73: 0 | N73: 0 | P73: 0 | Q73: 0 | T73: 0 | U73: 0 | V73: 0 | W73: 0 | X73: 0 | Y73: 0 | Z73: 0 | AA73: 0 | AB73: 0 | AC73: 0 | AD73: 0 | AE73: 0 | AF73: 0 | AG73: 0 | AH73: 0 | AI73: 0 | AJ73: 0 | AK73: 0 | AL73: 0 | AM73: 0 | AN73: 0 | AO73: 0 | AP73: 0 | AQ73: 0 | AR73: 0 | AS73: 0 | AT73: 0 | AU73: 0 | AV73: 5000 | AW73: 0 | AX73: 0 | AY73: 0 | AZ73: 0 | BA73: 0 | BB73: 0 | BC73: 0 | BD73: 0 | BE73: 0 | BF73: 0 | BG73: 0 | BH73: 0 | BI73: 0 | BJ73: 0 | BK73: 0 | BL73: 0 | BM73: 0 | BN73: 0 | BO73: 0 | BP73: 0 | BQ73: 0 | BR73: 0 | BS73: 0 | BT73: 0 | BU73: 0 | BV73: 0 | BW73: 0 | BX73: 0 | BY73: 0 | BZ73: 0 | CA73: 0 | CB73: 0 | CC73: 0 | CD73: 0 | CE73: 0 | CF73: 0 | CG73: 5000 | CI73: 0 | CJ73: 0 | CK73: 0 | CL73: 0 | CN73: 0 | CO73: 0 | CP73: 0 | CR73: 0 | CS73: =CG73-CR73 -> 5000 | CT73: =IF(CG73=0,"n/a",CR73/(CG73)) -> 0
A74: %,V723000 | B74: 723000 | C74: Printing | D74: 0 | E74: 0 | F74: 915 | G74: 0 | H74: 915 | J74: 0 | K74: 0 | L74: 0 | N74: 915 | P74: 0 | Q74: 0 | T74: 0 | U74: 0 | V74: 0 | W74: 0 | X74: 0 | Y74: 0 | Z74: 0 | AA74: 0 | AB74: 0 | AC74: 0 | AD74: 0 | AE74: 0 | AF74: 0 | AG74: 0 | AH74: 0 | AI74: 0 | AJ74: 0 | AK74: 0 | AL74: 0 | AM74: 0 | AN74: 0 | AO74: 0 | AP74: 0 | AQ74: 0 | AR74: 0 | AS74: 0 | AT74: 0 | AU74: 0 | AV74: 0 | AW74: 1000 | AX74: 0 | AY74: 0 | AZ74: 0 | BA74: 0 | BB74: 0 | BC74: 0 | BD74: 0 | BE74: 0 | BF74: 0 | BG74: 0 | BH74: 0 | BI74: 0 | BJ74: 0 | BK74: 0 | BL74: 0 | BM74: 0 | BN74: 0 | BO74: 0 | BP74: 0 | BQ74: 0 | BR74: 0 | BS74: 0 | BT74: 0 | BU74: 0 | BV74: 0 | BW74: 0 | BX74: 0 | BY74: 0 | BZ74: 0 | CA74: 0 | CB74: 0 | CC74: 0 | CD74: 0 | CE74: 0 | CF74: 0 | CG74: 1000 | CI74: 0 | CJ74: 0 | CK74: 0 | CL74: 0 | CN74: 0 | CO74: 0 | CP74: 0 | CR74: 0 | CS74: =CG74-CR74 -> 1000 | CT74: =IF(CG74=0,"n/a",CR74/(CG74)) -> 0
A75: %,V731000 | B75: 731000 | C75: Contracted Services | D75: 1705 | E75: 0 | F75: 94502.49 | G75: 0 | H75: 96207.49 | J75: 0 | K75: 0 | L75: 0 | N75: 96207.49 | P75: 0 | Q75: 0 | T75: 0 | U75: 0 | V75: 0 | W75: 0 | X75: 0 | Y75: 0 | Z75: 0 | AA75: 0 | AB75: 0 | AC75: 0 | AD75: 0 | AE75: 0 | AF75: 0 | AG75: 0 | AH75: 0 | AI75: 0 | AJ75: 0 | AK75: 0 | AL75: 0 | AM75: 0 | AN75: 0 | AO75: 0 | AP75: 0 | AQ75: 0 | AR75: 0 | AS75: 0 | AT75: 0 | AU75: 0 | AV75: 0 | AW75: 0 | AX75: 139128 | AY75: 0 | AZ75: 0 | BA75: 0 | BB75: 0 | BC75: 0 | BD75: 0 | BE75: 0 | BF75: 0 | BG75: 0 | BH75: 0 | BI75: 0 | BJ75: 0 | BK75: 0 | BL75: 0 | BM75: 0 | BN75: 0 | BO75: 0 | BP75: 0 | BQ75: 0 | BR75: 0 | BS75: 0 | BT75: 0 | BU75: 0 | BV75: 0 | BW75: 0 | BX75: 0 | BY75: 0 | BZ75: 0 | CA75: 0 | CB75: 0 | CC75: 0 | CD75: 0 | CE75: 0 | CF75: 0 | CG75: 139128 | CI75: 816.5 | CJ75: 0 | CK75: 21341.47 | CL75: 22157.97 | CN75: 0 | CO75: 0 | CP75: 0 | CR75: 22157.97 | CS75: =CG75-CR75 -> 116970.03 | CT75: =IF(CG75=0,"n/a",CR75/(CG75)) -> 0.1592632
A76: %,V743000 | B76: 743000 | C76: Equipment Rental | D76: 0 | E76: 0 | F76: 1453.39 | G76: 0 | H76: 1453.39 | J76: 0 | K76: 0 | L76: 0 | N76: 1453.39 | P76: 0 | Q76: 0 | T76: 0 | U76: 0 | V76: 0 | W76: 0 | X76: 0 | Y76: 0 | Z76: 0 | AA76: 0 | AB76: 0 | AC76: 0 | AD76: 0 | AE76: 0 | AF76: 0 | AG76: 0 | AH76: 0 | AI76: 0 | AJ76: 0 | AK76: 0 | AL76: 0 | AM76: 0 | AN76: 0 | AO76: 0 | AP76: 0 | AQ76: 0 | AR76: 0 | AS76: 0 | AT76: 0 | AU76: 0 | AV76: 0 | AW76: 0 | AX76: 0 | AY76: 1250 | AZ76: 0 | BA76: 0 | BB76: 0 | BC76: 0 | BD76: 0 | BE76: 0 | BF76: 0 | BG76: 0 | BH76: 0 | BI76: 0 | BJ76: 0 | BK76: 0 | BL76: 0 | BM76: 0 | BN76: 0 | BO76: 0 | BP76: 0 | BQ76: 0 | BR76: 0 | BS76: 0 | BT76: 0 | BU76: 0 | BV76: 0 | BW76: 0 | BX76: 0 | BY76: 0 | BZ76: 0 | CA76: 0 | CB76: 0 | CC76: 0 | CD76: 0 | CE76: 0 | CF76: 0 | CG76: 1250 | CI76: 0 | CJ76: 0 | CK76: 723.35 | CL76: 723.35 | CN76: 0 | CO76: 0 | CP76: 0 | CR76: 723.35 | CS76: =CG76-CR76 -> 526.65 | CT76: =IF(CG76=0,"n/a",CR76/(CG76)) -> 0.57868
A77: %,V745000 | B77: 745000 | C77: Contract Maint/Eq Repair | D77: 0 | E77: 0 | F77: 6469.96 | G77: 0 | H77: 6469.96 | J77: 0 | K77: 0 | L77: 0 | N77: 6469.96 | P77: 0 | Q77: 0 | T77: 0 | U77: 0 | V77: 0 | W77: 0 | X77: 0 | Y77: 0 | Z77: 0 | AA77: 0 | AB77: 0 | AC77: 0 | AD77: 0 | AE77: 0 | AF77: 0 | AG77: 0 | AH77: 0 | AI77: 0 | AJ77: 0 | AK77: 0 | AL77: 0 | AM77: 0 | AN77: 0 | AO77: 0 | AP77: 0 | AQ77: 0 | AR77: 0 | AS77: 0 | AT77: 0 | AU77: 0 | AV77: 0 | AW77: 0 | AX77: 0 | AY77: 0 | AZ77: 11600 | BA77: 0 | BB77: 0 | BC77: 0 | BD77: 0 | BE77: 0 | BF77: 0 | BG77: 0 | BH77: 0 | BI77: 0 | BJ77: 0 | BK77: 0 | BL77: 0 | BM77: 0 | BN77: 0 | BO77: 0 | BP77: 0 | BQ77: 0 | BR77: 0 | BS77: 0 | BT77: 0 | BU77: 0 | BV77: 0 | BW77: 0 | BX77: 0 | BY77: 0 | BZ77: 0 | CA77: 0 | CB77: 0 | CC77: 0 | CD77: 0 | CE77: 0 | CF77: 0 | CG77: 11600 | CI77: 0 | CJ77: 0 | CK77: 598.7 | CL77: 598.7 | CN77: 0 | CO77: 0 | CP77: 0 | CR77: 598.7 | CS77: =CG77-CR77 -> 11001.3 | CT77: =IF(CG77=0,"n/a",CR77/(CG77)) -> 0.051612069
A78: %,V745500 | B78: 745500 | C78: Technology Services | D78: 0 | E78: 199 | F78: 31864.7 | G78: 0 | H78: 32063.7 | J78: 0 | K78: 0 | L78: 0 | N78: 32063.7 | P78: 0 | Q78: 0 | T78: 0 | U78: 0 | V78: 0 | W78: 0 | X78: 0 | Y78: 0 | Z78: 0 | AA78: 0 | AB78: 0 | AC78: 0 | AD78: 0 | AE78: 0 | AF78: 0 | AG78: 0 | AH78: 0 | AI78: 0 | AJ78: 0 | AK78: 0 | AL78: 0 | AM78: 0 | AN78: 0 | AO78: 0 | AP78: 0 | AQ78: 0 | AR78: 0 | AS78: 0 | AT78: 0 | AU78: 0 | AV78: 0 | AW78: 0 | AX78: 0 | AY78: 0 | AZ78: 0 | BA78: 37275 | BB78: 0 | BC78: 0 | BD78: 0 | BE78: 0 | BF78: 0 | BG78: 0 | BH78: 0 | BI78: 0 | BJ78: 0 | BK78: 0 | BL78: 0 | BM78: 0 | BN78: 0 | BO78: 0 | BP78: 0 | BQ78: 0 | BR78: 0 | BS78: 0 | BT78: 0 | BU78: 0 | BV78: 0 | BW78: 0 | BX78: 0 | BY78: 0 | BZ78: 0 | CA78: 0 | CB78: 0 | CC78: 0 | CD78: 0 | CE78: 0 | CF78: 0 | CG78: 37275 | CI78: 0 | CJ78: 323.17 | CK78: 18642.86 | CL78: 18966.03 | CN78: 0 | CO78: 0 | CP78: 0 | CR78: 18966.03 | CS78: =CG78-CR78 -> 18308.97 | CT78: =IF(CG78=0,"n/a",CR78/(CG78)) -> 0.50881368
... A90: %,V781000 | B90: 781000 | C90: Lease Purch-Other-Principal Bond | D90: 0 | E90: 0 | F90: 252735.94 | G90: 0 | H90: 252735.94 | J90: 0 | K90: 150000 | L90: 150000 | N90: 150000 | P90: 0 | Q90: 0 | T90: 0 | U90: 0 | V90: 0 | W90: 0 | X90: 0 | Y90: 0 | Z90: 0 | AA90: 0 | AB90: 0 | AC90: 0 | AD90: 0 | AE90: 0 | AF90: 0 | AG90: 0 | AH90: 0 | AI90: 0 | AJ90: 0 | AK90: 0 | AL90: 0 | AM90: 0 | AN90: 0 | AO90: 0 | AP90: 0 | AQ90: 0 | AR90: 0 | AS90: 0 | AT90: 0 | AU90: 0 | AV90: 0 | AW90: 0 | AX90: 0 | AY90: 0 | AZ90: 0 | BA90: 0 | BB90: 0 | BC90: 0 | BD90: 0 | BE90: 0 | BF90: 0 | BG90: 0 | BH90: 0 | BI90: 0 | BJ90: 0 | BK90: 0 | BL90: 380636 | BM90: 0 | BN90: 0 | BO90: 0 | BP90: 0 | BQ90: 0 | BR90: 0 | BS90: 0 | BT90: 0 | BU90: 0 | BV90: 0 | BW90: 0 | BX90: 0 | BY90: 0 | BZ90: 0 | CA90: 0 | CB90: 0 | CC90: 0 | CD90: 0 | CE90: 0 | CF90: 0 | CG90: 150000 | CI90: 0 | CJ90: 0 | CK90: 32377.13 | CL90: 0 | CN90: 0 | CO90: 0 | CP90: 0 | CR90: 0 | CS90: =CG90-CR90 -> 150000 | CT90: =IF(CG90=0,"n/a",CR90/(CG90)) -> 0
B91: 781000 | C91: Lease Purch-Other-Principal Loan | N91: 252735.94 | CG91: 230636 | CL91: 32377.13 | CR91: 32377.13 | CS91: =CG91-CR91 -> 198258.87 | CT91: =IF(CG91=0,"n/a",CR91/(CG91)) -> 0.14038194
A92: %,V781500 | B92: 781500 | C92: Lease Purch-Other-Interest Bond | D92: 0 | E92: 0 | F92: 56773.5 | G92: 0 | H92: 56773.5 | J92: 0 | K92: 314740 | L92: 314740 | N92: 314740 | P92: 0 | Q92: 0 | T92: 0 | U92: 0 | V92: 0 | W92: 0 | X92: 0 | Y92: 0 | Z92: 0 | AA92: 0 | AB92: 0 | AC92: 0 | AD92: 0 | AE92: 0 | AF92: 0 | AG92: 0 | AH92: 0 | AI92: 0 | AJ92: 0 | AK92: 0 | AL92: 0 | AM92: 0 | AN92: 0 | AO92: 0 | AP92: 0 | AQ92: 0 | AR92: 0 | AS92: 0 | AT92: 0 | AU92: 0 | AV92: 0 | AW92: 0 | AX92: 0 | AY92: 0 | AZ92: 0 | BA92: 0 | BB92: 0 | BC92: 0 | BD92: 0 | BE92: 0 | BF92: 0 | BG92: 0 | BH92: 0 | BI92: 0 | BJ92: 0 | BK92: 0 | BL92: 0 | BM92: 393613 | BN92: 0 | BO92: 0 | BP92: 0 | BQ92: 0 | BR92: 0 | BS92: 0 | BT92: 0 | BU92: 0 | BV92: 0 | BW92: 0 | BX92: 0 | BY92: 0 | BZ92: 0 | CA92: 0 | CB92: 0 | CC92: 0 | CD92: 0 | CE92: 0 | CF92: 0 | CG92: 314740 | CI92: 0 | CJ92: 0 | CK92: 22418.47 | CL92: 0 | CN92: 0 | CO92: 153957.5 | CP92: 153957.5 | CR92: 153957.5 | CS92: =CG92-CR92 -> 160782.5 | CT92: =IF(CG92=0,"n/a",CR92/(CG92)) -> 0.48915772
B93: 781500 | C93: Lease Purch-Other-Interest Loan | N93: 56773.5 | CG93: 78873 | CL93: 22418.47 | CP93: 0 | CR93: 22418.47 | CS93: =CG93-CR93 -> 56454.53 | CT93: =IF(CG93=0,"n/a",CR93/(CG93)) -> 0.28423504
A94: %,V950000 | B94: 950000 | C94: District Fees | D94: 0 | E94: 0 | F94: 718174.69 | G94: 0 | H94: 718174.69 | J94: 0 | K94: 0 | L94: 0 | N94: 718174.69 | P94: 0 | Q94: 0 | T94: 0 | U94: 0 | V94: 0 | W94: 0 | X94: 0 | Y94: 0 | Z94: 0 | AA94: 0 | AB94: 0 | AC94: 0 | AD94: 0 | AE94: 0 | AF94: 0 | AG94: 0 | AH94: 0 | AI94: 0 | AJ94: 0 | AK94: 0 | AL94: 0 | AM94: 0 | AN94: 0 | AO94: 0 | AP94: 0 | AQ94: 0 | AR94: 0 | AS94: 0 | AT94: 0 | AU94: 0 | AV94: 0 | AW94: 0 | AX94: 0 | AY94: 0 | AZ94: 0 | BA94: 0 | BB94: 0 | BC94: 0 | BD94: 0 | BE94: 0 | BF94: 0 | BG94: 0 | BH94: 0 | BI94: 0 | BJ94: 0 | BK94: 0 | BL94: 0 | BM94: 0 | BN94: 0 | BO94: 0 | BP94: 0 | BQ94: 0 | BR94: 0 | BS94: 0 | BT94: 0 | BU94: 0 | BV94: 0 | BW94: 0 | BX94: 0 | BY94: 0 | BZ94: 0 | CA94: 0 | CB94: 0 | CC94: 0 | CD94: 0 | CE94: 0 | CF94: 700697 | CG94: 700697 | CI94: 0 | CJ94: 0 | CK94: 350426.33 | CL94: 350426.33 | CN94: 0 | CO94: 0 | CP94: 0 | CR94: 350426.33 | CS94: =CG94-CR94 -> 350270.67 | CT94: =IF(CG94=0,"n/a",CR94/(CG94)) -> 0.50011108
A95: %,FACCOUNT,TACCOUNT_ROLLUP,X,NPURCHASED SERVICES | C95: Purchased Services | D95: 60121.6 | E95: 1975.03 | F95: 1382071.5 | G95: 0 | H95: 1444168.1 | J95: 0 | K95: 464740 | L95: 464740 | N95: 1908908.1 | P95: 0 | Q95: 0 | T95: 0 | U95: 0 | V95: 0 | W95: 0 | X95: 0 | Y95: 0 | Z95: 0 | AA95: 0 | AB95: 0 | AC95: 0 | AD95: 0 | AE95: 0 | AF95: 0 | AG95: 0 | AH95: 0 | AI95: 0 | AJ95: 0 | AK95: 0 | AL95: 0 | AM95: 0 | AN95: 0 | AO95: 0 | AP95: 1100 | AQ95: 17470 | AR95: 825 | AS95: 7805 | AT95: 10384 | AU95: 48882 | AV95: 5000 | AW95: 1000 | AX95: 139128 | AY95: 1250 | AZ95: 11600 | BA95: 37275 | BB95: 79200 | BC95: 500 | BD95: 21125 | BE95: 51400 | BF95: 13770 | BG95: 17775 | BH95: 530 | BI95: 16650 | BJ95: 80500 | BK95: 10400 | BL95: 380636 | BM95: 393613 | BN95: 0 | BO95: 0 | BP95: 0 | BQ95: 0 | BR95: 0 | BS95: 0 | BT95: 0 | BU95: 0 | BV95: 0 | BW95: 0 | BX95: 0 | BY95: 0 | BZ95: 0 | CA95: 0 | CB95: 0 | CC95: 0 | CD95: 0 | CE95: 0 | CF95: 700697 | CG95: 2048515 | CI95: 25731.29 | CJ95: 418.89 | CK95: 547088.68 | CL95: 573238.86 | CN95: 0 | CO95: 153957.5 | CP95: 153957.5 | CR95: 727196.36 | CS95: =CG95-CR95 -> 1321318.6 | CT95: =IF(CG95=0,"n/a",CR95/(CG95)) -> 0.35498708
A97: %,V804000 | B97: 804000 | C97: Fund Raising | D97: 0 | E97: 0 | F97: 0 | G97: 0 | H97: 0 | J97: 0 | K97: 0 | L97: 0 | N97: 0 | P97: 0 | Q97: 0 | T97: 0 | U97: 0 | V97: 0 | W97: 0 | X97: 0 | Y97: 0 | Z97: 0 | AA97: 0 | AB97: 0 | AC97: 0 | AD97: 0 | AE97: 0 | AF97: 0 | AG97: 0 | AH97: 0 | AI97: 0 | AJ97: 0 | AK97: 0 | AL97: 0 | AM97: 0 | AN97: 0 | AO97: 0 | AP97: 0 | AQ97: 0 | AR97: 0 | AS97: 0 | AT97: 0 | AU97: 0 | AV97: 0 | AW97: 0 | AX97: 0 | AY97: 0 | AZ97: 0 | BA97: 0 | BB97: 0 | BC97: 0 | BD97: 0 | BE97: 0 | BF97: 0 | BG97: 0 | BH97: 0 | BI97: 0 | BJ97: 0 | BK97: 0 | BL97: 0 | BM97: 0 | BN97: 1561 | BO97: 0 | BP97: 0 | BQ97: 0 | BR97: 0 | BS97: 0 | BT97: 0 | BU97: 0 | BV97: 0 | BW97: 0 | BX97: 0 | BY97: 0 | BZ97: 0 | CA97: 0 | CB97: 0 | CC97: 0 | CD97: 0 | CE97: 0 | CF97: 0 | CG97: 1561 | CI97: 0 | CJ97: 0 | CK97: 0 | CL97: 0 | CN97: 0 | CO97: 0 | CP97: 0 | CR97: 0 | CS97: =CG97-CR97 -> 1561 | CT97: =IF(CG97=0,"n/a",CR97/(CG97)) -> 0
A98: %,V805000 | B98: 805000 | C98: Materials/Supplies-Other | D98: 5297.28 | E98: 49.5 | F98: 7491.11 | G98: 0 | H98: 12837.89 | J98: 0 | K98: 0 | L98: 0 | N98: 12837.89 | P98: 0 | Q98: 0 | T98: 0 | U98: 0 | V98: 0 | W98: 0 | X98: 0 | Y98: 0 | Z98: 0 | AA98: 0 | AB98: 0 | AC98: 0 | AD98: 0 | AE98: 0 | AF98: 0 | AG98: 0 | AH98: 0 | AI98: 0 | AJ98: 0 | AK98: 0 | AL98: 0 | AM98: 0 | AN98: 0 | AO98: 0 | AP98: 0 | AQ98: 0 | AR98: 0 | AS98: 0 | AT98: 0 | AU98: 0 | AV98: 0 | AW98: 0 | AX98: 0 | AY98: 0 | AZ98: 0 | BA98: 0 | BB98: 0 | BC98: 0 | BD98: 0 | BE98: 0 | BF98: 0 | BG98: 0 | BH98: 0 | BI98: 0 | BJ98: 0 | BK98: 0 | BL98: 0 | BM98: 0 | BN98: 0 | BO98: 15995 | BP98: 0 | BQ98: 0 | BR98: 0 | BS98: 0 | BT98: 0 | BU98: 0 | BV98: 0 | BW98: 0 | BX98: 0 | BY98: 0 | BZ98: 0 | CA98: 0 | CB98: 0 | CC98: 0 | CD98: 0 | CE98: 0 | CF98: 0 | CG98: 15995 | CI98: 2027.21 | CJ98: 0 | CK98: 5518.81 | CL98: 7546.02 | CN98: 0 | CO98: 0 | CP98: 0 | CR98: 7546.02 | CS98: =CG98-CR98 -> 8448.98 | CT98: =IF(CG98=0,"n/a",CR98/(CG98)) -> 0.47177368
A99: %,V806000 | B99: 806000 | C99: Materials/Supplies Resale | D99: 17683.79 | E99: 0 | F99: 0 | G99: 0 | H99: 17683.79 | J99: 0 | K99: 0 | L99: 0 | N99: 17683.79 | P99: 0 | Q99: 0 | T99: 0 | U99: 0 | V99: 0 | W99: 0 | X99: 0 | Y99: 0 | Z99: 0 | AA99: 0 | AB99: 0 | AC99: 0 | AD99: 0 | AE99: 0 | AF99: 0 | AG99: 0 | AH99: 0 | AI99: 0 | AJ99: 0 | AK99: 0 | AL99: 0 | AM99: 0 | AN99: 0 | AO99: 0 | AP99: 0 | AQ99: 0 | AR99: 0 | AS99: 0 | AT99: 0 | AU99: 0 | AV99: 0 | AW99: 0 | AX99: 0 | AY99: 0 | AZ99: 0 | BA99: 0 | BB99: 0 | BC99: 0 | BD99: 0 | BE99: 0 | BF99: 0 | BG99: 0 | BH99: 0 | BI99: 0 | BJ99: 0 | BK99: 0 | BL99: 0 | BM99: 0 | BN99: 0 | BO99: 0 | BP99: 18800 | BQ99: 0 | BR99: 0 | BS99: 0 | BT99: 0 | BU99: 0 | BV99: 0 | BW99: 0 | BX99: 0 | BY99: 0 | BZ99: 0 | CA99: 0 | CB99: 0 | CC99: 0 | CD99: 0 | CE99: 0 | CF99: 0 | CG99: 18800 | CI99: 6525.99 | CJ99: 0 | CK99: 0 | CL99: 6525.99 | CN99: 0 | CO99: 0 | CP99: 0 | CR99: 6525.99 | CS99: =CG99-CR99 -> 12274.01 | CT99: =IF(CG99=0,"n/a",CR99/(CG99)) -> 0.34712713
A100: %,V810000 | B100: 810000 | C100: Office Material/Supplies | D100: 0 | E100: 0 | F100: 1564.39 | G100: 0 | H100: 1564.39 | J100: 0 | K100: 0 | L100: 0 | N100: 1564.39 | P100: 0 | Q100: 0 | T100: 0 | U100: 0 | V100: 0 | W100: 0 | X100: 0 | Y100: 0 | Z100: 0 | AA100: 0 | AB100: 0 | AC100: 0 | AD100: 0 | AE100: 0 | AF100: 0 | AG100: 0 | AH100: 0 | AI100: 0 | AJ100: 0 | AK100: 0 | AL100: 0 | AM100: 0 | AN100: 0 | AO100: 0 | AP100: 0 | AQ100: 0 | AR100: 0 | AS100: 0 | AT100: 0 | AU100: 0 | AV100: 0 | AW100: 0 | AX100: 0 | AY100: 0 | AZ100: 0 | BA100: 0 | BB100: 0 | BC100: 0 | BD100: 0 | BE100: 0 | BF100: 0 | BG100: 0 | BH100: 0 | BI100: 0 | BJ100: 0 | BK100: 0 | BL100: 0 | BM100: 0 | BN100: 0 | BO100: 0 | BP100: 0 | BQ100: 3183 | BR100: 0 | BS100: 0 | BT100: 0 | BU100: 0 | BV100: 0 | BW100: 0 | BX100: 0 | BY100: 0 | BZ100: 0 | CA100: 0 | CB100: 0 | CC100: 0 | CD100: 0 | CE100: 0 | CF100: 0 | CG100: 3183 | CI100: 0 | CJ100: 0 | CK100: 673.52 | CL100: 673.52 | CN100: 0 | CO100: 0 | CP100: 0 | CR100: 673.52 | CS100: =CG100-CR100 -> 2509.48 | CT100: =IF(CG100=0,"n/a",CR100/(CG100)) -> 0.21159912
A101: %,V810001 | B101: 810001 | C101: Office Equipment - Under $5K | D101: 0 | E101: 0 | F101: 9757.1 | G101: 0 | H101: 9757.1 | J101: 0 | K101: 0 | L101: 0 | N101: 9757.1 | P101: 0 | Q101: 0 | T101: 0 | U101: 0 | V101: 0 | W101: 0 | X101: 0 | Y101: 0 | Z101: 0 | AA101: 0 | AB101: 0 | AC101: 0 | AD101: 0 | AE101: 0 | AF101: 0 | AG101: 0 | AH101: 0 | AI101: 0 | AJ101: 0 | AK101: 0 | AL101: 0 | AM101: 0 | AN101: 0 | AO101: 0 | AP101: 0 | AQ101: 0 | AR101: 0 | AS101: 0 | AT101: 0 | AU101: 0 | AV101: 0 | AW101: 0 | AX101: 0 | AY101: 0 | AZ101: 0 | BA101: 0 | BB101: 0 | BC101: 0 | BD101: 0 | BE101: 0 | BF101: 0 | BG101: 0 | BH101: 0 | BI101: 0 | BJ101: 0 | BK101: 0 | BL101: 0 | BM101: 0 | BN101: 0 | BO101: 0 | BP101: 0 | BQ101: 0 | BR101: 8600 | BS101: 0 | BT101: 0 | BU101: 0 | BV101: 0 | BW101: 0 | BX101: 0 | BY101: 0 | BZ101: 0 | CA101: 0 | CB101: 0 | CC101: 0 | CD101: 0 | CE101: 0 | CF101: 0 | CG101: 8600 | CI101: 0 | CJ101: 0 | CK101: 1374.76 | CL101: 1374.76 | CN101: 0 | CO101: 0 | CP101: 0 | CR101: 1374.76 | CS101: =CG101-CR101 -> 7225.24 | CT101: =IF(CG101=0,"n/a",CR101/(CG101)) -> 0.15985581
A102: %,V812000 | B102: 812000 | C102: Clinic Supplies/Materials | D102: 0 | E102: 21.42 | F102: 761.23 | G102: 0 | H102: 782.65 | J102: 0 | K102: 0 | L102: 0 | N102: 782.65 | P102: 0 | Q102: 0 | T102: 0 | U102: 0 | V102: 0 | W102: 0 | X102: 0 | Y102: 0 | Z102: 0 | AA102: 0 | AB102: 0 | AC102: 0 | AD102: 0 | AE102: 0 | AF102: 0 | AG102: 0 | AH102: 0 | AI102: 0 | AJ102: 0 | AK102: 0 | AL102: 0 | AM102: 0 | AN102: 0 | AO102: 0 | AP102: 0 | AQ102: 0 | AR102: 0 | AS102: 0 | AT102: 0 | AU102: 0 | AV102: 0 | AW102: 0 | AX102: 0 | AY102: 0 | AZ102: 0 | BA102: 0 | BB102: 0 | BC102: 0 | BD102: 0 | BE102: 0 | BF102: 0 | BG102: 0 | BH102: 0 | BI102: 0 | BJ102: 0 | BK102: 0 | BL102: 0 | BM102: 0 | BN102: 0 | BO102: 0 | BP102: 0 | BQ102: 0 | BR102: 0 | BS102: 1171 | BT102: 0 | BU102: 0 | BV102: 0 | BW102: 0 | BX102: 0 | BY102: 0 | BZ102: 0 | CA102: 0 | CB102: 0 | CC102: 0 | CD102: 0 | CE102: 0 | CF102: 0 | CG102: 1171 | CI102: 0 | CJ102: 0 | CK102: 54.54 | CL102: 54.54 | CN102: 0 | CO102: 0 | CP102: 0 | CR102: 54.54 | CS102: =CG102-CR102 -> 1116.46 | CT102: =IF(CG102=0,"n/a",CR102/(CG102)) -> 0.046575576
A103: %,V814000 | B103: 814000 | C103: Custodial Supplies | D103: 0 | E103: 0 | F103: 15195.25 | G103: 0 | H103: 15195.25 | J103: 0 | K103: 0 | L103: 0 | N103: 15195.25 | P103: 0 | Q103: 0 | T103: 0 | U103: 0 | V103: 0 | W103: 0 | X103: 0 | Y103: 0 | Z103: 0 | AA103: 0 | AB103: 0 | AC103: 0 | AD103: 0 | AE103: 0 | AF103: 0 | AG103: 0 | AH103: 0 | AI103: 0 | AJ103: 0 | AK103: 0 | AL103: 0 | AM103: 0 | AN103: 0 | AO103: 0 | AP103: 0 | AQ103: 0 | AR103: 0 | AS103: 0 | AT103: 0 | AU103: 0 | AV103: 0 | AW103: 0 | AX103: 0 | AY103: 0 | AZ103: 0 | BA103: 0 | BB103: 0 | BC103: 0 | BD103: 0 | BE103: 0 | BF103: 0 | BG103: 0 | BH103: 0 | BI103: 0 | BJ103: 0 | BK103: 0 | BL103: 0 | BM103: 0 | BN103: 0 | BO103: 0 | BP103: 0 | BQ103: 0 | BR103: 0 | BS103: 0 | BT103: 20808 | BU103: 0 | BV103: 0 | BW103: 0 | BX103: 0 | BY103: 0 | BZ103: 0 | CA103: 0 | CB103: 0 | CC103: 0 | CD103: 0 | CE103: 0 | CF103: 0 | CG103: 20808 | CI103: 0 | CJ103: 0 | CK103: 3720.98 | CL103: 3720.98 | CN103: 0 | CO103: 0 | CP103: 0 | CR103: 3720.98 | CS103: =CG103-CR103 -> 17087.02 | CT103: =IF(CG103=0,"n/a",CR103/(CG103)) -> 0.17882449
A104: %,V820000 | B104: 820000 | C104: Instructional Material/Supply | D104: 189.34 | E104: 1160.91 | F104: 91181.86 | G104: 176.4 | H104: 92708.51 | J104: 0 | K104: 0 | L104: 0 | N104: 92708.51 | P104: 0 | Q104: 0 | T104: 0 | U104: 0 | V104: 0 | W104: 0 | X104: 0 | Y104: 0 | Z104: 0 | AA104: 0 | AB104: 0 | AC104: 0 | AD104: 0 | AE104: 0 | AF104: 0 | AG104: 0 | AH104: 0 | AI104: 0 | AJ104: 0 | AK104: 0 | AL104: 0 | AM104: 0 | AN104: 0 | AO104: 0 | AP104: 0 | AQ104: 0 | AR104: 0 | AS104: 0 | AT104: 0 | AU104: 0 | AV104: 0 | AW104: 0 | AX104: 0 | AY104: 0 | AZ104: 0 | BA104: 0 | BB104: 0 | BC104: 0 | BD104: 0 | BE104: 0 | BF104: 0 | BG104: 0 | BH104: 0 | BI104: 0 | BJ104: 0 | BK104: 0 | BL104: 0 | BM104: 0 | BN104: 0 | BO104: 0 | BP104: 0 | BQ104: 0 | BR104: 0 | BS104: 0 | BT104: 0 | BU104: 97750 | BV104: 0 | BW104: 0 | BX104: 0 | BY104: 0 | BZ104: 0 | CA104: 0 | CB104: 0 | CC104: 0 | CD104: 0 | CE104: 0 | CF104: 0 | CG104: 97750 | CI104: 0 | CJ104: 335.37 | CK104: 17805.61 | CL104: 18140.98 | CN104: 0 | CO104: 0 | CP104: 0 | CR104: 18140.98 | CS104: =CG104-CR104 -> 79609.02 | CT104: =IF(CG104=0,"n/a",CR104/(CG104)) -> 0.18558547
A105: %,V820001 | B105: 820001 | C105: Instructional Equip-Under $5K | D105: 0 | E105: 235.1 | F105: 46637.68 | G105: 0 | H105: 46872.78 | J105: 0 | K105: 0 | L105: 0 | N105: 46872.78 | P105: 0 | Q105: 0 | T105: 0 | U105: 0 | V105: 0 | W105: 0 | X105: 0 | Y105: 0 | Z105: 0 | AA105: 0 | AB105: 0 | AC105: 0 | AD105: 0 | AE105: 0 | AF105: 0 | AG105: 0 | AH105: 0 | AI105: 0 | AJ105: 0 | AK105: 0 | AL105: 0 | AM105: 0 | AN105: 0 | AO105: 0 | AP105: 0 | AQ105: 0 | AR105: 0 | AS105: 0 | AT105: 0 | AU105: 0 | AV105: 0 | AW105: 0 | AX105: 0 | AY105: 0 | AZ105: 0 | BA105: 0 | BB105: 0 | BC105: 0 | BD105: 0 | BE105: 0 | BF105: 0 | BG105: 0 | BH105: 0 | BI105: 0 | BJ105: 0 | BK105: 0 | BL105: 0 | BM105: 0 | BN105: 0 | BO105: 0 | BP105: 0 | BQ105: 0 | BR105: 0 | BS105: 0 | BT105: 0 | BU105: 0 | BV105: 49000 | BW105: 0 | BX105: 0 | BY105: 0 | BZ105: 0 | CA105: 0 | CB105: 0 | CC105: 0 | CD105: 0 | CE105: 0 | CF105: 0 | CG105: 49000 | CI105: 0 | CJ105: 1371.53 | CK105: 24688.26 | CL105: 26059.79 | CN105: 0 | CO105: 0 | CP105: 0 | CR105: 26059.79 | CS105: =CG105-CR105 -> 22940.21 | CT105: =IF(CG105=0,"n/a",CR105/(CG105)) -> 0.53183245
A106: %,V822000 | B106: 822000 | C106: Textbooks | D106: 0 | E106: 20.11 | F106: 22649.42 | G106: 123.6 | H106: 22793.13 | J106: 0 | K106: 0 | L106: 0 | N106: 22793.13 | P106: 0 | Q106: 0 | T106: 0 | U106: 0 | V106: 0 | W106: 0 | X106: 0 | Y106: 0 | Z106: 0 | AA106: 0 | AB106: 0 | AC106: 0 | AD106: 0 | AE106: 0 | AF106: 0 | AG106: 0 | AH106: 0 | AI106: 0 | AJ106: 0 | AK106: 0 | AL106: 0 | AM106: 0 | AN106: 0 | AO106: 0 | AP106: 0 | AQ106: 0 | AR106: 0 | AS106: 0 | AT106: 0 | AU106: 0 | AV106: 0 | AW106: 0 | AX106: 0 | AY106: 0 | AZ106: 0 | BA106: 0 | BB106: 0 | BC106: 0 | BD106: 0 | BE106: 0 | BF106: 0 | BG106: 0 | BH106: 0 | BI106: 0 | BJ106: 0 | BK106: 0 | BL106: 0 | BM106: 0 | BN106: 0 | BO106: 0 | BP106: 0 | BQ106: 0 | BR106: 0 | BS106: 0 | BT106: 0 | BU106: 0 | BV106: 0 | BW106: 25500 | BX106: 0 | BY106: 0 | BZ106: 0 | CA106: 0 | CB106: 0 | CC106: 0 | CD106: 0 | CE106: 0 | CF106: 0 | CG106: 25500 | CI106: 0 | CJ106: 42.91 | CK106: 5440.62 | CL106: 5483.53 | CN106: 0 | CO106: 0 | CP106: 0 | CR106: 5483.53 | CS106: =CG106-CR106 -> 20016.47 | CT106: =IF(CG106=0,"n/a",CR106/(CG106)) -> 0.21504039
A107: %,V823000 | B107: 823000 | C107: Copier Usage | D107: 0 | E107: 0 | F107: 19977.28 | G107: 0 | H107: 19977.28 | J107: 0 | K107: 0 | L107: 0 | N107: 19977.28 | P107: 0 | Q107: 0 | T107: 0 | U107: 0 | V107: 0 | W107: 0 | X107: 0 | Y107: 0 | Z107: 0 | AA107: 0 | AB107: 0 | AC107: 0 | AD107: 0 | AE107: 0 | AF107: 0 | AG107: 0 | AH107: 0 | AI107: 0 | AJ107: 0 | AK107: 0 | AL107: 0 | AM107: 0 | AN107: 0 | AO107: 0 | AP107: 0 | AQ107: 0 | AR107: 0 | AS107: 0 | AT107: 0 | AU107: 0 | AV107: 0 | AW107: 0 | AX107: 0 | AY107: 0 | AZ107: 0 | BA107: 0 | BB107: 0 | BC107: 0 | BD107: 0 | BE107: 0 | BF107: 0 | BG107: 0 | BH107: 0 | BI107: 0 | BJ107: 0 | BK107: 0 | BL107: 0 | BM107: 0 | BN107: 0 | BO107: 0 | BP107: 0 | BQ107: 0 | BR107: 0 | BS107: 0 | BT107: 0 | BU107: 0 | BV107: 0 | BW107: 0 | BX107: 23650 | BY107: 0 | BZ107: 0 | CA107: 0 | CB107: 0 | CC107: 0 | CD107: 0 | CE107: 0 | CF107: 0 | CG107: 23650 | CI107: 0 | CJ107: 0 | CK107: 3713.49 | CL107: 3713.49 | CN107: 0 | CO107: 0 | CP107: 0 | CR107: 3713.49 | CS107: =CG107-CR107 -> 19936.51 | CT107: =IF(CG107=0,"n/a",CR107/(CG107)) -> 0.1570186
A108: %,V824000 | B108: 824000 | C108: Testing Materials | D108: 0 | E108: 0 | F108: 628.16 | G108: 0 | H108: 628.16 | J108: 0 | K108: 0 | L108: 0 | N108: 628.16 | P108: 0 | Q108: 0 | T108: 0 | U108: 0 | V108: 0 | W108: 0 | X108: 0 | Y108: 0 | Z108: 0 | AA108: 0 | AB108: 0 | AC108: 0 | AD108: 0 | AE108: 0 | AF108: 0 | AG108: 0 | AH108: 0 | AI108: 0 | AJ108: 0 | AK108: 0 | AL108: 0 | AM108: 0 | AN108: 0 | AO108: 0 | AP108: 0 | AQ108: 0 | AR108: 0 | AS108: 0 | AT108: 0 | AU108: 0 | AV108: 0 | AW108: 0 | AX108: 0 | AY108: 0 | AZ108: 0 | BA108: 0 | BB108: 0 | BC108: 0 | BD108: 0 | BE108: 0 | BF108: 0 | BG108: 0 | BH108: 0 | BI108: 0 | BJ108: 0 | BK108: 0 | BL108: 0 | BM108: 0 | BN108: 0 | BO108: 0 | BP108: 0 | BQ108: 0 | BR108: 0 | BS108: 0 | BT108: 0 | BU108: 0 | BV108: 0 | BW108: 0 | BX108: 0 | BY108: 3435 | BZ108: 0 | CA108: 0 | CB108: 0 | CC108: 0 | CD108: 0 | CE108: 0 | CF108: 0 | CG108: 3435 | CI108: 0 | CJ108: 0 | CK108: 0 | CL108: 0 | CN108: 0 | CO108: 0 | CP108: 0 | CR108: 0 | CS108: =CG108-CR108 -> 3435 | CT108: =IF(CG108=0,"n/a",CR108/(CG108)) -> 0
... A113: %,V889000 | B113: 889000 | C113: Consumable Supplies | D113: 0 | E113: 7.28 | F113: 305.47 | G113: 0 | H113: 312.75 | J113: 0 | K113: 0 | L113: 0 | N113: 312.75 | P113: 0 | Q113: 0 | T113: 0 | U113: 0 | V113: 0 | W113: 0 | X113: 0 | Y113: 0 | Z113: 0 | AA113: 0 | AB113: 0 | AC113: 0 | AD113: 0 | AE113: 0 | AF113: 0 | AG113: 0 | AH113: 0 | AI113: 0 | AJ113: 0 | AK113: 0 | AL113: 0 | AM113: 0 | AN113: 0 | AO113: 0 | AP113: 0 | AQ113: 0 | AR113: 0 | AS113: 0 | AT113: 0 | AU113: 0 | AV113: 0 | AW113: 0 | AX113: 0 | AY113: 0 | AZ113: 0 | BA113: 0 | BB113: 0 | BC113: 0 | BD113: 0 | BE113: 0 | BF113: 0 | BG113: 0 | BH113: 0 | BI113: 0 | BJ113: 0 | BK113: 0 | BL113: 0 | BM113: 0 | BN113: 0 | BO113: 0 | BP113: 0 | BQ113: 0 | BR113: 0 | BS113: 0 | BT113: 0 | BU113: 0 | BV113: 0 | BW113: 0 | BX113: 0 | BY113: 0 | BZ113: 0 | CA113: 0 | CB113: 0 | CC113: 0 | CD113: 510 | CE113: 0 | CF113: 0 | CG113: 510 | CI113: 0 | CJ113: 0 | CK113: 101.36 | CL113: 101.36 | CN113: 0 | CO113: 0 | CP113: 0 | CR113: 101.36 | CS113: =CG113-CR113 -> 408.64 | CT113: =IF(CG113=0,"n/a",CR113/(CG113)) -> 0.1987451
A114: %,FACCOUNT,TACCOUNT_ROLLUP,X,NSUPPLIES | C114: Materials and Supplies | D114: 23380.79 | E114: 2284.29 | F114: 232829.25 | G114: 300 | H114: 258794.33 | J114: 0 | K114: 0 | L114: 0 | N114: 258794.33 | P114: 0 | Q114: 0 | T114: 0 | U114: 0 | V114: 0 | W114: 0 | X114: 0 | Y114: 0 | Z114: 0 | AA114: 0 | AB114: 0 | AC114: 0 | AD114: 0 | AE114: 0 | AF114: 0 | AG114: 0 | AH114: 0 | AI114: 0 | AJ114: 0 | AK114: 0 | AL114: 0 | AM114: 0 | AN114: 0 | AO114: 0 | AP114: 0 | AQ114: 0 | AR114: 0 | AS114: 0 | AT114: 0 | AU114: 0 | AV114: 0 | AW114: 0 | AX114: 0 | AY114: 0 | AZ114: 0 | BA114: 0 | BB114: 0 | BC114: 0 | BD114: 0 | BE114: 0 | BF114: 0 | BG114: 0 | BH114: 0 | BI114: 0 | BJ114: 0 | BK114: 0 | BL114: 0 | BM114: 0 | BN114: 1561 | BO114: 15995 | BP114: 18800 | BQ114: 3183 | BR114: 8600 | BS114: 1171 | BT114: 20808 | BU114: 97750 | BV114: 49000 | BW114: 25500 | BX114: 23650 | BY114: 3435 | BZ114: 500 | CA114: 20130 | CB114: 3000 | CC114: 500 | CD114: 510 | CE114: 0 | CF114: 0 | CG114: 294093 | CI114: 8673.95 | CJ114: 3392.91 | CK114: 71093.62 | CL114: 83160.48 | CN114: 0 | CO114: 0 | CP114: 0 | CR114: 83160.48 | CS114: =CG114-CR114 -> 210932.52 | CT114: =IF(CG114=0,"n/a",CR114/(CG114)) -> 0.28276933
A116: %,V914000 | B116: 914000 | C116: Vehicles - Utility Fleet | D116: 0 | E116: 0 | F116: 12500 | G116: 0 | H116: 12500 | J116: 0 | K116: 0 | L116: 0 | N116: 12500 | P116: 0 | Q116: 0 | T116: 0 | U116: 0 | V116: 0 | W116: 0 | X116: 0 | Y116: 0 | Z116: 0 | AA116: 0 | AB116: 0 | AC116: 0 | AD116: 0 | AE116: 0 | AF116: 0 | AG116: 0 | AH116: 0 | AI116: 0 | AJ116: 0 | AK116: 0 | AL116: 0 | AM116: 0 | AN116: 0 | AO116: 0 | AP116: 0 | AQ116: 0 | AR116: 0 | AS116: 0 | AT116: 0 | AU116: 0 | AV116: 0 | AW116: 0 | AX116: 0 | AY116: 0 | AZ116: 0 | BA116: 0 | BB116: 0 | BC116: 0 | BD116: 0 | BE116: 0 | BF116: 0 | BG116: 0 | BH116: 0 | BI116: 0 | BJ116: 0 | BK116: 0 | BL116: 0 | BM116: 0 | BN116: 0 | BO116: 0 | BP116: 0 | BQ116: 0 | BR116: 0 | BS116: 0 | BT116: 0 | BU116: 0 | BV116: 0 | BW116: 0 | BX116: 0 | BY116: 0 | BZ116: 0 | CA116: 0 | CB116: 0 | CC116: 0 | CD116: 0 | CE116: 0 | CF116: 0 | CG116: 0 | CI116: 0 | CJ116: 0 | CK116: 0 | CL116: 0 | CN116: 0 | CO116: 0 | CP116: 0 | CR116: 0 | CS116: =CG116-CR116 -> 0 | CT116: =IF(CG116=0,"n/a",CR116/(CG116)) -> n/a
A117: %,V930000 | B117: 930000 | C117: Building Improvements | D117: 0 | E117: 0 | F117: 40355.5 | G117: 0 | H117: 40355.5 | J117: 0 | K117: 0 | L117: 0 | N117: 40355.5 | P117: 0 | Q117: 0 | T117: 0 | U117: 0 | V117: 0 | W117: 0 | X117: 0 | Y117: 0 | Z117: 0 | AA117: 0 | AB117: 0 | AC117: 0 | AD117: 0 | AE117: 0 | AF117: 0 | AG117: 0 | AH117: 0 | AI117: 0 | AJ117: 0 | AK117: 0 | AL117: 0 | AM117: 0 | AN117: 0 | AO117: 0 | AP117: 0 | AQ117: 0 | AR117: 0 | AS117: 0 | AT117: 0 | AU117: 0 | AV117: 0 | AW117: 0 | AX117: 0 | AY117: 0 | AZ117: 0 | BA117: 0 | BB117: 0 | BC117: 0 | BD117: 0 | BE117: 0 | BF117: 0 | BG117: 0 | BH117: 0 | BI117: 0 | BJ117: 0 | BK117: 0 | BL117: 0 | BM117: 0 | BN117: 0 | BO117: 0 | BP117: 0 | BQ117: 0 | BR117: 0 | BS117: 0 | BT117: 0 | BU117: 0 | BV117: 0 | BW117: 0 | BX117: 0 | BY117: 0 | BZ117: 0 | CA117: 0 | CB117: 0 | CC117: 0 | CD117: 0 | CE117: 375000 | CF117: 0 | CG117: 375000 | CI117: 0 | CJ117: 0 | CK117: 44121.4 | CL117: 44121.4 | CN117: 0 | CO117: 0 | CP117: 0 | CR117: 44121.4 | CS117: =CG117-CR117 -> 330878.6 | CT117: =IF(CG117=0,"n/a",CR117/(CG117)) -> 0.11765707
A118: %,FACCOUNT,TACCOUNT_ROLLUP,X,NCAPITAL OUTLAY | C118: Capital Outlay | D118: 0 | E118: 0 | F118: 52855.5 | G118: 0 | H118: 52855.5 | J118: 0 | K118: 0 | L118: 0 | N118: 52855.5 | P118: 0 | Q118: 0 | T118: 0 | U118: 0 | V118: 0 | W118: 0 | X118: 0 | Y118: 0 | Z118: 0 | AA118: 0 | AB118: 0 | AC118: 0 | AD118: 0 | AE118: 0 | AF118: 0 | AG118: 0 | AH118: 0 | AI118: 0 | AJ118: 0 | AK118: 0 | AL118: 0 | AM118: 0 | AN118: 0 | AO118: 0 | AP118: 0 | AQ118: 0 | AR118: 0 | AS118: 0 | AT118: 0 | AU118: 0 | AV118: 0 | AW118: 0 | AX118: 0 | AY118: 0 | AZ118: 0 | BA118: 0 | BB118: 0 | BC118: 0 | BD118: 0 | BE118: 0 | BF118: 0 | BG118: 0 | BH118: 0 | BI118: 0 | BJ118: 0 | BK118: 0 | BL118: 0 | BM118: 0 | BN118: 0 | BO118: 0 | BP118: 0 | BQ118: 0 | BR118: 0 | BS118: 0 | BT118: 0 | BU118: 0 | BV118: 0 | BW118: 0 | BX118: 0 | BY118: 0 | BZ118: 0 | CA118: 0 | CB118: 0 | CC118: 0 | CD118: 0 | CE118: 375000 | CF118: 0 | CG118: 375000 | CI118: 0 | CJ118: 0 | CK118: 44121.4 | CL118: 44121.4 | CN118: 0 | CO118: 0 | CP118: 0 | CR118: 44121.4 | CS118: =CG118-CR118 -> 330878.6 | CT118: =IF(CG118=0,"n/a",CR118/(CG118)) -> 0.11765707
A120: %,C | C120: Total Expenditures | D120: =D65+D95+D114+D118 -> 107988.67 | E120: =E65+E95+E114+E118 -> 99559.08 | F120: =F65+F95+F114+F118 -> 5970293.5 | G120: =G65+G95+G114+G118 -> 300 | H120: =H65+H95+H114+H118 -> 6178141.2 | J120: =J65+J95+J114+J118 -> 0 | K120: =K65+K95+K114+K118 -> 464740 | L120: =L65+L95+L114+L118 -> 464740 | N120: =N65+N95+N114+N118 -> 6642881.2 | T120: =T65+T95+T114+T118 -> 112200 | U120: =U65+U95+U114+U118 -> 159000 | V120: =V65+V95+V114+V118 -> 2070346 | W120: =W65+W95+W114+W118 -> 35000 | X120: =X65+X95+X114+X118 -> 24000 | Y120: =Y65+Y95+Y114+Y118 -> 50000 | Z120: =Z65+Z95+Z114+Z118 -> 47147 | AA120: =AA65+AA95+AA114+AA118 -> 76460 | ... CG120: =CG65+CG95+CG114+CG118 -> 7627954 | CI120: =CI65+CI95+CI114+CI118 -> 41890.35 | CJ120: =CJ65+CJ95+CJ114+CJ118 -> 41043.08 | CK120: =CK65+CK95+CK114+CK118 -> 2025339.6 | CL120: =CL65+CL95+CL114+CL118 -> 2108273 | CN120: =CN65+CN95+CN114+CN118 -> 0 | CO120: =CO65+CO95+CO114+CO118 -> 153957.5 | CP120: =CP65+CP95+CP114+CP118 -> 153957.5 | CR120: =CR65+CR95+CR114+CR118 -> 2262230.5
A122: %,C | C122: Pre-Adjusted Carryforward | D122: =D36-D120 -> -4051.27 | E122: =E36-E120 -> 21990.67 | F122: =F36-F120 -> 216940.23 | G122: =G36-G120 -> 0 | H122: =H36-H120 -> 2880283.3 | J122: =J36-J120 -> 0 | K122: =K36-K120 -> 6747.35 | L122: =L36-L120 -> 6747.35 | N122: =N36-N120 -> 2887030.6 | CI122: =CI36-CI120 -> 66438.83 | CJ122: =CJ36-CJ120 -> 133621.23 | CK122: =CK36-CK120 -> 3256204.7 | CL122: =CL36-CL120 -> 3456264.8 | CN122: =CN36-CN120 -> -33702.26 | CO122: =CO36-CO120 -> 867823.73 | CP122: =CP36-CP120 -> 834121.47 | CR122: =CR36-CR120 -> 4290386.3
A124: %,LORG_EN,UPOSTED_TOTAL_AMT,FACCOUNT,TACCOUNT_ROLLUP,NEXPENDITURE | C124: Encumbrances | D124: 0 | E124: 0 | F124: 0 | G124: 0 | H124: 0 | J124: 0 | K124: 0 | L124: 0 | N124: 0 | P124: 0 | Q124: 0 | T124: 0 | U124: 0 | V124: 0 | W124: 0 | X124: 0 | Y124: 0 | Z124: 0 | AA124: 0 | AB124: 0 | AC124: 0 | AD124: 0 | AE124: 0 | AF124: 0 | AG124: 0 | AH124: 0 | AI124: 0 | AJ124: 0 | AK124: 0 | AL124: 0 | AM124: 0 | AN124: 0 | AO124: 0 | AP124: 0 | AQ124: 0 | AR124: 0 | AS124: 0 | AT124: 0 | AU124: 0 | AV124: 0 | AW124: 0 | AX124: 0 | AY124: 0 | AZ124: 0 | BA124: 0 | BB124: 0 | BC124: 0 | BD124: 0 | BE124: 0 | BF124: 0 | BG124: 0 | BH124: 0 | BI124: 0 | BJ124: 0 | BK124: 0 | BL124: 0 | BM124: 0 | BN124: 0 | BO124: 0 | BP124: 0 | BQ124: 0 | BR124: 0 | BS124: 0 | BT124: 0 | BU124: 0 | BV124: 0 | BW124: 0 | BX124: 0 | BY124: 0 | BZ124: 0 | CA124: 0 | CB124: 0 | CC124: 0 | CD124: 0 | CE124: 0 | CF124: 0 | CG124: 0 | CI124: 0 | CJ124: 0 | CK124: 0 | CL124: 0 | CN124: 0 | CO124: 0 | CP124: 0 | CR124: 0
A126: %,LORG_PR,UPOSTED_TOTAL_AMT,FACCOUNT,TACCOUNT_ROLLUP,NEXPENDITURE | C126: Requisitions | D126: 0 | E126: 0 | F126: 0 | G126: 0 | H126: 0 | J126: 0 | K126: 0 | L126: 0 | N126: 0 | P126: 0 | Q126: 0 | T126: 0 | U126: 0 | V126: 0 | W126: 0 | X126: 0 | Y126: 0 | Z126: 0 | AA126: 0 | AB126: 0 | AC126: 0 | AD126: 0 | AE126: 0 | AF126: 0 | AG126: 0 | AH126: 0 | AI126: 0 | AJ126: 0 | AK126: 0 | AL126: 0 | AM126: 0 | AN126: 0 | AO126: 0 | AP126: 0 | AQ126: 0 | AR126: 0 | AS126: 0 | AT126: 0 | AU126: 0 | AV126: 0 | AW126: 0 | AX126: 0 | AY126: 0 | AZ126: 0 | BA126: 0 | BB126: 0 | BC126: 0 | BD126: 0 | BE126: 0 | BF126: 0 | BG126: 0 | BH126: 0 | BI126: 0 | BJ126: 0 | BK126: 0 | BL126: 0 | BM126: 0 | BN126: 0 | BO126: 0 | BP126: 0 | BQ126: 0 | BR126: 0 | BS126: 0 | BT126: 0 | BU126: 0 | BV126: 0 | BW126: 0 | BX126: 0 | BY126: 0 | BZ126: 0 | CA126: 0 | CB126: 0 | CC126: 0 | CD126: 0 | CE126: 0 | CF126: 0 | CG126: 0 | CI126: 0 | CJ126: 0 | CK126: 0 | CL126: 0 | CN126: 0 | CO126: 0 | CP126: 0 | CR126: 0
C128: TABOR (school enters amount) | CG128: 190530.15
C130: Adjusted Carryforward | H130: =H122-H124-H126-H128 -> 2880283.3 | L130: =L122-L124-L126-L128 -> 6747.35 | N130: =N122-N124-N126-N128 -> 2887030.6 | CL130: =CL122-CL124-CL126-CL128 -> 3456264.8 | CP130: =CP122-CP124-CP126-CP128 -> 834121.47 | CR130: =CR122-CR124-CR126-CR128 -> 4290386.3
R132: PROJECTIONS
R134: Less Carry Forward | CL134: =-CL11 -> -2098466.2
R135: Projected Revenue | CL135: =Projections!CS34 -> 3677948.3
R136: Projected Salaries/Benefits | CL136: =-(Projections!CS60+Projections!CS62) -> -3486732.4
R137: Projected Purchased Services | CL137: =-Projections!CS95+(CP122-CP11) -> -1282060.8
R138: Projected Materials | CL138: =-Projections!CS114 -> -210932.52
...

Sheet Projections
B1: %,AFF,FACCOUNT | C1: %,AFT,FDESCR | D1: %,VCA020 | E1: %,VCC020 | F1: %,VGF020 | G1: %,VGS020 | H1: %,LACTUALS,SALLYEAR-1,FFUND_CODE,X,VCA020,VFS020,VGF020,VGS020,VIR020,VCC020 | J1: %,VCR020 | K1: %,VDS020 | L1: %,LACTUALS,SALLYEAR-1,FFUND_CODE,X,VCR020,VDS020 | N1: %,LACTUALS,SALLYEAR-1 | P1: %,LREVEST_BD,UPOSTED_TOTAL_AMT,SADJBAL,FACCOUNT,TACCOUNT_ROLLUP,NREVENUE | Q1: %,LORG_BD,UPOSTED_TOTAL_AMT,SADJBAL,R,FACCOUNT,TACCOUNT_ROLLUP,XDYYNYN00,NTRANSFERS | R1: %,C | T1: %,V512100 | U1: %,V513100 | V1: %,V521100 | W1: %,V521900 | X1: %,V522100 | Y1: %,V522200 | Z1: %,V524200 | AA1: %,V526200 | AB1: %,V529200 | AC1: %,V529400 | AD1: %,V529500 | AE1: %,V529600 | AF1: %,V529800 | AG1: %,V552100 | AH1: %,V557100 | AI1: %,V557600 | AJ1: %,V591100 | AK1: %,V599400 | AL1: %,V599810 | AM1: %,V599820 | AN1: %,V599830 | AO1: %,V699000 | AP1: %,V701000 | AQ1: %,V702000 | AR1: %,V708000 | AS1: %,V710000 | AT1: %,V713000 | AU1: %,V715000 | AV1: %,V721000 | AW1: %,V723000 | AX1: %,V731000 | AY1: %,V743000 | AZ1: %,V745000 | BA1: %,V745500 | BB1: %,V746000 | BC1: %,V752000 | BD1: %,V761000 | BE1: %,V764000 | BF1: %,V765000 | BG1: %,V766000 | BH1: %,V768000 | BI1: %,V769000 | BJ1: %,V770000 | BK1: %,V770800 | BL1: %,V781000 | BM1: %,V781500 | BN1: %,V804000 | BO1: %,V805000 | BP1: %,V806000 | BQ1: %,V810000 | BR1: %,V810001 | BS1: %,V812000 | BT1: %,V814000 | BU1: %,V820000 | BV1: %,V820001 | BW1: %,V822000 | BX1: %,V823000 | BY1: %,V824000 | BZ1: %,V826000 | CA1: %,V840000 | CB1: %,V870000 | CC1: %,V885000 | CD1: %,V889000 | CE1: %,V930000 | CF1: %,V950000 | CG1: %,LORG_BD,UPOSTED_TOTAL_AMT,SADJBAL,R,FACCOUNT,TACCOUNT_ROLLUP,XDYYNYN00,NEXPENDITURE | CI1: %,VCA020 | CJ1: %,VCC020 | CK1: %,VGF020 | CL1: %,LACTUALS,SYTD,FFUND_CODE,X,VCA020,VFS020,VGF020,VGS020,VIR020,VCC020 | CN1: %,VCR020 | CO1: %,VDS020 | CP1: %,LACTUALS,SYTD,FFUND_CODE,X,VCR020,VDS020 | CR1: %,LACTUALS,SYTD | CS1: %,C | CT1: %,C
B2: Jefferson County Public Schools | CX2: 558OPC
B3: Charter Schools
B4: Lincoln Academy Charter School | CX4: 43404
B5: ="Report ID: "&CX2 -> Report ID: 558OPC | CW5: 55800
B6: For Accounting Period: | CW6: Lincoln Academy Charter School
B7: 43404
A8: %,ATF,FFUND_CODE | B8: Account | D8: CA020 | E8: CC020 | F8: GF020 | G8: GS020 | H8: Prior Year | J8: CR020 | K8: DS020 | L8: Prior Year | N8: Prior Year | CI8: CA020 | CJ8: CC020 | CK8: GF020 | CL8: Current Year | CN8: CR020 | CO8: DS020 | CP8: Current Year | CR8: Current Year
A9: %,ATF,FDESCR | B9: Number | C9: Description | D9: Charter School Campus Activity | E9: Charter School Child Care Fund | F9: Charter School General Fund | G9: Charter School Grant Fund | H9: Operational Funds | J9: Charter School Capital Reserve | K9: Charter School Debt Service | L9: Capital Funds | N9: Total | R9: Estimated Revenue | T9: Principal | U9: Assistant Principal | V9: Teacher | W9: Substitute Teacher | X9: Counselor | Y9: Teacher Librarian | Z9: Coordinator - Classified | AA9: Instructional Coach | AB9: Occupational Therapist | AC9: Nurse | AD9: Psychologist | AE9: Social Worker | AF9: Speech Therapist | AG9: School Secretary | AH9: Paraprofessional | AI9: Clinic Aides | AJ9: Custodian | AK9: Unused Sick Leave | AL9: Additional Pay - Certificated | AM9: Additional Pay-Classified | AN9: Additional Pay-Administrative | AO9: Employee Benefits | AP9: Mileage And Travel | AQ9: Employee Training & Conf | AR9: Employee Background Verificatn | AS9: Meals/Refreshments | AT9: Student Transportation | AU9: Student Admission/Entry Fees | AV9: Legal Fees | AW9: Printing | AX9: Contracted Services | AY9: Equipment Rental | AZ9: Contract Maint/Eq Repair | BA9: Technology Services | BB9: Const Maint/Repair-Bldg | BC9: Marketing - Advertising | BD9: Natural Gas | BE9: Electricity | BF9: Voice Communication Line | BG9: Water & Sanitation | BH9: Postage | BI9: Permits/Licenses/Fees | BJ9: Risk Management Charges | BK9: Unemployment Comp Insur | BL9: Lease Purch-Other-Principal | BM9: Lease Purch-Other-Interest | BN9: Fund Raising | BO9: Materials/Supplies-Other | BP9: Materials/Supplies Resale | BQ9: Office Material/Supplies | BR9: Office Equipment - Under $5K | BS9: Clinic Supplies/Materials | BT9: Custodial Supplies | BU9: Instructional Material/Supply | BV9: Instructional Equip-Under $5K | BW9: Textbooks | BX9: Copier Usage | BY9: Testing Materials | BZ9: Graduation Materials | CA9: Maint Materials/Supplies | CB9: Library Materials | CC9: Miscellaneous Expense | CD9: Consumable Supplies | CE9: Building Improvements | CF9: Transfers | CG9: Budget | CI9: Charter School Campus Activity | CJ9: Charter School Child Care Fund | CK9: Charter School General Fund | CL9: Operational Funds | CN9: Charter School Capital Reserve | CO9: Charter School Debt Service | CP9: Capital Funds | CR9: Total | CS9: Variance | CT9: Percent Spent
C11: Prior Year Carryforward | H11: 2645403.7 | N11: 2645403.7 | CL11: 2098466.2 | CP11: 788564.45 | CR11: 2887030.6
A13: %,V401000 | B13: 401000 | C13: Commissions/Profits | D13: 2523.56 | E13: 0 | F13: 13189.65 | G13: 0 | H13: 15713.21 | J13: 0 | K13: 0 | L13: 0 | N13: 15713.21 | P13: -18000 | Q13: 0 | R13: =-1*(P13+Q13) -> 18000 | T13: 0 | U13: 0 | V13: 0 | W13: 0 | X13: 0 | Y13: 0 | Z13: 0 | AA13: 0 | AB13: 0 | AC13: 0 | AD13: 0 | AE13: 0 | AF13: 0 | AG13: 0 | AH13: 0 | AI13: 0 | AJ13: 0 | AK13: 0 | AL13: 0 | AM13: 0 | AN13: 0 | AO13: 0 | AP13: 0 | AQ13: 0 | AR13: 0 | AS13: 0 | AT13: 0 | AU13: 0 | AV13: 0 | AW13: 0 | AX13: 0 | AY13: 0 | AZ13: 0 | BA13: 0 | BB13: 0 | BC13: 0 | BD13: 0 | BE13: 0 | BF13: 0 | BG13: 0 | BH13: 0 | BI13: 0 | BJ13: 0 | BK13: 0 | BL13: 0 | BM13: 0 | BN13: 0 | BO13: 0 | BP13: 0 | BQ13: 0 | BR13: 0 | BS13: 0 | BT13: 0 | BU13: 0 | BV13: 0 | BW13: 0 | BX13: 0 | BY13: 0 | BZ13: 0 | CA13: 0 | CB13: 0 | CC13: 0 | CD13: 0 | CE13: 0 | CF13: 0 | CG13: 0 | CI13: 576.19 | CJ13: 0 | CK13: 1799.62 | CL13: 2375.81 | CN13: 0 | CO13: 0 | CP13: 0 | CR13: 2375.81 | CS13: =R13-CR13 -> 15624.19 | CT13: =IF(R13=0,"n/a",CR13/(R13)) -> 0.13198944
A14: %,V401400 | B14: 401400 | C14: Ticket Sales | D14: 1372 | E14: 0 | F14: 0 | G14: 0 | H14: 1372 | J14: 0 | K14: 0 | L14: 0 | N14: 1372 | P14: -1250 | Q14: 0 | R14: =-1*(P14+Q14) -> 1250 | T14: 0 | U14: 0 | V14: 0 | W14: 0 | X14: 0 | Y14: 0 | Z14: 0 | AA14: 0 | AB14: 0 | AC14: 0 | AD14: 0 | AE14: 0 | AF14: 0 | AG14: 0 | AH14: 0 | AI14: 0 | AJ14: 0 | AK14: 0 | AL14: 0 | AM14: 0 | AN14: 0 | AO14: 0 | AP14: 0 | AQ14: 0 | AR14: 0 | AS14: 0 | AT14: 0 | AU14: 0 | AV14: 0 | AW14: 0 | AX14: 0 | AY14: 0 | AZ14: 0 | BA14: 0 | BB14: 0 | BC14: 0 | BD14: 0 | BE14: 0 | BF14: 0 | BG14: 0 | BH14: 0 | BI14: 0 | BJ14: 0 | BK14: 0 | BL14: 0 | BM14: 0 | BN14: 0 | BO14: 0 | BP14: 0 | BQ14: 0 | BR14: 0 | BS14: 0 | BT14: 0 | BU14: 0 | BV14: 0 | BW14: 0 | BX14: 0 | BY14: 0 | BZ14: 0 | CA14: 0 | CB14: 0 | CC14: 0 | CD14: 0 | CE14: 0 | CF14: 0 | CG14: 0 | CI14: 0 | CJ14: 0 | CK14: 0 | CL14: 0 | CN14: 0 | CO14: 0 | CP14: 0 | CR14: 0 | CS14: =R14-CR14 -> 1250 | CT14: =IF(R14=0,"n/a",CR14/(R14)) -> 0
A15: %,V408000 | B15: 408000 | C15: Resale | D15: 17863.84 | E15: 0 | F15: 0 | G15: 0 | H15: 17863.84 | J15: 0 | K15: 0 | L15: 0 | N15: 17863.84 | P15: -18797 | Q15: 0 | R15: =-1*(P15+Q15) -> 18797 | T15: 0 | U15: 0 | V15: 0 | W15: 0 | X15: 0 | Y15: 0 | Z15: 0 | AA15: 0 | AB15: 0 | AC15: 0 | AD15: 0 | AE15: 0 | AF15: 0 | AG15: 0 | AH15: 0 | AI15: 0 | AJ15: 0 | AK15: 0 | AL15: 0 | AM15: 0 | AN15: 0 | AO15: 0 | AP15: 0 | AQ15: 0 | AR15: 0 | AS15: 0 | AT15: 0 | AU15: 0 | AV15: 0 | AW15: 0 | AX15: 0 | AY15: 0 | AZ15: 0 | BA15: 0 | BB15: 0 | BC15: 0 | BD15: 0 | BE15: 0 | BF15: 0 | BG15: 0 | BH15: 0 | BI15: 0 | BJ15: 0 | BK15: 0 | BL15: 0 | BM15: 0 | BN15: 0 | BO15: 0 | BP15: 0 | BQ15: 0 | BR15: 0 | BS15: 0 | BT15: 0 | BU15: 0 | BV15: 0 | BW15: 0 | BX15: 0 | BY15: 0 | BZ15: 0 | CA15: 0 | CB15: 0 | CC15: 0 | CD15: 0 | CE15: 0 | CF15: 0 | CG15: 0 | CI15: 5933.44 | CJ15: 0 | CK15: 5 | CL15: 5938.44 | CN15: 0 | CO15: 0 | CP15: 0 | CR15: 5938.44 | CS15: =R15-CR15 -> 12858.56 | CT15: =IF(R15=0,"n/a",CR15/(R15)) -> 0.31592488
A16: %,V409000 | B16: 409000 | C16: Sales-Fund Raising | D16: 8892.85 | E16: 200 | F16: 2096.02 | G16: 0 | H16: 11188.87 | J16: 0 | K16: 0 | L16: 0 | N16: 11188.87 | P16: -8680 | Q16: 0 | R16: =-1*(P16+Q16) -> 8680 | T16: 0 | U16: 0 | V16: 0 | W16: 0 | X16: 0 | Y16: 0 | Z16: 0 | AA16: 0 | AB16: 0 | AC16: 0 | AD16: 0 | AE16: 0 | AF16: 0 | AG16: 0 | AH16: 0 | AI16: 0 | AJ16: 0 | AK16: 0 | AL16: 0 | AM16: 0 | AN16: 0 | AO16: 0 | AP16: 0 | AQ16: 0 | AR16: 0 | AS16: 0 | AT16: 0 | AU16: 0 | AV16: 0 | AW16: 0 | AX16: 0 | AY16: 0 | AZ16: 0 | BA16: 0 | BB16: 0 | BC16: 0 | BD16: 0 | BE16: 0 | BF16: 0 | BG16: 0 | BH16: 0 | BI16: 0 | BJ16: 0 | BK16: 0 | BL16: 0 | BM16: 0 | BN16: 0 | BO16: 0 | BP16: 0 | BQ16: 0 | BR16: 0 | BS16: 0 | BT16: 0 | BU16: 0 | BV16: 0 | BW16: 0 | BX16: 0 | BY16: 0 | BZ16: 0 | CA16: 0 | CB16: 0 | CC16: 0 | CD16: 0 | CE16: 0 | CF16: 0 | CG16: 0 | CI16: 3555.81 | CJ16: 0 | CK16: 0 | CL16: 3555.81 | CN16: 0 | CO16: 0 | CP16: 0 | CR16: 3555.81 | CS16: =R16-CR16 -> 5124.19 | CT16: =IF(R16=0,"n/a",CR16/(R16)) -> 0.40965553
A17: %,V411000 | B17: 411000 | C17: Prop Tax-Mill Levy Override | D17: 0 | E17: 0 | F17: 961827.16 | G17: 0 | H17: 961827.16 | J17: 0 | K17: 0 | L17: 0 | N17: 961827.16 | P17: -973789 | Q17: 0 | R17: 979418.16 | T17: 0 | U17: 0 | V17: 0 | W17: 0 | X17: 0 | Y17: 0 | Z17: 0 | AA17: 0 | AB17: 0 | AC17: 0 | AD17: 0 | AE17: 0 | AF17: 0 | AG17: 0 | AH17: 0 | AI17: 0 | AJ17: 0 | AK17: 0 | AL17: 0 | AM17: 0 | AN17: 0 | AO17: 0 | AP17: 0 | AQ17: 0 | AR17: 0 | AS17: 0 | AT17: 0 | AU17: 0 | AV17: 0 | AW17: 0 | AX17: 0 | AY17: 0 | AZ17: 0 | BA17: 0 | BB17: 0 | BC17: 0 | BD17: 0 | BE17: 0 | BF17: 0 | BG17: 0 | BH17: 0 | BI17: 0 | BJ17: 0 | BK17: 0 | BL17: 0 | BM17: 0 | BN17: 0 | BO17: 0 | BP17: 0 | BQ17: 0 | BR17: 0 | BS17: 0 | BT17: 0 | BU17: 0 | BV17: 0 | BW17: 0 | BX17: 0 | BY17: 0 | BZ17: 0 | CA17: 0 | CB17: 0 | CC17: 0 | CD17: 0 | CE17: 0 | CF17: 0 | CG17: 0 | CI17: 0 | CJ17: 0 | CK17: 491847.59 | CL17: 491847.59 | CN17: 0 | CO17: 0 | CP17: 0 | CR17: 491847.59 | CS17: =R17-CR17 -> 487570.57 | CT17: =IF(R17=0,"n/a",CR17/(R17)) -> 0.50218345
A18: %,V415000 | B18: 415000 | C18: Earnings On Investments | D18: 0 | E18: 0 | F18: 0 | G18: 0 | H18: 0 | J18: 0 | K18: 5917.4 | L18: 5917.4 | N18: 5917.4 | P18: -3800 | Q18: 0 | R18: =-1*(P18+Q18) -> 3800 | T18: 0 | U18: 0 | V18: 0 | W18: 0 | X18: 0 | Y18: 0 | Z18: 0 | AA18: 0 | AB18: 0 | AC18: 0 | AD18: 0 | AE18: 0 | AF18: 0 | AG18: 0 | AH18: 0 | AI18: 0 | AJ18: 0 | AK18: 0 | AL18: 0 | AM18: 0 | AN18: 0 | AO18: 0 | AP18: 0 | AQ18: 0 | AR18: 0 | AS18: 0 | AT18: 0 | AU18: 0 | AV18: 0 | AW18: 0 | AX18: 0 | AY18: 0 | AZ18: 0 | BA18: 0 | BB18: 0 | BC18: 0 | BD18: 0 | BE18: 0 | BF18: 0 | BG18: 0 | BH18: 0 | BI18: 0 | BJ18: 0 | BK18: 0 | BL18: 0 | BM18: 0 | BN18: 0 | BO18: 0 | BP18: 0 | BQ18: 0 | BR18: 0 | BS18: 0 | BT18: 0 | BU18: 0 | BV18: 0 | BW18: 0 | BX18: 0 | BY18: 0 | BZ18: 0 | CA18: 0 | CB18: 0 | CC18: 0 | CD18: 0 | CE18: 0 | CF18: 0 | CG18: 0 | CI18: 0 | CJ18: 0 | CK18: 0 | CL18: 0 | CN18: 0 | CO18: 2922.19 | CP18: 2922.19 | CR18: 2922.19 | CS18: =R18-CR18 -> 877.81 | CT18: =IF(R18=0,"n/a",CR18/(R18)) -> 0.76899737
A19: %,V419000 | B19: 419000 | C19: Other Revenue | D19: 160 | E19: 0 | F19: 29992.21 | G19: 300 | H19: 30452.21 | J19: 0 | K19: 0 | L19: 0 | N19: 30452.21 | P19: -31815 | Q19: 0 | R19: =-1*(P19+Q19) -> 31815 | T19: 0 | U19: 0 | V19: 0 | W19: 0 | X19: 0 | Y19: 0 | Z19: 0 | AA19: 0 | AB19: 0 | AC19: 0 | AD19: 0 | AE19: 0 | AF19: 0 | AG19: 0 | AH19: 0 | AI19: 0 | AJ19: 0 | AK19: 0 | AL19: 0 | AM19: 0 | AN19: 0 | AO19: 0 | AP19: 0 | AQ19: 0 | AR19: 0 | AS19: 0 | AT19: 0 | AU19: 0 | AV19: 0 | AW19: 0 | AX19: 0 | AY19: 0 | AZ19: 0 | BA19: 0 | BB19: 0 | BC19: 0 | BD19: 0 | BE19: 0 | BF19: 0 | BG19: 0 | BH19: 0 | BI19: 0 | BJ19: 0 | BK19: 0 | BL19: 0 | BM19: 0 | BN19: 0 | BO19: 0 | BP19: 0 | BQ19: 0 | BR19: 0 | BS19: 0 | BT19: 0 | BU19: 0 | BV19: 0 | BW19: 0 | BX19: 0 | BY19: 0 | BZ19: 0 | CA19: 0 | CB19: 0 | CC19: 0 | CD19: 0 | CE19: 0 | CF19: 0 | CG19: 0 | CI19: 0 | CJ19: 0 | CK19: 4.5 | CL19: 4.5 | CN19: 0 | CO19: 0 | CP19: 0 | CR19: 4.5 | CS19: =R19-CR19 -> 31810.5 | CT19: =IF(R19=0,"n/a",CR19/(R19)) -> 0.00014144272
A20: %,V433000 | B20: 433000 | C20: State Revenue - Other | D20: 0 | E20: 0 | F20: 1657.17 | G20: 0 | H20: 1657.17 | J20: 182038.08 | K20: 0 | L20: 182038.08 | N20: 183695.25 | P20: -209712 | Q20: 0 | R20: 205193.76 | T20: 0 | U20: 0 | V20: 0 | W20: 0 | X20: 0 | Y20: 0 | Z20: 0 | AA20: 0 | AB20: 0 | AC20: 0 | AD20: 0 | AE20: 0 | AF20: 0 | AG20: 0 | AH20: 0 | AI20: 0 | AJ20: 0 | AK20: 0 | AL20: 0 | AM20: 0 | AN20: 0 | AO20: 0 | AP20: 0 | AQ20: 0 | AR20: 0 | AS20: 0 | AT20: 0 | AU20: 0 | AV20: 0 | AW20: 0 | AX20: 0 | AY20: 0 | AZ20: 0 | BA20: 0 | BB20: 0 | BC20: 0 | BD20: 0 | BE20: 0 | BF20: 0 | BG20: 0 | BH20: 0 | BI20: 0 | BJ20: 0 | BK20: 0 | BL20: 0 | BM20: 0 | BN20: 0 | BO20: 0 | BP20: 0 | BQ20: 0 | BR20: 0 | BS20: 0 | BT20: 0 | BU20: 0 | BV20: 0 | BW20: 0 | BX20: 0 | BY20: 0 | BZ20: 0 | CA20: 0 | CB20: 0 | CC20: 0 | CD20: 0 | CE20: 0 | CF20: 0 | CG20: 0 | CI20: 0 | CJ20: 0 | CK20: 0 | CL20: 0 | CN20: 67404.52 | CO20: 0 | CP20: 67404.52 | CR20: 67404.52 | CS20: =R20-CR20 -> 137789.24 | CT20: =IF(R20=0,"n/a",CR20/(R20)) -> 0.32849206
A21: %,V434000 | B21: 434000 | C21: Exceptional Children Revenue | D21: 0 | E21: 0 | F21: 80991 | G21: 0 | H21: 80991 | J21: 0 | K21: 0 | L21: 0 | N21: 80991 | P21: -76250 | Q21: 0 | R21: 81270 | T21: 0 | U21: 0 | V21: 0 | W21: 0 | X21: 0 | Y21: 0 | Z21: 0 | AA21: 0 | AB21: 0 | AC21: 0 | AD21: 0 | AE21: 0 | AF21: 0 | AG21: 0 | AH21: 0 | AI21: 0 | AJ21: 0 | AK21: 0 | AL21: 0 | AM21: 0 | AN21: 0 | AO21: 0 | AP21: 0 | AQ21: 0 | AR21: 0 | AS21: 0 | AT21: 0 | AU21: 0 | AV21: 0 | AW21: 0 | AX21: 0 | AY21: 0 | AZ21: 0 | BA21: 0 | BB21: 0 | BC21: 0 | BD21: 0 | BE21: 0 | BF21: 0 | BG21: 0 | BH21: 0 | BI21: 0 | BJ21: 0 | BK21: 0 | BL21: 0 | BM21: 0 | BN21: 0 | BO21: 0 | BP21: 0 | BQ21: 0 | BR21: 0 | BS21: 0 | BT21: 0 | BU21: 0 | BV21: 0 | BW21: 0 | BX21: 0 | BY21: 0 | BZ21: 0 | CA21: 0 | CB21: 0 | CC21: 0 | CD21: 0 | CE21: 0 | CF21: 0 | CG21: 0 | CI21: 0 | CJ21: 0 | CK21: 81270 | CL21: 81270 | CN21: 0 | CO21: 0 | CP21: 0 | CR21: 81270 | CS21: =R21-CR21 -> 0 | CT21: =IF(R21=0,"n/a",CR21/(R21)) -> 1
A22: %,V438000 | B22: 438000 | C22: State ELPA Revenue | D22: 0 | E22: 0 | F22: 11826.86 | G22: 0 | H22: 11826.86 | J22: 0 | K22: 0 | L22: 0 | N22: 11826.86 | P22: 0 | Q22: 0 | R22: =-1*(P22+Q22) -> 0 | T22: 0 | U22: 0 | V22: 0 | W22: 0 | X22: 0 | Y22: 0 | Z22: 0 | AA22: 0 | AB22: 0 | AC22: 0 | AD22: 0 | AE22: 0 | AF22: 0 | AG22: 0 | AH22: 0 | AI22: 0 | AJ22: 0 | AK22: 0 | AL22: 0 | AM22: 0 | AN22: 0 | AO22: 0 | AP22: 0 | AQ22: 0 | AR22: 0 | AS22: 0 | AT22: 0 | AU22: 0 | AV22: 0 | AW22: 0 | AX22: 0 | AY22: 0 | AZ22: 0 | BA22: 0 | BB22: 0 | BC22: 0 | BD22: 0 | BE22: 0 | BF22: 0 | BG22: 0 | BH22: 0 | BI22: 0 | BJ22: 0 | BK22: 0 | BL22: 0 | BM22: 0 | BN22: 0 | BO22: 0 | BP22: 0 | BQ22: 0 | BR22: 0 | BS22: 0 | BT22: 0 | BU22: 0 | BV22: 0 | BW22: 0 | BX22: 0 | BY22: 0 | BZ22: 0 | CA22: 0 | CB22: 0 | CC22: 0 | CD22: 0 | CE22: 0 | CF22: 0 | CG22: 0 | CI22: 0 | CJ22: 0 | CK22: 0 | CL22: 0 | CN22: 0 | CO22: 0 | CP22: 0 | CR22: 0 | CS22: =R22-CR22 -> 0 | CT22: =IF(R22=0,"n/a",CR22/(R22)) -> n/a
A23: %,V450000 | B23: 450000 | C23: Funding PPR | D23: 0 | E23: 0 | F23: 5159406.1 | G23: 0 | H23: 5159406.1 | J23: 0 | K23: 465569.95 | L23: 465569.95 | N23: 5159406.1 | P23: -5553551 | Q23: 0 | R23: 5586600.5 | T23: 0 | U23: 0 | V23: 0 | W23: 0 | X23: 0 | Y23: 0 | Z23: 0 | AA23: 0 | AB23: 0 | AC23: 0 | AD23: 0 | AE23: 0 | AF23: 0 | AG23: 0 | AH23: 0 | AI23: 0 | AJ23: 0 | AK23: 0 | AL23: 0 | AM23: 0 | AN23: 0 | AO23: 0 | AP23: 0 | AQ23: 0 | AR23: 0 | AS23: 0 | AT23: 0 | AU23: 0 | AV23: 0 | AW23: 0 | AX23: 0 | AY23: 0 | AZ23: 0 | BA23: 0 | BB23: 0 | BC23: 0 | BD23: 0 | BE23: 0 | BF23: 0 | BG23: 0 | BH23: 0 | BI23: 0 | BJ23: 0 | BK23: 0 | BL23: 0 | BM23: 0 | BN23: 0 | BO23: 0 | BP23: 0 | BQ23: 0 | BR23: 0 | BS23: 0 | BT23: 0 | BU23: 0 | BV23: 0 | BW23: 0 | BX23: 0 | BY23: 0 | BZ23: 0 | CA23: 0 | CB23: 0 | CC23: 0 | CD23: 0 | CE23: 0 | CF23: 0 | CG23: 0 | CI23: 0 | CJ23: 0 | CK23: 2777334.8 | CL23: 2777334.8 | CN23: 0 | CO23: 230294.59 | CP23: 0 | CR23: 2777334.8 | CS23: =R23-CR23 -> 2809265.7 | CT23: =IF(R23=0,"n/a",CR23/(R23)) -> 0.49714219
B24: 450000 | C24: Transfers Bond | N24: 465569.95 | R24: 467155.04 | CG24: 0 | CL24: 0 | CP24: 230294.59 | CR24: 230294.59 | CS24: =R24-CR24 -> 236860.45 | CT24: =IF(R24=0,"n/a",CR24/(R24)) -> 0.4929725
A25: %,V451000 | B25: 451000 | C25: Fees/Dues | D25: 0 | E25: 0 | F25: 70746.78 | G25: 0 | H25: 70746.78 | J25: 0 | K25: 0 | L25: 0 | N25: 70746.78 | P25: -65000 | Q25: 0 | R25: 54800 | T25: 0 | U25: 0 | V25: 0 | W25: 0 | X25: 0 | Y25: 0 | Z25: 0 | AA25: 0 | AB25: 0 | AC25: 0 | AD25: 0 | AE25: 0 | AF25: 0 | AG25: 0 | AH25: 0 | AI25: 0 | AJ25: 0 | AK25: 0 | AL25: 0 | AM25: 0 | AN25: 0 | AO25: 0 | AP25: 0 | AQ25: 0 | AR25: 0 | AS25: 0 | AT25: 0 | AU25: 0 | AV25: 0 | AW25: 0 | AX25: 0 | AY25: 0 | AZ25: 0 | BA25: 0 | BB25: 0 | BC25: 0 | BD25: 0 | BE25: 0 | BF25: 0 | BG25: 0 | BH25: 0 | BI25: 0 | BJ25: 0 | BK25: 0 | BL25: 0 | BM25: 0 | BN25: 0 | BO25: 0 | BP25: 0 | BQ25: 0 | BR25: 0 | BS25: 0 | BT25: 0 | BU25: 0 | BV25: 0 | BW25: 0 | BX25: 0 | BY25: 0 | BZ25: 0 | CA25: 0 | CB25: 0 | CC25: 0 | CD25: 0 | CE25: 0 | CF25: 0 | CG25: 0 | CI25: 0 | CJ25: 0 | CK25: 48549.37 | CL25: 48549.37 | CN25: 0 | CO25: 0 | CP25: 0 | CR25: 48549.37 | CS25: =R25-CR25 -> 6250.63 | CT25: =IF(R25=0,"n/a",CR25/(R25)) -> 0.88593741
A26: %,V455000 | B26: 455000 | C26: Tuition from Individuals | D26: 0 | E26: 120941.9 | F26: 0 | G26: 0 | H26: 120941.9 | J26: 0 | K26: 0 | L26: 0 | N26: 120941.9 | P26: -155000 | Q26: 0 | R26: 145000 | T26: 0 | U26: 0 | V26: 0 | W26: 0 | X26: 0 | Y26: 0 | Z26: 0 | AA26: 0 | AB26: 0 | AC26: 0 | AD26: 0 | AE26: 0 | AF26: 0 | AG26: 0 | AH26: 0 | AI26: 0 | AJ26: 0 | AK26: 0 | AL26: 0 | AM26: 0 | AN26: 0 | AO26: 0 | AP26: 0 | AQ26: 0 | AR26: 0 | AS26: 0 | AT26: 0 | AU26: 0 | AV26: 0 | AW26: 0 | AX26: 0 | AY26: 0 | AZ26: 0 | BA26: 0 | BB26: 0 | BC26: 0 | BD26: 0 | BE26: 0 | BF26: 0 | BG26: 0 | BH26: 0 | BI26: 0 | BJ26: 0 | BK26: 0 | BL26: 0 | BM26: 0 | BN26: 0 | BO26: 0 | BP26: 0 | BQ26: 0 | BR26: 0 | BS26: 0 | BT26: 0 | BU26: 0 | BV26: 0 | BW26: 0 | BX26: 0 | BY26: 0 | BZ26: 0 | CA26: 0 | CB26: 0 | CC26: 0 | CD26: 0 | CE26: 0 | CF26: 0 | CG26: 0 | CI26: 0 | CJ26: 69133.8 | CK26: 0 | CL26: 69133.8 | CN26: 0 | CO26: 0 | CP26: 0 | CR26: 69133.8 | CS26: =R26-CR26 -> 75866.2 | CT26: =IF(R26=0,"n/a",CR26/(R26)) -> 0.47678483
A27: %,V456000 | B27: 456000 | C27: Tuition-Extended Day Kdgn | D27: 0 | E27: 0 | F27: 123461 | G27: 0 | H27: 123461 | J27: 0 | K27: 0 | L27: 0 | N27: 123461 | P27: -124000 | Q27: 0 | R27: 125000 | T27: 0 | U27: 0 | V27: 0 | W27: 0 | X27: 0 | Y27: 0 | Z27: 0 | AA27: 0 | AB27: 0 | AC27: 0 | AD27: 0 | AE27: 0 | AF27: 0 | AG27: 0 | AH27: 0 | AI27: 0 | AJ27: 0 | AK27: 0 | AL27: 0 | AM27: 0 | AN27: 0 | AO27: 0 | AP27: 0 | AQ27: 0 | AR27: 0 | AS27: 0 | AT27: 0 | AU27: 0 | AV27: 0 | AW27: 0 | AX27: 0 | AY27: 0 | AZ27: 0 | BA27: 0 | BB27: 0 | BC27: 0 | BD27: 0 | BE27: 0 | BF27: 0 | BG27: 0 | BH27: 0 | BI27: 0 | BJ27: 0 | BK27: 0 | BL27: 0 | BM27: 0 | BN27: 0 | BO27: 0 | BP27: 0 | BQ27: 0 | BR27: 0 | BS27: 0 | BT27: 0 | BU27: 0 | BV27: 0 | BW27: 0 | BX27: 0 | BY27: 0 | BZ27: 0 | CA27: 0 | CB27: 0 | CC27: 0 | CD27: 0 | CE27: 0 | CF27: 0 | CG27: 0 | CI27: 0 | CJ27: 0 | CK27: 73610 | CL27: 73610 | CN27: 0 | CO27: 0 | CP27: 0 | CR27: 73610 | CS27: =R27-CR27 -> 51390 | CT27: =IF(R27=0,"n/a",CR27/(R27)) -> 0.58888
A28: %,V461000 | B28: 461000 | C28: Building Rental | D28: 0 | E28: 0 | F28: 13583.43 | G28: 0 | H28: 13583.43 | J28: 0 | K28: 0 | L28: 0 | N28: 13583.43 | P28: -18000 | Q28: 0 | R28: 18000 | T28: 0 | U28: 0 | V28: 0 | W28: 0 | X28: 0 | Y28: 0 | Z28: 0 | AA28: 0 | AB28: 0 | AC28: 0 | AD28: 0 | AE28: 0 | AF28: 0 | AG28: 0 | AH28: 0 | AI28: 0 | AJ28: 0 | AK28: 0 | AL28: 0 | AM28: 0 | AN28: 0 | AO28: 0 | AP28: 0 | AQ28: 0 | AR28: 0 | AS28: 0 | AT28: 0 | AU28: 0 | AV28: 0 | AW28: 0 | AX28: 0 | AY28: 0 | AZ28: 0 | BA28: 0 | BB28: 0 | BC28: 0 | BD28: 0 | BE28: 0 | BF28: 0 | BG28: 0 | BH28: 0 | BI28: 0 | BJ28: 0 | BK28: 0 | BL28: 0 | BM28: 0 | BN28: 0 | BO28: 0 | BP28: 0 | BQ28: 0 | BR28: 0 | BS28: 0 | BT28: 0 | BU28: 0 | BV28: 0 | BW28: 0 | BX28: 0 | BY28: 0 | BZ28: 0 | CA28: 0 | CB28: 0 | CC28: 0 | CD28: 0 | CE28: 0 | CF28: 0 | CG28: 0 | CI28: 0 | CJ28: 0 | CK28: 4830 | CL28: 4830 | CN28: 0 | CO28: 0 | CP28: 0 | CR28: 4830 | CS28: =R28-CR28 -> 13170 | CT28: =IF(R28=0,"n/a",CR28/(R28)) -> 0.26833333
A29: %,V474000 | B29: 474000 | C29: Transportation - Field Trips | D29: 47714.15 | E29: 407.85 | F29: 0 | G29: 0 | H29: 48122 | J29: 0 | K29: 0 | L29: 0 | N29: 48122 | P29: -43550 | Q29: 0 | R29: 48810 | T29: 0 | U29: 0 | V29: 0 | W29: 0 | X29: 0 | Y29: 0 | Z29: 0 | AA29: 0 | AB29: 0 | AC29: 0 | AD29: 0 | AE29: 0 | AF29: 0 | AG29: 0 | AH29: 0 | AI29: 0 | AJ29: 0 | AK29: 0 | AL29: 0 | AM29: 0 | AN29: 0 | AO29: 0 | AP29: 0 | AQ29: 0 | AR29: 0 | AS29: 0 | AT29: 0 | AU29: 0 | AV29: 0 | AW29: 0 | AX29: 0 | AY29: 0 | AZ29: 0 | BA29: 0 | BB29: 0 | BC29: 0 | BD29: 0 | BE29: 0 | BF29: 0 | BG29: 0 | BH29: 0 | BI29: 0 | BJ29: 0 | BK29: 0 | BL29: 0 | BM29: 0 | BN29: 0 | BO29: 0 | BP29: 0 | BQ29: 0 | BR29: 0 | BS29: 0 | BT29: 0 | BU29: 0 | BV29: 0 | BW29: 0 | BX29: 0 | BY29: 0 | BZ29: 0 | CA29: 0 | CB29: 0 | CC29: 0 | CD29: 0 | CE29: 0 | CF29: 0 | CG29: 0 | CI29: 30353 | CJ29: 0 | CK29: 0 | CL29: 30353 | CN29: 0 | CO29: 0 | CP29: 0 | CR29: 30353 | CS29: =R29-CR29 -> 18457 | CT29: =IF(R29=0,"n/a",CR29/(R29)) -> 0.62186027
A30: %,V482000 | B30: 482000 | C30: Activity Revenue | D30: 25411 | E30: 0 | F30: 0 | G30: 0 | H30: 25411 | J30: 0 | K30: 0 | L30: 0 | N30: 25411 | P30: -23000 | Q30: 0 | R30: 11500 | T30: 0 | U30: 0 | V30: 0 | W30: 0 | X30: 0 | Y30: 0 | Z30: 0 | AA30: 0 | AB30: 0 | AC30: 0 | AD30: 0 | AE30: 0 | AF30: 0 | AG30: 0 | AH30: 0 | AI30: 0 | AJ30: 0 | AK30: 0 | AL30: 0 | AM30: 0 | AN30: 0 | AO30: 0 | AP30: 0 | AQ30: 0 | AR30: 0 | AS30: 0 | AT30: 0 | AU30: 0 | AV30: 0 | AW30: 0 | AX30: 0 | AY30: 0 | AZ30: 0 | BA30: 0 | BB30: 0 | BC30: 0 | BD30: 0 | BE30: 0 | BF30: 0 | BG30: 0 | BH30: 0 | BI30: 0 | BJ30: 0 | BK30: 0 | BL30: 0 | BM30: 0 | BN30: 0 | BO30: 0 | BP30: 0 | BQ30: 0 | BR30: 0 | BS30: 0 | BT30: 0 | BU30: 0 | BV30: 0 | BW30: 0 | BX30: 0 | BY30: 0 | BZ30: 0 | CA30: 0 | CB30: 0 | CC30: 0 | CD30: 0 | CE30: 0 | CF30: 0 | CG30: 0 | CI30: 5253.25 | CJ30: 0 | CK30: 0 | CL30: 5253.25 | CN30: 0 | CO30: 0 | CP30: 0 | CR30: 5253.25 | CS30: =R30-CR30 -> 6246.75 | CT30: =IF(R30=0,"n/a",CR30/(R30)) -> 0.45680435
A31: %,V498000 | B31: 498000 | C31: Donations | D31: 0 | E31: 0 | F31: 1988.19 | G31: 0 | H31: 1988.19 | J31: 0 | K31: 0 | L31: 0 | N31: 1988.19 | P31: -5000 | Q31: 0 | R31: =-1*(P31+Q31) -> 5000 | T31: 0 | U31: 0 | V31: 0 | W31: 0 | X31: 0 | Y31: 0 | Z31: 0 | AA31: 0 | AB31: 0 | AC31: 0 | AD31: 0 | AE31: 0 | AF31: 0 | AG31: 0 | AH31: 0 | AI31: 0 | AJ31: 0 | AK31: 0 | AL31: 0 | AM31: 0 | AN31: 0 | AO31: 0 | AP31: 0 | AQ31: 0 | AR31: 0 | AS31: 0 | AT31: 0 | AU31: 0 | AV31: 0 | AW31: 0 | AX31: 0 | AY31: 0 | AZ31: 0 | BA31: 0 | BB31: 0 | BC31: 0 | BD31: 0 | BE31: 0 | BF31: 0 | BG31: 0 | BH31: 0 | BI31: 0 | BJ31: 0 | BK31: 0 | BL31: 0 | BM31: 0 | BN31: 0 | BO31: 0 | BP31: 0 | BQ31: 0 | BR31: 0 | BS31: 0 | BT31: 0 | BU31: 0 | BV31: 0 | BW31: 0 | BX31: 0 | BY31: 0 | BZ31: 0 | CA31: 0 | CB31: 0 | CC31: 0 | CD31: 0 | CE31: 0 | CF31: 0 | CG31: 0 | CI31: 0 | CJ31: 0 | CK31: 1199 | CL31: 1199 | CN31: 0 | CO31: 0 | CP31: 0 | CR31: 1199 | CS31: =R31-CR31 -> 3801 | CT31: =IF(R31=0,"n/a",CR31/(R31)) -> 0.2398
A32: %,V499000 | B32: 499000 | C32: Miscellaneous Revenue | D32: 0 | E32: 0 | F32: 0 | G32: 0 | H32: 0 | J32: 0 | K32: 0 | L32: 0 | N32: 0 | P32: -600 | Q32: 0 | R32: =-1*(P32+Q32) -> 600 | T32: 0 | U32: 0 | V32: 0 | W32: 0 | X32: 0 | Y32: 0 | Z32: 0 | AA32: 0 | AB32: 0 | AC32: 0 | AD32: 0 | AE32: 0 | AF32: 0 | AG32: 0 | AH32: 0 | AI32: 0 | AJ32: 0 | AK32: 0 | AL32: 0 | AM32: 0 | AN32: 0 | AO32: 0 | AP32: 0 | AQ32: 0 | AR32: 0 | AS32: 0 | AT32: 0 | AU32: 0 | AV32: 0 | AW32: 0 | AX32: 0 | AY32: 0 | AZ32: 0 | BA32: 0 | BB32: 0 | BC32: 0 | BD32: 0 | BE32: 0 | BF32: 0 | BG32: 0 | BH32: 0 | BI32: 0 | BJ32: 0 | BK32: 0 | BL32: 0 | BM32: 0 | BN32: 0 | BO32: 0 | BP32: 0 | BQ32: 0 | BR32: 0 | BS32: 0 | BT32: 0 | BU32: 0 | BV32: 0 | BW32: 0 | BX32: 0 | BY32: 0 | BZ32: 0 | CA32: 0 | CB32: 0 | CC32: 0 | CD32: 0 | CE32: 0 | CF32: 0 | CG32: 0 | CI32: 0 | CJ32: 0 | CK32: 4 | CL32: 4 | CN32: 0 | CO32: 0 | CP32: 0 | CR32: 4 | CS32: =R32-CR32 -> 596 | CT32: =IF(R32=0,"n/a",CR32/(R32)) -> 0.0066666667
A33: %,V950500 | B33: 950500 | C33: State Intercept Bond Transfer | D33: 0 | E33: 0 | F33: -283531.87 | G33: 0 | H33: -283531.87 | J33: -182038.08 | K33: 0 | L33: -182038.08 | N33: -465569.95 | P33: 0 | Q33: 0 | R33: -467155.04 | T33: 0 | U33: 0 | V33: 0 | W33: 0 | X33: 0 | Y33: 0 | Z33: 0 | AA33: 0 | AB33: 0 | AC33: 0 | AD33: 0 | AE33: 0 | AF33: 0 | AG33: 0 | AH33: 0 | AI33: 0 | AJ33: 0 | AK33: 0 | AL33: 0 | AM33: 0 | AN33: 0 | AO33: 0 | AP33: 0 | AQ33: 0 | AR33: 0 | AS33: 0 | AT33: 0 | AU33: 0 | AV33: 0 | AW33: 0 | AX33: 0 | AY33: 0 | AZ33: 0 | BA33: 0 | BB33: 0 | BC33: 0 | BD33: 0 | BE33: 0 | BF33: 0 | BG33: 0 | BH33: 0 | BI33: 0 | BJ33: 0 | BK33: 0 | BL33: 0 | BM33: 0 | BN33: 0 | BO33: 0 | BP33: 0 | BQ33: 0 | BR33: 0 | BS33: 0 | BT33: 0 | BU33: 0 | BV33: 0 | BW33: 0 | BX33: 0 | BY33: 0 | BZ33: 0 | CA33: 0 | CB33: 0 | CC33: 0 | CD33: 0 | CE33: 0 | CF33: 0 | CG33: 0 | CI33: 0 | CJ33: 0 | CK33: -129187.81 | CL33: -129187.81 | CN33: -101106.78 | CO33: 0 | CP33: -101106.78 | CR33: -230294.59 | CS33: =R33-CR33 -> -236860.45 | CT33: =IF(R33=0,"n/a",CR33/(R33)) -> 0.4929725
A34: %,R,FACCOUNT,TACCOUNT_ROLLUP,X,NREVENUE | C34: Revenues | D34: 103937.4 | E34: 121549.75 | F34: 6187233.7 | G34: 300 | H34: 6413020.8 | J34: 0 | K34: 471487.35 | L34: 471487.35 | N34: 6884508.2 | P34: -7329794 | Q34: 0 | R34: =SUM(R13:R33) -> 7343534.5 | T34: 0 | U34: 0 | V34: 0 | W34: 0 | X34: 0 | Y34: 0 | Z34: 0 | AA34: 0 | AB34: 0 | AC34: 0 | AD34: 0 | AE34: 0 | AF34: 0 | AG34: 0 | AH34: 0 | AI34: 0 | AJ34: 0 | AK34: 0 | AL34: 0 | AM34: 0 | AN34: 0 | AO34: 0 | AP34: 0 | AQ34: 0 | AR34: 0 | AS34: 0 | AT34: 0 | AU34: 0 | AV34: 0 | AW34: 0 | AX34: 0 | AY34: 0 | AZ34: 0 | BA34: 0 | BB34: 0 | BC34: 0 | BD34: 0 | BE34: 0 | BF34: 0 | BG34: 0 | BH34: 0 | BI34: 0 | BJ34: 0 | BK34: 0 | BL34: 0 | BM34: 0 | BN34: 0 | BO34: 0 | BP34: 0 | BQ34: 0 | BR34: 0 | BS34: 0 | BT34: 0 | BU34: 0 | BV34: 0 | BW34: 0 | BX34: 0 | BY34: 0 | BZ34: 0 | CA34: 0 | CB34: 0 | CC34: 0 | CD34: 0 | CE34: 0 | CF34: 0 | CG34: 0 | CI34: 45671.69 | CJ34: 69133.8 | CK34: 3351266.1 | CL34: 3466071.6 | CN34: -33702.26 | CO34: 233216.78 | CP34: 199514.52 | CR34: 3665586.1 | CS34: =R34-CR34 -> 3677948.3 | CT34: =IF(R34=0,"n/a",CR34/(R34)) -> 0.49915829
A36: %,C | C36: Available | D36: =D11+D34 -> 103937.4 | E36: =E11+E34 -> 121549.75 | F36: =F11+F34 -> 6187233.7 | G36: =G11+G34 -> 300 | H36: =H11+H34 -> 9058424.5 | J36: =J11+J34 -> 0 | K36: =K11+K34 -> 471487.35 | L36: =L11+L34 -> 471487.35 | N36: =N11+N34 -> 9529911.9 | R36: =R11+R34 -> 7343534.5 | CI36: =CI11+CI34 -> 45671.69 | CJ36: =CJ11+CJ34 -> 69133.8 | CK36: =CK11+CK34 -> 3351266.1 | CL36: =CL11+CL34 -> 5564537.8 | CN36: =CN11+CN34 -> -33702.26 | CO36: =CO11+CO34 -> 233216.78 | CP36: =CP11+CP34 -> 988078.97 | CR36: =CR11+CR34 -> 6552616.8 | CS36: =CS11+CS34 -> 3677948.3 | CT36: =IF(R36=0,"n/a",CR36/(R36)) -> 0.89229741
A38: %,V512100 | B38: 512100 | C38: Principal | D38: 0 | E38: 0 | F38: 113537.25 | G38: 0 | H38: 113537.25 | J38: 0 | K38: 0 | L38: 0 | N38: 0 | P38: 0 | Q38: 0 | T38: 112200 | U38: 0 | V38: 0 | W38: 0 | X38: 0 | Y38: 0 | Z38: 0 | AA38: 0 | AB38: 0 | AC38: 0 | AD38: 0 | AE38: 0 | AF38: 0 | AG38: 0 | AH38: 0 | AI38: 0 | AJ38: 0 | AK38: 0 | AL38: 0 | AM38: 0 | AN38: 0 | AO38: 0 | AP38: 0 | AQ38: 0 | AR38: 0 | AS38: 0 | AT38: 0 | AU38: 0 | AV38: 0 | AW38: 0 | AX38: 0 | AY38: 0 | AZ38: 0 | BA38: 0 | BB38: 0 | BC38: 0 | BD38: 0 | BE38: 0 | BF38: 0 | BG38: 0 | BH38: 0 | BI38: 0 | BJ38: 0 | BK38: 0 | BL38: 0 | BM38: 0 | BN38: 0 | BO38: 0 | BP38: 0 | BQ38: 0 | BR38: 0 | BS38: 0 | BT38: 0 | BU38: 0 | BV38: 0 | BW38: 0 | BX38: 0 | BY38: 0 | BZ38: 0 | CA38: 0 | CB38: 0 | CC38: 0 | CD38: 0 | CE38: 0 | CF38: 0 | CG38: 0 | CI38: 0 | CJ38: 0 | CK38: 37216.67 | CL38: 0 | CN38: 0 | CO38: 0 | CP38: 0 | CR38: 0 | CS38: =CG38-CR38 -> 0 | CT38: =IF(CG38=0,"n/a",CR38/(CG38)) -> n/a
A39: %,V513100 | B39: 513100 | C39: Assistant Principal | D39: 0 | E39: 0 | F39: 163422.01 | G39: 0 | H39: 163422.01 | J39: 0 | K39: 0 | L39: 0 | N39: 0 | P39: 0 | Q39: 0 | T39: 0 | U39: 159000 | V39: 0 | W39: 0 | X39: 0 | Y39: 0 | Z39: 0 | AA39: 0 | AB39: 0 | AC39: 0 | AD39: 0 | AE39: 0 | AF39: 0 | AG39: 0 | AH39: 0 | AI39: 0 | AJ39: 0 | AK39: 0 | AL39: 0 | AM39: 0 | AN39: 0 | AO39: 0 | AP39: 0 | AQ39: 0 | AR39: 0 | AS39: 0 | AT39: 0 | AU39: 0 | AV39: 0 | AW39: 0 | AX39: 0 | AY39: 0 | AZ39: 0 | BA39: 0 | BB39: 0 | BC39: 0 | BD39: 0 | BE39: 0 | BF39: 0 | BG39: 0 | BH39: 0 | BI39: 0 | BJ39: 0 | BK39: 0 | BL39: 0 | BM39: 0 | BN39: 0 | BO39: 0 | BP39: 0 | BQ39: 0 | BR39: 0 | BS39: 0 | BT39: 0 | BU39: 0 | BV39: 0 | BW39: 0 | BX39: 0 | BY39: 0 | BZ39: 0 | CA39: 0 | CB39: 0 | CC39: 0 | CD39: 0 | CE39: 0 | CF39: 0 | CG39: 0 | CI39: 0 | CJ39: 0 | CK39: 52569.67 | CL39: 0 | CN39: 0 | CO39: 0 | CP39: 0 | CR39: 0 | CS39: =CG39-CR39 -> 0 | CT39: =IF(CG39=0,"n/a",CR39/(CG39)) -> n/a
B40: 512100-513400 | C40: Admistration | N40: 276959.26 | CG40: 271200 | CL40: 89786.34 | CP40: 0 | CR40: 89786.34 | CS40: =CG40-CR40 -> 181413.66 | CT40: =IF(CG40=0,"n/a",CR40/(CG40)) -> 0.33107058
A41: %,V521100 | B41: 521100 | C41: Teacher | D41: 6666.64 | E41: 42956.25 | F41: 1985260.7 | G41: 0 | H41: 2034883.6 | J41: 0 | K41: 0 | L41: 0 | N41: 2034883.6 | P41: 0 | Q41: 0 | T41: 0 | U41: 0 | V41: 2070346 | W41: 0 | X41: 0 | Y41: 0 | Z41: 0 | AA41: 0 | AB41: 0 | AC41: 0 | AD41: 0 | AE41: 0 | AF41: 0 | AG41: 0 | AH41: 0 | AI41: 0 | AJ41: 0 | AK41: 0 | AL41: 0 | AM41: 0 | AN41: 0 | AO41: 0 | AP41: 0 | AQ41: 0 | AR41: 0 | AS41: 0 | AT41: 0 | AU41: 0 | AV41: 0 | AW41: 0 | AX41: 0 | AY41: 0 | AZ41: 0 | BA41: 0 | BB41: 0 | BC41: 0 | BD41: 0 | BE41: 0 | BF41: 0 | BG41: 0 | BH41: 0 | BI41: 0 | BJ41: 0 | BK41: 0 | BL41: 0 | BM41: 0 | BN41: 0 | BO41: 0 | BP41: 0 | BQ41: 0 | BR41: 0 | BS41: 0 | BT41: 0 | BU41: 0 | BV41: 0 | BW41: 0 | BX41: 0 | BY41: 0 | BZ41: 0 | CA41: 0 | CB41: 0 | CC41: 0 | CD41: 0 | CE41: 0 | CF41: 0 | CG41: 2058200.6 | CI41: 2499.99 | CJ41: 16391.58 | CK41: 653768.9 | CL41: 672660.47 | CN41: 0 | CO41: 0 | CP41: 0 | CR41: 672660.47 | CS41: =CG41-CR41 -> 1385540.1 | CT41: =IF(CG41=0,"n/a",CR41/(CG41)) -> 0.32681968
A42: %,V521900 | B42: 521900 | C42: Substitute Teacher | D42: 1850 | E42: 3765.61 | F42: 44292.5 | G42: 0 | H42: 49908.11 | J42: 0 | K42: 0 | L42: 0 | N42: 49908.11 | P42: 0 | Q42: 0 | T42: 0 | U42: 0 | V42: 0 | W42: 35000 | X42: 0 | Y42: 0 | Z42: 0 | AA42: 0 | AB42: 0 | AC42: 0 | AD42: 0 | AE42: 0 | AF42: 0 | AG42: 0 | AH42: 0 | AI42: 0 | AJ42: 0 | AK42: 0 | AL42: 0 | AM42: 0 | AN42: 0 | AO42: 0 | AP42: 0 | AQ42: 0 | AR42: 0 | AS42: 0 | AT42: 0 | AU42: 0 | AV42: 0 | AW42: 0 | AX42: 0 | AY42: 0 | AZ42: 0 | BA42: 0 | BB42: 0 | BC42: 0 | BD42: 0 | BE42: 0 | BF42: 0 | BG42: 0 | BH42: 0 | BI42: 0 | BJ42: 0 | BK42: 0 | BL42: 0 | BM42: 0 | BN42: 0 | BO42: 0 | BP42: 0 | BQ42: 0 | BR42: 0 | BS42: 0 | BT42: 0 | BU42: 0 | BV42: 0 | BW42: 0 | BX42: 0 | BY42: 0 | BZ42: 0 | CA42: 0 | CB42: 0 | CC42: 0 | CD42: 0 | CE42: 0 | CF42: 0 | CG42: 35000 | CI42: 1800 | CJ42: 0 | CK42: 5000 | CL42: 6800 | CN42: 0 | CO42: 0 | CP42: 0 | CR42: 6800 | CS42: =CG42-CR42 -> 28200 | CT42: =IF(CG42=0,"n/a",CR42/(CG42)) -> 0.19428571
A43: %,V522100 | B43: 522100 | C43: Counselor | D43: 0 | E43: 0 | F43: 0 | G43: 0 | H43: 0 | J43: 0 | K43: 0 | L43: 0 | N43: 0 | P43: 0 | Q43: 0 | T43: 0 | U43: 0 | V43: 0 | W43: 0 | X43: 24000 | Y43: 0 | Z43: 0 | AA43: 0 | AB43: 0 | AC43: 0 | AD43: 0 | AE43: 0 | AF43: 0 | AG43: 0 | AH43: 0 | AI43: 0 | AJ43: 0 | AK43: 0 | AL43: 0 | AM43: 0 | AN43: 0 | AO43: 0 | AP43: 0 | AQ43: 0 | AR43: 0 | AS43: 0 | AT43: 0 | AU43: 0 | AV43: 0 | AW43: 0 | AX43: 0 | AY43: 0 | AZ43: 0 | BA43: 0 | BB43: 0 | BC43: 0 | BD43: 0 | BE43: 0 | BF43: 0 | BG43: 0 | BH43: 0 | BI43: 0 | BJ43: 0 | BK43: 0 | BL43: 0 | BM43: 0 | BN43: 0 | BO43: 0 | BP43: 0 | BQ43: 0 | BR43: 0 | BS43: 0 | BT43: 0 | BU43: 0 | BV43: 0 | BW43: 0 | BX43: 0 | BY43: 0 | BZ43: 0 | CA43: 0 | CB43: 0 | CC43: 0 | CD43: 0 | CE43: 0 | CF43: 0 | CG43: 24000 | CI43: 0 | CJ43: 0 | CK43: 5849.34 | CL43: 5849.34 | CN43: 0 | CO43: 0 | CP43: 0 | CR43: 5849.34 | CS43: =CG43-CR43 -> 18150.66 | CT43: =IF(CG43=0,"n/a",CR43/(CG43)) -> 0.2437225
A44: %,V522200 | B44: 522200 | C44: Teacher Librarian | D44: 0 | E44: 0 | F44: 48372 | G44: 0 | H44: 48372 | J44: 0 | K44: 0 | L44: 0 | N44: 48372 | P44: 0 | Q44: 0 | T44: 0 | U44: 0 | V44: 0 | W44: 0 | X44: 0 | Y44: 50000 | Z44: 0 | AA44: 0 | AB44: 0 | AC44: 0 | AD44: 0 | AE44: 0 | AF44: 0 | AG44: 0 | AH44: 0 | AI44: 0 | AJ44: 0 | AK44: 0 | AL44: 0 | AM44: 0 | AN44: 0 | AO44: 0 | AP44: 0 | AQ44: 0 | AR44: 0 | AS44: 0 | AT44: 0 | AU44: 0 | AV44: 0 | AW44: 0 | AX44: 0 | AY44: 0 | AZ44: 0 | BA44: 0 | BB44: 0 | BC44: 0 | BD44: 0 | BE44: 0 | BF44: 0 | BG44: 0 | BH44: 0 | BI44: 0 | BJ44: 0 | BK44: 0 | BL44: 0 | BM44: 0 | BN44: 0 | BO44: 0 | BP44: 0 | BQ44: 0 | BR44: 0 | BS44: 0 | BT44: 0 | BU44: 0 | BV44: 0 | BW44: 0 | BX44: 0 | BY44: 0 | BZ44: 0 | CA44: 0 | CB44: 0 | CC44: 0 | CD44: 0 | CE44: 0 | CF44: 0 | CG44: 50000 | CI44: 0 | CJ44: 0 | CK44: 15905.97 | CL44: 15905.97 | CN44: 0 | CO44: 0 | CP44: 0 | CR44: 15905.97 | CS44: =CG44-CR44 -> 34094.03 | CT44: =IF(CG44=0,"n/a",CR44/(CG44)) -> 0.3181194
A45: %,V524200 | B45: 524200 | C45: Coordinator - Classified | D45: 0 | E45: 0 | F45: 47059.75 | G45: 0 | H45: 47059.75 | J45: 0 | K45: 0 | L45: 0 | N45: 47059.75 | P45: 0 | Q45: 0 | T45: 0 | U45: 0 | V45: 0 | W45: 0 | X45: 0 | Y45: 0 | Z45: 47147 | AA45: 0 | AB45: 0 | AC45: 0 | AD45: 0 | AE45: 0 | AF45: 0 | AG45: 0 | AH45: 0 | AI45: 0 | AJ45: 0 | AK45: 0 | AL45: 0 | AM45: 0 | AN45: 0 | AO45: 0 | AP45: 0 | AQ45: 0 | AR45: 0 | AS45: 0 | AT45: 0 | AU45: 0 | AV45: 0 | AW45: 0 | AX45: 0 | AY45: 0 | AZ45: 0 | BA45: 0 | BB45: 0 | BC45: 0 | BD45: 0 | BE45: 0 | BF45: 0 | BG45: 0 | BH45: 0 | BI45: 0 | BJ45: 0 | BK45: 0 | BL45: 0 | BM45: 0 | BN45: 0 | BO45: 0 | BP45: 0 | BQ45: 0 | BR45: 0 | BS45: 0 | BT45: 0 | BU45: 0 | BV45: 0 | BW45: 0 | BX45: 0 | BY45: 0 | BZ45: 0 | CA45: 0 | CB45: 0 | CC45: 0 | CD45: 0 | CE45: 0 | CF45: 0 | CG45: 47147 | CI45: 0 | CJ45: 0 | CK45: 13316.8 | CL45: 13316.8 | CN45: 0 | CO45: 0 | CP45: 0 | CR45: 13316.8 | CS45: =CG45-CR45 -> 33830.2 | CT45: =IF(CG45=0,"n/a",CR45/(CG45)) -> 0.28245275
A46: %,V526200 | B46: 526200 | C46: Instructional Coach | D46: 0 | E46: 0 | F46: 68441.89 | G46: 0 | H46: 68441.89 | J46: 0 | K46: 0 | L46: 0 | N46: 68441.89 | P46: 0 | Q46: 0 | T46: 0 | U46: 0 | V46: 0 | W46: 0 | X46: 0 | Y46: 0 | Z46: 0 | AA46: 76460 | AB46: 0 | AC46: 0 | AD46: 0 | AE46: 0 | AF46: 0 | AG46: 0 | AH46: 0 | AI46: 0 | AJ46: 0 | AK46: 0 | AL46: 0 | AM46: 0 | AN46: 0 | AO46: 0 | AP46: 0 | AQ46: 0 | AR46: 0 | AS46: 0 | AT46: 0 | AU46: 0 | AV46: 0 | AW46: 0 | AX46: 0 | AY46: 0 | AZ46: 0 | BA46: 0 | BB46: 0 | BC46: 0 | BD46: 0 | BE46: 0 | BF46: 0 | BG46: 0 | BH46: 0 | BI46: 0 | BJ46: 0 | BK46: 0 | BL46: 0 | BM46: 0 | BN46: 0 | BO46: 0 | BP46: 0 | BQ46: 0 | BR46: 0 | BS46: 0 | BT46: 0 | BU46: 0 | BV46: 0 | BW46: 0 | BX46: 0 | BY46: 0 | BZ46: 0 | CA46: 0 | CB46: 0 | CC46: 0 | CD46: 0 | CE46: 0 | CF46: 0 | CG46: 76460 | CI46: 0 | CJ46: 0 | CK46: 24384.01 | CL46: 24384.01 | CN46: 0 | CO46: 0 | CP46: 0 | CR46: 24384.01 | CS46: =CG46-CR46 -> 52075.99 | CT46: =IF(CG46=0,"n/a",CR46/(CG46)) -> 0.31891198
A47: %,V529200 | B47: 529200 | C47: Occupational Therapist | D47: 0 | E47: 0 | F47: 34455.68 | G47: 0 | H47: 34455.68 | J47: 0 | K47: 0 | L47: 0 | N47: 34455.68 | P47: 0 | Q47: 0 | T47: 0 | U47: 0 | V47: 0 | W47: 0 | X47: 0 | Y47: 0 | Z47: 0 | AA47: 0 | AB47: 34793 | AC47: 0 | AD47: 0 | AE47: 0 | AF47: 0 | AG47: 0 | AH47: 0 | AI47: 0 | AJ47: 0 | AK47: 0 | AL47: 0 | AM47: 0 | AN47: 0 | AO47: 0 | AP47: 0 | AQ47: 0 | AR47: 0 | AS47: 0 | AT47: 0 | AU47: 0 | AV47: 0 | AW47: 0 | AX47: 0 | AY47: 0 | AZ47: 0 | BA47: 0 | BB47: 0 | BC47: 0 | BD47: 0 | BE47: 0 | BF47: 0 | BG47: 0 | BH47: 0 | BI47: 0 | BJ47: 0 | BK47: 0 | BL47: 0 | BM47: 0 | BN47: 0 | BO47: 0 | BP47: 0 | BQ47: 0 | BR47: 0 | BS47: 0 | BT47: 0 | BU47: 0 | BV47: 0 | BW47: 0 | BX47: 0 | BY47: 0 | BZ47: 0 | CA47: 0 | CB47: 0 | CC47: 0 | CD47: 0 | CE47: 0 | CF47: 0 | CG47: 34793 | CI47: 0 | CJ47: 0 | CK47: 7955.89 | CL47: 7955.89 | CN47: 0 | CO47: 0 | CP47: 0 | CR47: 7955.89 | CS47: =CG47-CR47 -> 26837.11 | CT47: =IF(CG47=0,"n/a",CR47/(CG47)) -> 0.22866352
A48: %,V529400 | B48: 529400 | C48: Nurse | D48: 0 | E48: 0 | F48: 29180.88 | G48: 0 | H48: 29180.88 | J48: 0 | K48: 0 | L48: 0 | N48: 29180.88 | P48: 0 | Q48: 0 | T48: 0 | U48: 0 | V48: 0 | W48: 0 | X48: 0 | Y48: 0 | Z48: 0 | AA48: 0 | AB48: 0 | AC48: 28434 | AD48: 0 | AE48: 0 | AF48: 0 | AG48: 0 | AH48: 0 | AI48: 0 | AJ48: 0 | AK48: 0 | AL48: 0 | AM48: 0 | AN48: 0 | AO48: 0 | AP48: 0 | AQ48: 0 | AR48: 0 | AS48: 0 | AT48: 0 | AU48: 0 | AV48: 0 | AW48: 0 | AX48: 0 | AY48: 0 | AZ48: 0 | BA48: 0 | BB48: 0 | BC48: 0 | BD48: 0 | BE48: 0 | BF48: 0 | BG48: 0 | BH48: 0 | BI48: 0 | BJ48: 0 | BK48: 0 | BL48: 0 | BM48: 0 | BN48: 0 | BO48: 0 | BP48: 0 | BQ48: 0 | BR48: 0 | BS48: 0 | BT48: 0 | BU48: 0 | BV48: 0 | BW48: 0 | BX48: 0 | BY48: 0 | BZ48: 0 | CA48: 0 | CB48: 0 | CC48: 0 | CD48: 0 | CE48: 0 | CF48: 0 | CG48: 28434 | CI48: 0 | CJ48: 0 | CK48: 9422.23 | CL48: 9422.23 | CN48: 0 | CO48: 0 | CP48: 0 | CR48: 9422.23 | CS48: =CG48-CR48 -> 19011.77 | CT48: =IF(CG48=0,"n/a",CR48/(CG48)) -> 0.33137195
A49: %,V529500 | B49: 529500 | C49: Psychologist | D49: 0 | E49: 0 | F49: 28582.84 | G49: 0 | H49: 28582.84 | J49: 0 | K49: 0 | L49: 0 | N49: 28582.84 | P49: 0 | Q49: 0 | T49: 0 | U49: 0 | V49: 0 | W49: 0 | X49: 0 | Y49: 0 | Z49: 0 | AA49: 0 | AB49: 0 | AC49: 0 | AD49: 31032 | AE49: 0 | AF49: 0 | AG49: 0 | AH49: 0 | AI49: 0 | AJ49: 0 | AK49: 0 | AL49: 0 | AM49: 0 | AN49: 0 | AO49: 0 | AP49: 0 | AQ49: 0 | AR49: 0 | AS49: 0 | AT49: 0 | AU49: 0 | AV49: 0 | AW49: 0 | AX49: 0 | AY49: 0 | AZ49: 0 | BA49: 0 | BB49: 0 | BC49: 0 | BD49: 0 | BE49: 0 | BF49: 0 | BG49: 0 | BH49: 0 | BI49: 0 | BJ49: 0 | BK49: 0 | BL49: 0 | BM49: 0 | BN49: 0 | BO49: 0 | BP49: 0 | BQ49: 0 | BR49: 0 | BS49: 0 | BT49: 0 | BU49: 0 | BV49: 0 | BW49: 0 | BX49: 0 | BY49: 0 | BZ49: 0 | CA49: 0 | CB49: 0 | CC49: 0 | CD49: 0 | CE49: 0 | CF49: 0 | CG49: 31032 | CI49: 0 | CJ49: 0 | CK49: 5327.16 | CL49: 5327.16 | CN49: 0 | CO49: 0 | CP49: 0 | CR49: 5327.16 | CS49: =CG49-CR49 -> 25704.84 | CT49: =IF(CG49=0,"n/a",CR49/(CG49)) -> 0.17166667
A50: %,V529600 | B50: 529600 | C50: Social Worker | D50: 0 | E50: 0 | F50: 54455.25 | G50: 0 | H50: 54455.25 | J50: 0 | K50: 0 | L50: 0 | N50: 54455.25 | P50: 0 | Q50: 0 | T50: 0 | U50: 0 | V50: 0 | W50: 0 | X50: 0 | Y50: 0 | Z50: 0 | AA50: 0 | AB50: 0 | AC50: 0 | AD50: 0 | AE50: 52846 | AF50: 0 | AG50: 0 | AH50: 0 | AI50: 0 | AJ50: 0 | AK50: 0 | AL50: 0 | AM50: 0 | AN50: 0 | AO50: 0 | AP50: 0 | AQ50: 0 | AR50: 0 | AS50: 0 | AT50: 0 | AU50: 0 | AV50: 0 | AW50: 0 | AX50: 0 | AY50: 0 | AZ50: 0 | BA50: 0 | BB50: 0 | BC50: 0 | BD50: 0 | BE50: 0 | BF50: 0 | BG50: 0 | BH50: 0 | BI50: 0 | BJ50: 0 | BK50: 0 | BL50: 0 | BM50: 0 | BN50: 0 | BO50: 0 | BP50: 0 | BQ50: 0 | BR50: 0 | BS50: 0 | BT50: 0 | BU50: 0 | BV50: 0 | BW50: 0 | BX50: 0 | BY50: 0 | BZ50: 0 | CA50: 0 | CB50: 0 | CC50: 0 | CD50: 0 | CE50: 0 | CF50: 0 | CG50: 52846 | CI50: 0 | CJ50: 0 | CK50: 17454.7 | CL50: 17454.7 | CN50: 0 | CO50: 0 | CP50: 0 | CR50: 17454.7 | CS50: =CG50-CR50 -> 35391.3 | CT50: =IF(CG50=0,"n/a",CR50/(CG50)) -> 0.33029368
A51: %,V529800 | B51: 529800 | C51: Speech Therapist | D51: 0 | E51: 0 | F51: 58095.63 | G51: 0 | H51: 58095.63 | J51: 0 | K51: 0 | L51: 0 | N51: 58095.63 | P51: 0 | Q51: 0 | T51: 0 | U51: 0 | V51: 0 | W51: 0 | X51: 0 | Y51: 0 | Z51: 0 | AA51: 0 | AB51: 0 | AC51: 0 | AD51: 0 | AE51: 0 | AF51: 52886 | AG51: 0 | AH51: 0 | AI51: 0 | AJ51: 0 | AK51: 0 | AL51: 0 | AM51: 0 | AN51: 0 | AO51: 0 | AP51: 0 | AQ51: 0 | AR51: 0 | AS51: 0 | AT51: 0 | AU51: 0 | AV51: 0 | AW51: 0 | AX51: 0 | AY51: 0 | AZ51: 0 | BA51: 0 | BB51: 0 | BC51: 0 | BD51: 0 | BE51: 0 | BF51: 0 | BG51: 0 | BH51: 0 | BI51: 0 | BJ51: 0 | BK51: 0 | BL51: 0 | BM51: 0 | BN51: 0 | BO51: 0 | BP51: 0 | BQ51: 0 | BR51: 0 | BS51: 0 | BT51: 0 | BU51: 0 | BV51: 0 | BW51: 0 | BX51: 0 | BY51: 0 | BZ51: 0 | CA51: 0 | CB51: 0 | CC51: 0 | CD51: 0 | CE51: 0 | CF51: 0 | CG51: 52886 | CI51: 0 | CJ51: 0 | CK51: 11697.61 | CL51: 11697.61 | CN51: 0 | CO51: 0 | CP51: 0 | CR51: 11697.61 | CS51: =CG51-CR51 -> 41188.39 | CT51: =IF(CG51=0,"n/a",CR51/(CG51)) -> 0.22118538
A52: %,V552100 | B52: 552100 | C52: School Secretary | D52: 0 | E52: 0 | F52: 157105.77 | G52: 0 | H52: 157105.77 | J52: 0 | K52: 0 | L52: 0 | N52: 157105.77 | P52: 0 | Q52: 0 | T52: 0 | U52: 0 | V52: 0 | W52: 0 | X52: 0 | Y52: 0 | Z52: 0 | AA52: 0 | AB52: 0 | AC52: 0 | AD52: 0 | AE52: 0 | AF52: 0 | AG52: 143409 | AH52: 0 | AI52: 0 | AJ52: 0 | AK52: 0 | AL52: 0 | AM52: 0 | AN52: 0 | AO52: 0 | AP52: 0 | AQ52: 0 | AR52: 0 | AS52: 0 | AT52: 0 | AU52: 0 | AV52: 0 | AW52: 0 | AX52: 0 | AY52: 0 | AZ52: 0 | BA52: 0 | BB52: 0 | BC52: 0 | BD52: 0 | BE52: 0 | BF52: 0 | BG52: 0 | BH52: 0 | BI52: 0 | BJ52: 0 | BK52: 0 | BL52: 0 | BM52: 0 | BN52: 0 | BO52: 0 | BP52: 0 | BQ52: 0 | BR52: 0 | BS52: 0 | BT52: 0 | BU52: 0 | BV52: 0 | BW52: 0 | BX52: 0 | BY52: 0 | BZ52: 0 | CA52: 0 | CB52: 0 | CC52: 0 | CD52: 0 | CE52: 0 | CF52: 0 | CG52: 143409 | CI52: 0 | CJ52: 0 | CK52: 50331.77 | CL52: 50331.77 | CN52: 0 | CO52: 0 | CP52: 0 | CR52: 50331.77 | CS52: =CG52-CR52 -> 93077.23 | CT52: =IF(CG52=0,"n/a",CR52/(CG52)) -> 0.35096661
... A59: %,V599830 | B59: 599830 | C59: Additional Pay-Administrative | D59: 0 | E59: 0 | F59: 0 | G59: 0 | H59: 0 | J59: 0 | K59: 0 | L59: 0 | N59: 0 | P59: 0 | Q59: 0 | T59: 0 | U59: 0 | V59: 0 | W59: 0 | X59: 0 | Y59: 0 | Z59: 0 | AA59: 0 | AB59: 0 | AC59: 0 | AD59: 0 | AE59: 0 | AF59: 0 | AG59: 0 | AH59: 0 | AI59: 0 | AJ59: 0 | AK59: 0 | AL59: 0 | AM59: 0 | AN59: 7750 | AO59: 0 | AP59: 0 | AQ59: 0 | AR59: 0 | AS59: 0 | AT59: 0 | AU59: 0 | AV59: 0 | AW59: 0 | AX59: 0 | AY59: 0 | AZ59: 0 | BA59: 0 | BB59: 0 | BC59: 0 | BD59: 0 | BE59: 0 | BF59: 0 | BG59: 0 | BH59: 0 | BI59: 0 | BJ59: 0 | BK59: 0 | BL59: 0 | BM59: 0 | BN59: 0 | BO59: 0 | BP59: 0 | BQ59: 0 | BR59: 0 | BS59: 0 | BT59: 0 | BU59: 0 | BV59: 0 | BW59: 0 | BX59: 0 | BY59: 0 | BZ59: 0 | CA59: 0 | CB59: 0 | CC59: 0 | CD59: 0 | CE59: 0 | CF59: 0 | CG59: 7750 | CI59: 0 | CJ59: 0 | CK59: 0 | CL59: 0 | CN59: 0 | CO59: 0 | CP59: 0 | CR59: 0 | CS59: =CG59-CR59 -> 7750 | CT59: =IF(CG59=0,"n/a",CR59/(CG59)) -> 0
A60: %,FACCOUNT,TACCOUNT_ROLLUP,X,NSALARIES | C60: Salaries | D60: 19978.58 | E60: 77904.9 | F60: 3466253.7 | G60: 0 | H60: 3564137.2 | J60: 0 | K60: 0 | L60: 0 | N60: 3564137.2 | P60: 0 | Q60: 0 | T60: 112200 | U60: 159000 | V60: 2070346 | W60: 35000 | X60: 24000 | Y60: 50000 | Z60: 47147 | AA60: 76460 | AB60: 34793 | AC60: 28434 | AD60: 31032 | AE60: 52846 | AF60: 52886 | AG60: 143409 | AH60: 549470 | AI60: 20986 | AJ60: 137674 | AK60: 22000 | AL60: 108670 | AM60: 74810 | AN60: 7750 | AO60: 0 | AP60: 0 | AQ60: 0 | AR60: 0 | AS60: 0 | AT60: 0 | AU60: 0 | AV60: 0 | AW60: 0 | AX60: 0 | AY60: 0 | AZ60: 0 | BA60: 0 | BB60: 0 | BC60: 0 | BD60: 0 | BE60: 0 | BF60: 0 | BG60: 0 | BH60: 0 | BI60: 0 | BJ60: 0 | BK60: 0 | BL60: 0 | BM60: 0 | BN60: 0 | BO60: 0 | BP60: 0 | BQ60: 0 | BR60: 0 | BS60: 0 | BT60: 0 | BU60: 0 | BV60: 0 | BW60: 0 | BX60: 0 | BY60: 0 | BZ60: 0 | CA60: 0 | CB60: 0 | CC60: 0 | CD60: 0 | CE60: 0 | CF60: 0 | CG60: 3826767.6 | CI60: 5799.99 | CJ60: 29743.83 | CK60: 1080054.9 | CL60: 1115598.8 | CN60: 0 | CO60: 0 | CP60: 0 | CR60: 1115598.8 | CS60: =CG60-CR60 -> 2711168.8 | CT60: =IF(CG60=0,"n/a",CR60/(CG60)) -> 0.29152509
A62: %,V699000 | B62: 699000 | C62: Employee Benefits | D62: 4507.7 | E62: 17394.86 | F62: 836283.55 | G62: 0 | H62: 858186.11 | J62: 0 | K62: 0 | L62: 0 | N62: 858186.11 | P62: 0 | Q62: 0 | T62: 0 | U62: 0 | V62: 0 | W62: 0 | X62: 0 | Y62: 0 | Z62: 0 | AA62: 0 | AB62: 0 | AC62: 0 | AD62: 0 | AE62: 0 | AF62: 0 | AG62: 0 | AH62: 0 | AI62: 0 | AJ62: 0 | AK62: 0 | AL62: 0 | AM62: 0 | AN62: 0 | AO62: 1071433 | AP62: 0 | AQ62: 0 | AR62: 0 | AS62: 0 | AT62: 0 | AU62: 0 | AV62: 0 | AW62: 0 | AX62: 0 | AY62: 0 | AZ62: 0 | BA62: 0 | BB62: 0 | BC62: 0 | BD62: 0 | BE62: 0 | BF62: 0 | BG62: 0 | BH62: 0 | BI62: 0 | BJ62: 0 | BK62: 0 | BL62: 0 | BM62: 0 | BN62: 0 | BO62: 0 | BP62: 0 | BQ62: 0 | BR62: 0 | BS62: 0 | BT62: 0 | BU62: 0 | BV62: 0 | BW62: 0 | BX62: 0 | BY62: 0 | BZ62: 0 | CA62: 0 | CB62: 0 | CC62: 0 | CD62: 0 | CE62: 0 | CF62: 0 | CG62: 1067717.1 | CI62: 1685.12 | CJ62: 7487.45 | CK62: 282980.93 | CL62: 292153.5 | CN62: 0 | CO62: 0 | CP62: 0 | CR62: 292153.5 | CS62: =CG62-CR62 -> 775563.58 | CT62: =IF(CG62=0,"n/a",CR62/(CG62)) -> 0.27362445
A63: %,FACCOUNT,TACCOUNT_ROLLUP,X,NBENEFITS | C63: Benefits | D63: 4507.7 | E63: 17394.86 | F63: 836283.55 | G63: 0 | H63: 858186.11 | J63: 0 | K63: 0 | L63: 0 | N63: 858186.11 | P63: 0 | Q63: 0 | T63: 0 | U63: 0 | V63: 0 | W63: 0 | X63: 0 | Y63: 0 | Z63: 0 | AA63: 0 | AB63: 0 | AC63: 0 | AD63: 0 | AE63: 0 | AF63: 0 | AG63: 0 | AH63: 0 | AI63: 0 | AJ63: 0 | AK63: 0 | AL63: 0 | AM63: 0 | AN63: 0 | AO63: 1071433 | AP63: 0 | AQ63: 0 | AR63: 0 | AS63: 0 | AT63: 0 | AU63: 0 | AV63: 0 | AW63: 0 | AX63: 0 | AY63: 0 | AZ63: 0 | BA63: 0 | BB63: 0 | BC63: 0 | BD63: 0 | BE63: 0 | BF63: 0 | BG63: 0 | BH63: 0 | BI63: 0 | BJ63: 0 | BK63: 0 | BL63: 0 | BM63: 0 | BN63: 0 | BO63: 0 | BP63: 0 | BQ63: 0 | BR63: 0 | BS63: 0 | BT63: 0 | BU63: 0 | BV63: 0 | BW63: 0 | BX63: 0 | BY63: 0 | BZ63: 0 | CA63: 0 | CB63: 0 | CC63: 0 | CD63: 0 | CE63: 0 | CF63: 0 | CG63: 1067717.1 | CI63: 1685.12 | CJ63: 7487.45 | CK63: 282980.93 | CL63: 292153.5 | CN63: 0 | CO63: 0 | CP63: 0 | CR63: 292153.5 | CS63: =CG63-CR63 -> 775563.58 | CT63: =IF(CG63=0,"n/a",CR63/(CG63)) -> 0.27362445
A65: %,C | C65: Total Salaries and Benefits | D65: =D60+D63 -> 24486.28 | E65: =E60+E63 -> 95299.76 | F65: =F60+F63 -> 4302537.3 | G65: =G60+G63 -> 0 | H65: =H60+H63 -> 4422323.3 | J65: =J60+J63 -> 0 | K65: =K60+K63 -> 0 | L65: =L60+L63 -> 0 | N65: =N60+N63 -> 4422323.3 | T65: =T60+T63 -> 112200 | U65: =U60+U63 -> 159000 | V65: =V60+V63 -> 2070346 | W65: =W60+W63 -> 35000 | X65: =X60+X63 -> 24000 | Y65: =Y60+Y63 -> 50000 | Z65: =Z60+Z63 -> 47147 | AA65: =AA60+AA63 -> 76460 | ... CG65: =CG60+CG63 -> 4894484.7 | CI65: =CI60+CI63 -> 7485.11 | CJ65: =CJ60+CJ63 -> 37231.28 | CK65: =CK60+CK63 -> 1363035.9 | CL65: =CL60+CL63 -> 1407752.3 | CN65: =CN60+CN63 -> 0 | CO65: =CO60+CO63 -> 0 | CP65: =CP60+CP63 -> 0 | CR65: =CR60+CR63 -> 1407752.3 | CS65: =CS60+CS63 -> 3486732.4 | CT65: =IF(CG65=0,"n/a",CR65/(CG65)) -> 0.28762012
A67: %,V701000 | B67: 701000 | C67: Mileage And Travel | D67: 0 | E67: 0 | F67: 715.99 | G67: 0 | H67: 715.99 | J67: 0 | K67: 0 | L67: 0 | N67: 715.99 | P67: 0 | Q67: 0 | T67: 0 | U67: 0 | V67: 0 | W67: 0 | X67: 0 | Y67: 0 | Z67: 0 | AA67: 0 | AB67: 0 | AC67: 0 | AD67: 0 | AE67: 0 | AF67: 0 | AG67: 0 | AH67: 0 | AI67: 0 | AJ67: 0 | AK67: 0 | AL67: 0 | AM67: 0 | AN67: 0 | AO67: 0 | AP67: 1100 | AQ67: 0 | AR67: 0 | AS67: 0 | AT67: 0 | AU67: 0 | AV67: 0 | AW67: 0 | AX67: 0 | AY67: 0 | AZ67: 0 | BA67: 0 | BB67: 0 | BC67: 0 | BD67: 0 | BE67: 0 | BF67: 0 | BG67: 0 | BH67: 0 | BI67: 0 | BJ67: 0 | BK67: 0 | BL67: 0 | BM67: 0 | BN67: 0 | BO67: 0 | BP67: 0 | BQ67: 0 | BR67: 0 | BS67: 0 | BT67: 0 | BU67: 0 | BV67: 0 | BW67: 0 | BX67: 0 | BY67: 0 | BZ67: 0 | CA67: 0 | CB67: 0 | CC67: 0 | CD67: 0 | CE67: 0 | CF67: 0 | CG67: 1100 | CI67: 0 | CJ67: 0 | CK67: 36.64 | CL67: 36.64 | CN67: 0 | CO67: 0 | CP67: 0 | CR67: 36.64 | CS67: =CG67-CR67 -> 1063.36 | CT67: =IF(CG67=0,"n/a",CR67/(CG67)) -> 0.033309091
A68: %,V702000 | B68: 702000 | C68: Employee Training & Conf | D68: 0 | E68: 22 | F68: 16311.11 | G68: 0 | H68: 16333.11 | J68: 0 | K68: 0 | L68: 0 | N68: 16333.11 | P68: 0 | Q68: 0 | T68: 0 | U68: 0 | V68: 0 | W68: 0 | X68: 0 | Y68: 0 | Z68: 0 | AA68: 0 | AB68: 0 | AC68: 0 | AD68: 0 | AE68: 0 | AF68: 0 | AG68: 0 | AH68: 0 | AI68: 0 | AJ68: 0 | AK68: 0 | AL68: 0 | AM68: 0 | AN68: 0 | AO68: 0 | AP68: 0 | AQ68: 17470 | AR68: 0 | AS68: 0 | AT68: 0 | AU68: 0 | AV68: 0 | AW68: 0 | AX68: 0 | AY68: 0 | AZ68: 0 | BA68: 0 | BB68: 0 | BC68: 0 | BD68: 0 | BE68: 0 | BF68: 0 | BG68: 0 | BH68: 0 | BI68: 0 | BJ68: 0 | BK68: 0 | BL68: 0 | BM68: 0 | BN68: 0 | BO68: 0 | BP68: 0 | BQ68: 0 | BR68: 0 | BS68: 0 | BT68: 0 | BU68: 0 | BV68: 0 | BW68: 0 | BX68: 0 | BY68: 0 | BZ68: 0 | CA68: 0 | CB68: 0 | CC68: 0 | CD68: 0 | CE68: 0 | CF68: 0 | CG68: 17470 | CI68: 0 | CJ68: 0 | CK68: 8718.13 | CL68: 8718.13 | CN68: 0 | CO68: 0 | CP68: 0 | CR68: 8718.13 | CS68: =CG68-CR68 -> 8751.87 | CT68: =IF(CG68=0,"n/a",CR68/(CG68)) -> 0.49903434
A69: %,V708000 | B69: 708000 | C69: Employee Background Verificatn | D69: 17 | E69: 0 | F69: 692.5 | G69: 0 | H69: 709.5 | J69: 0 | K69: 0 | L69: 0 | N69: 709.5 | P69: 0 | Q69: 0 | T69: 0 | U69: 0 | V69: 0 | W69: 0 | X69: 0 | Y69: 0 | Z69: 0 | AA69: 0 | AB69: 0 | AC69: 0 | AD69: 0 | AE69: 0 | AF69: 0 | AG69: 0 | AH69: 0 | AI69: 0 | AJ69: 0 | AK69: 0 | AL69: 0 | AM69: 0 | AN69: 0 | AO69: 0 | AP69: 0 | AQ69: 0 | AR69: 825 | AS69: 0 | AT69: 0 | AU69: 0 | AV69: 0 | AW69: 0 | AX69: 0 | AY69: 0 | AZ69: 0 | BA69: 0 | BB69: 0 | BC69: 0 | BD69: 0 | BE69: 0 | BF69: 0 | BG69: 0 | BH69: 0 | BI69: 0 | BJ69: 0 | BK69: 0 | BL69: 0 | BM69: 0 | BN69: 0 | BO69: 0 | BP69: 0 | BQ69: 0 | BR69: 0 | BS69: 0 | BT69: 0 | BU69: 0 | BV69: 0 | BW69: 0 | BX69: 0 | BY69: 0 | BZ69: 0 | CA69: 0 | CB69: 0 | CC69: 0 | CD69: 0 | CE69: 0 | CF69: 0 | CG69: 825 | CI69: 0 | CJ69: 35 | CK69: 755.5 | CL69: 790.5 | CN69: 0 | CO69: 0 | CP69: 0 | CR69: 790.5 | CS69: =CG69-CR69 -> 34.5 | CT69: =IF(CG69=0,"n/a",CR69/(CG69)) -> 0.95818182
A70: %,V710000 | B70: 710000 | C70: Meals/Refreshments | D70: 5722.18 | E70: 366.33 | F70: 165.44 | G70: 0 | H70: 6253.95 | J70: 0 | K70: 0 | L70: 0 | N70: 6253.95 | P70: 0 | Q70: 0 | T70: 0 | U70: 0 | V70: 0 | W70: 0 | X70: 0 | Y70: 0 | Z70: 0 | AA70: 0 | AB70: 0 | AC70: 0 | AD70: 0 | AE70: 0 | AF70: 0 | AG70: 0 | AH70: 0 | AI70: 0 | AJ70: 0 | AK70: 0 | AL70: 0 | AM70: 0 | AN70: 0 | AO70: 0 | AP70: 0 | AQ70: 0 | AR70: 0 | AS70: 7805 | AT70: 0 | AU70: 0 | AV70: 0 | AW70: 0 | AX70: 0 | AY70: 0 | AZ70: 0 | BA70: 0 | BB70: 0 | BC70: 0 | BD70: 0 | BE70: 0 | BF70: 0 | BG70: 0 | BH70: 0 | BI70: 0 | BJ70: 0 | BK70: 0 | BL70: 0 | BM70: 0 | BN70: 0 | BO70: 0 | BP70: 0 | BQ70: 0 | BR70: 0 | BS70: 0 | BT70: 0 | BU70: 0 | BV70: 0 | BW70: 0 | BX70: 0 | BY70: 0 | BZ70: 0 | CA70: 0 | CB70: 0 | CC70: 0 | CD70: 0 | CE70: 0 | CF70: 0 | CG70: 7805 | CI70: 1973.1 | CJ70: 0 | CK70: 37.98 | CL70: 2011.08 | CN70: 0 | CO70: 0 | CP70: 0 | CR70: 2011.08 | CS70: =CG70-CR70 -> 5793.92 | CT70: =IF(CG70=0,"n/a",CR70/(CG70)) -> 0.2576656
A71: %,V713000 | B71: 713000 | C71: Student Transportation | D71: 9580.31 | E71: 0 | F71: 0 | G71: 0 | H71: 9580.31 | J71: 0 | K71: 0 | L71: 0 | N71: 9580.31 | P71: 0 | Q71: 0 | T71: 0 | U71: 0 | V71: 0 | W71: 0 | X71: 0 | Y71: 0 | Z71: 0 | AA71: 0 | AB71: 0 | AC71: 0 | AD71: 0 | AE71: 0 | AF71: 0 | AG71: 0 | AH71: 0 | AI71: 0 | AJ71: 0 | AK71: 0 | AL71: 0 | AM71: 0 | AN71: 0 | AO71: 0 | AP71: 0 | AQ71: 0 | AR71: 0 | AS71: 0 | AT71: 10384 | AU71: 0 | AV71: 0 | AW71: 0 | AX71: 0 | AY71: 0 | AZ71: 0 | BA71: 0 | BB71: 0 | BC71: 0 | BD71: 0 | BE71: 0 | BF71: 0 | BG71: 0 | BH71: 0 | BI71: 0 | BJ71: 0 | BK71: 0 | BL71: 0 | BM71: 0 | BN71: 0 | BO71: 0 | BP71: 0 | BQ71: 0 | BR71: 0 | BS71: 0 | BT71: 0 | BU71: 0 | BV71: 0 | BW71: 0 | BX71: 0 | BY71: 0 | BZ71: 0 | CA71: 0 | CB71: 0 | CC71: 0 | CD71: 0 | CE71: 0 | CF71: 0 | CG71: 10384 | CI71: 2223.25 | CJ71: 0 | CK71: 0 | CL71: 2223.25 | CN71: 0 | CO71: 0 | CP71: 0 | CR71: 2223.25 | CS71: =CG71-CR71 -> 8160.75 | CT71: =IF(CG71=0,"n/a",CR71/(CG71)) -> 0.21410343
A72: %,V715000 | B72: 715000 | C72: Student Admission/Entry Fees | D72: 41448.61 | E72: 413.25 | F72: 0 | G72: 0 | H72: 41861.86 | J72: 0 | K72: 0 | L72: 0 | N72: 41861.86 | P72: 0 | Q72: 0 | T72: 0 | U72: 0 | V72: 0 | W72: 0 | X72: 0 | Y72: 0 | Z72: 0 | AA72: 0 | AB72: 0 | AC72: 0 | AD72: 0 | AE72: 0 | AF72: 0 | AG72: 0 | AH72: 0 | AI72: 0 | AJ72: 0 | AK72: 0 | AL72: 0 | AM72: 0 | AN72: 0 | AO72: 0 | AP72: 0 | AQ72: 0 | AR72: 0 | AS72: 0 | AT72: 0 | AU72: 48882 | AV72: 0 | AW72: 0 | AX72: 0 | AY72: 0 | AZ72: 0 | BA72: 0 | BB72: 0 | BC72: 0 | BD72: 0 | BE72: 0 | BF72: 0 | BG72: 0 | BH72: 0 | BI72: 0 | BJ72: 0 | BK72: 0 | BL72: 0 | BM72: 0 | BN72: 0 | BO72: 0 | BP72: 0 | BQ72: 0 | BR72: 0 | BS72: 0 | BT72: 0 | BU72: 0 | BV72: 0 | BW72: 0 | BX72: 0 | BY72: 0 | BZ72: 0 | CA72: 0 | CB72: 0 | CC72: 0 | CD72: 0 | CE72: 0 | CF72: 0 | CG72: 48882 | CI72: 20718.44 | CJ72: 0 | CK72: 0 | CL72: 20718.44 | CN72: 0 | CO72: 0 | CP72: 0 | CR72: 20718.44 | CS72: =CG72-CR72 -> 28163.56 | CT72: =IF(CG72=0,"n/a",CR72/(CG72)) -> 0.423846
A73: %,V721000 | B73: 721000 | C73: Legal Fees | D73: 0 | E73: 0 | F73: 0 | G73: 0 | H73: 0 | J73: 0 | K73: 0 | L73: 0 | N73: 0 | P73: 0 | Q73: 0 | T73: 0 | U73: 0 | V73: 0 | W73: 0 | X73: 0 | Y73: 0 | Z73: 0 | AA73: 0 | AB73: 0 | AC73: 0 | AD73: 0 | AE73: 0 | AF73: 0 | AG73: 0 | AH73: 0 | AI73: 0 | AJ73: 0 | AK73: 0 | AL73: 0 | AM73: 0 | AN73: 0 | AO73: 0 | AP73: 0 | AQ73: 0 | AR73: 0 | AS73: 0 | AT73: 0 | AU73: 0 | AV73: 5000 | AW73: 0 | AX73: 0 | AY73: 0 | AZ73: 0 | BA73: 0 | BB73: 0 | BC73: 0 | BD73: 0 | BE73: 0 | BF73: 0 | BG73: 0 | BH73: 0 | BI73: 0 | BJ73: 0 | BK73: 0 | BL73: 0 | BM73: 0 | BN73: 0 | BO73: 0 | BP73: 0 | BQ73: 0 | BR73: 0 | BS73: 0 | BT73: 0 | BU73: 0 | BV73: 0 | BW73: 0 | BX73: 0 | BY73: 0 | BZ73: 0 | CA73: 0 | CB73: 0 | CC73: 0 | CD73: 0 | CE73: 0 | CF73: 0 | CG73: 5000 | CI73: 0 | CJ73: 0 | CK73: 0 | CL73: 0 | CN73: 0 | CO73: 0 | CP73: 0 | CR73: 0 | CS73: =CG73-CR73 -> 5000 | CT73: =IF(CG73=0,"n/a",CR73/(CG73)) -> 0
A74: %,V723000 | B74: 723000 | C74: Printing | D74: 0 | E74: 0 | F74: 915 | G74: 0 | H74: 915 | J74: 0 | K74: 0 | L74: 0 | N74: 915 | P74: 0 | Q74: 0 | T74: 0 | U74: 0 | V74: 0 | W74: 0 | X74: 0 | Y74: 0 | Z74: 0 | AA74: 0 | AB74: 0 | AC74: 0 | AD74: 0 | AE74: 0 | AF74: 0 | AG74: 0 | AH74: 0 | AI74: 0 | AJ74: 0 | AK74: 0 | AL74: 0 | AM74: 0 | AN74: 0 | AO74: 0 | AP74: 0 | AQ74: 0 | AR74: 0 | AS74: 0 | AT74: 0 | AU74: 0 | AV74: 0 | AW74: 1000 | AX74: 0 | AY74: 0 | AZ74: 0 | BA74: 0 | BB74: 0 | BC74: 0 | BD74: 0 | BE74: 0 | BF74: 0 | BG74: 0 | BH74: 0 | BI74: 0 | BJ74: 0 | BK74: 0 | BL74: 0 | BM74: 0 | BN74: 0 | BO74: 0 | BP74: 0 | BQ74: 0 | BR74: 0 | BS74: 0 | BT74: 0 | BU74: 0 | BV74: 0 | BW74: 0 | BX74: 0 | BY74: 0 | BZ74: 0 | CA74: 0 | CB74: 0 | CC74: 0 | CD74: 0 | CE74: 0 | CF74: 0 | CG74: 1000 | CI74: 0 | CJ74: 0 | CK74: 0 | CL74: 0 | CN74: 0 | CO74: 0 | CP74: 0 | CR74: 0 | CS74: =CG74-CR74 -> 1000 | CT74: =IF(CG74=0,"n/a",CR74/(CG74)) -> 0
A75: %,V731000 | B75: 731000 | C75: Contracted Services | D75: 1705 | E75: 0 | F75: 94502.49 | G75: 0 | H75: 96207.49 | J75: 0 | K75: 0 | L75: 0 | N75: 96207.49 | P75: 0 | Q75: 0 | T75: 0 | U75: 0 | V75: 0 | W75: 0 | X75: 0 | Y75: 0 | Z75: 0 | AA75: 0 | AB75: 0 | AC75: 0 | AD75: 0 | AE75: 0 | AF75: 0 | AG75: 0 | AH75: 0 | AI75: 0 | AJ75: 0 | AK75: 0 | AL75: 0 | AM75: 0 | AN75: 0 | AO75: 0 | AP75: 0 | AQ75: 0 | AR75: 0 | AS75: 0 | AT75: 0 | AU75: 0 | AV75: 0 | AW75: 0 | AX75: 139128 | AY75: 0 | AZ75: 0 | BA75: 0 | BB75: 0 | BC75: 0 | BD75: 0 | BE75: 0 | BF75: 0 | BG75: 0 | BH75: 0 | BI75: 0 | BJ75: 0 | BK75: 0 | BL75: 0 | BM75: 0 | BN75: 0 | BO75: 0 | BP75: 0 | BQ75: 0 | BR75: 0 | BS75: 0 | BT75: 0 | BU75: 0 | BV75: 0 | BW75: 0 | BX75: 0 | BY75: 0 | BZ75: 0 | CA75: 0 | CB75: 0 | CC75: 0 | CD75: 0 | CE75: 0 | CF75: 0 | CG75: 139128 | CI75: 816.5 | CJ75: 0 | CK75: 21341.47 | CL75: 22157.97 | CN75: 0 | CO75: 0 | CP75: 0 | CR75: 22157.97 | CS75: =CG75-CR75 -> 116970.03 | CT75: =IF(CG75=0,"n/a",CR75/(CG75)) -> 0.1592632
A76: %,V743000 | B76: 743000 | C76: Equipment Rental | D76: 0 | E76: 0 | F76: 1453.39 | G76: 0 | H76: 1453.39 | J76: 0 | K76: 0 | L76: 0 | N76: 1453.39 | P76: 0 | Q76: 0 | T76: 0 | U76: 0 | V76: 0 | W76: 0 | X76: 0 | Y76: 0 | Z76: 0 | AA76: 0 | AB76: 0 | AC76: 0 | AD76: 0 | AE76: 0 | AF76: 0 | AG76: 0 | AH76: 0 | AI76: 0 | AJ76: 0 | AK76: 0 | AL76: 0 | AM76: 0 | AN76: 0 | AO76: 0 | AP76: 0 | AQ76: 0 | AR76: 0 | AS76: 0 | AT76: 0 | AU76: 0 | AV76: 0 | AW76: 0 | AX76: 0 | AY76: 1250 | AZ76: 0 | BA76: 0 | BB76: 0 | BC76: 0 | BD76: 0 | BE76: 0 | BF76: 0 | BG76: 0 | BH76: 0 | BI76: 0 | BJ76: 0 | BK76: 0 | BL76: 0 | BM76: 0 | BN76: 0 | BO76: 0 | BP76: 0 | BQ76: 0 | BR76: 0 | BS76: 0 | BT76: 0 | BU76: 0 | BV76: 0 | BW76: 0 | BX76: 0 | BY76: 0 | BZ76: 0 | CA76: 0 | CB76: 0 | CC76: 0 | CD76: 0 | CE76: 0 | CF76: 0 | CG76: 1250 | CI76: 0 | CJ76: 0 | CK76: 723.35 | CL76: 723.35 | CN76: 0 | CO76: 0 | CP76: 0 | CR76: 723.35 | CS76: =CG76-CR76 -> 526.65 | CT76: =IF(CG76=0,"n/a",CR76/(CG76)) -> 0.57868
A77: %,V745000 | B77: 745000 | C77: Contract Maint/Eq Repair | D77: 0 | E77: 0 | F77: 6469.96 | G77: 0 | H77: 6469.96 | J77: 0 | K77: 0 | L77: 0 | N77: 6469.96 | P77: 0 | Q77: 0 | T77: 0 | U77: 0 | V77: 0 | W77: 0 | X77: 0 | Y77: 0 | Z77: 0 | AA77: 0 | AB77: 0 | AC77: 0 | AD77: 0 | AE77: 0 | AF77: 0 | AG77: 0 | AH77: 0 | AI77: 0 | AJ77: 0 | AK77: 0 | AL77: 0 | AM77: 0 | AN77: 0 | AO77: 0 | AP77: 0 | AQ77: 0 | AR77: 0 | AS77: 0 | AT77: 0 | AU77: 0 | AV77: 0 | AW77: 0 | AX77: 0 | AY77: 0 | AZ77: 11600 | BA77: 0 | BB77: 0 | BC77: 0 | BD77: 0 | BE77: 0 | BF77: 0 | BG77: 0 | BH77: 0 | BI77: 0 | BJ77: 0 | BK77: 0 | BL77: 0 | BM77: 0 | BN77: 0 | BO77: 0 | BP77: 0 | BQ77: 0 | BR77: 0 | BS77: 0 | BT77: 0 | BU77: 0 | BV77: 0 | BW77: 0 | BX77: 0 | BY77: 0 | BZ77: 0 | CA77: 0 | CB77: 0 | CC77: 0 | CD77: 0 | CE77: 0 | CF77: 0 | CG77: 11600 | CI77: 0 | CJ77: 0 | CK77: 598.7 | CL77: 598.7 | CN77: 0 | CO77: 0 | CP77: 0 | CR77: 598.7 | CS77: =CG77-CR77 -> 11001.3 | CT77: =IF(CG77=0,"n/a",CR77/(CG77)) -> 0.051612069
A78: %,V745500 | B78: 745500 | C78: Technology Services | D78: 0 | E78: 199 | F78: 31864.7 | G78: 0 | H78: 32063.7 | J78: 0 | K78: 0 | L78: 0 | N78: 32063.7 | P78: 0 | Q78: 0 | T78: 0 | U78: 0 | V78: 0 | W78: 0 | X78: 0 | Y78: 0 | Z78: 0 | AA78: 0 | AB78: 0 | AC78: 0 | AD78: 0 | AE78: 0 | AF78: 0 | AG78: 0 | AH78: 0 | AI78: 0 | AJ78: 0 | AK78: 0 | AL78: 0 | AM78: 0 | AN78: 0 | AO78: 0 | AP78: 0 | AQ78: 0 | AR78: 0 | AS78: 0 | AT78: 0 | AU78: 0 | AV78: 0 | AW78: 0 | AX78: 0 | AY78: 0 | AZ78: 0 | BA78: 37275 | BB78: 0 | BC78: 0 | BD78: 0 | BE78: 0 | BF78: 0 | BG78: 0 | BH78: 0 | BI78: 0 | BJ78: 0 | BK78: 0 | BL78: 0 | BM78: 0 | BN78: 0 | BO78: 0 | BP78: 0 | BQ78: 0 | BR78: 0 | BS78: 0 | BT78: 0 | BU78: 0 | BV78: 0 | BW78: 0 | BX78: 0 | BY78: 0 | BZ78: 0 | CA78: 0 | CB78: 0 | CC78: 0 | CD78: 0 | CE78: 0 | CF78: 0 | CG78: 37275 | CI78: 0 | CJ78: 323.17 | CK78: 18642.86 | CL78: 18966.03 | CN78: 0 | CO78: 0 | CP78: 0 | CR78: 18966.03 | CS78: =CG78-CR78 -> 18308.97 | CT78: =IF(CG78=0,"n/a",CR78/(CG78)) -> 0.50881368
... A90: %,V781000 | B90: 781000 | C90: Lease Purch-Other-Principal Bond | D90: 0 | E90: 0 | F90: 252735.94 | G90: 0 | H90: 252735.94 | J90: 0 | K90: 150000 | L90: 150000 | N90: 150000 | P90: 0 | Q90: 0 | T90: 0 | U90: 0 | V90: 0 | W90: 0 | X90: 0 | Y90: 0 | Z90: 0 | AA90: 0 | AB90: 0 | AC90: 0 | AD90: 0 | AE90: 0 | AF90: 0 | AG90: 0 | AH90: 0 | AI90: 0 | AJ90: 0 | AK90: 0 | AL90: 0 | AM90: 0 | AN90: 0 | AO90: 0 | AP90: 0 | AQ90: 0 | AR90: 0 | AS90: 0 | AT90: 0 | AU90: 0 | AV90: 0 | AW90: 0 | AX90: 0 | AY90: 0 | AZ90: 0 | BA90: 0 | BB90: 0 | BC90: 0 | BD90: 0 | BE90: 0 | BF90: 0 | BG90: 0 | BH90: 0 | BI90: 0 | BJ90: 0 | BK90: 0 | BL90: 380636 | BM90: 0 | BN90: 0 | BO90: 0 | BP90: 0 | BQ90: 0 | BR90: 0 | BS90: 0 | BT90: 0 | BU90: 0 | BV90: 0 | BW90: 0 | BX90: 0 | BY90: 0 | BZ90: 0 | CA90: 0 | CB90: 0 | CC90: 0 | CD90: 0 | CE90: 0 | CF90: 0 | CG90: 150000 | CI90: 0 | CJ90: 0 | CK90: 32377.13 | CL90: 0 | CN90: 0 | CO90: 0 | CP90: 0 | CR90: 0 | CS90: =CG90-CR90 -> 150000 | CT90: =IF(CG90=0,"n/a",CR90/(CG90)) -> 0
B91: 781000 | C91: Lease Purch-Other-Principal Loan | N91: 252735.94 | CG91: 237402.94 | CL91: 32377.13 | CR91: 32377.13 | CS91: =CG91-CR91 -> 205025.81 | CT91: =IF(CG91=0,"n/a",CR91/(CG91)) -> 0.13638049
A92: %,V781500 | B92: 781500 | C92: Lease Purch-Other-Interest Bond | D92: 0 | E92: 0 | F92: 56773.5 | G92: 0 | H92: 56773.5 | J92: 0 | K92: 314740 | L92: 314740 | N92: 314740 | P92: 0 | Q92: 0 | T92: 0 | U92: 0 | V92: 0 | W92: 0 | X92: 0 | Y92: 0 | Z92: 0 | AA92: 0 | AB92: 0 | AC92: 0 | AD92: 0 | AE92: 0 | AF92: 0 | AG92: 0 | AH92: 0 | AI92: 0 | AJ92: 0 | AK92: 0 | AL92: 0 | AM92: 0 | AN92: 0 | AO92: 0 | AP92: 0 | AQ92: 0 | AR92: 0 | AS92: 0 | AT92: 0 | AU92: 0 | AV92: 0 | AW92: 0 | AX92: 0 | AY92: 0 | AZ92: 0 | BA92: 0 | BB92: 0 | BC92: 0 | BD92: 0 | BE92: 0 | BF92: 0 | BG92: 0 | BH92: 0 | BI92: 0 | BJ92: 0 | BK92: 0 | BL92: 0 | BM92: 393613 | BN92: 0 | BO92: 0 | BP92: 0 | BQ92: 0 | BR92: 0 | BS92: 0 | BT92: 0 | BU92: 0 | BV92: 0 | BW92: 0 | BX92: 0 | BY92: 0 | BZ92: 0 | CA92: 0 | CB92: 0 | CC92: 0 | CD92: 0 | CE92: 0 | CF92: 0 | CG92: 307915 | CI92: 0 | CJ92: 0 | CK92: 22418.47 | CL92: 0 | CN92: 0 | CO92: 153957.5 | CP92: 153957.5 | CR92: 153957.5 | CS92: =CG92-CR92 -> 153957.5 | CT92: =IF(CG92=0,"n/a",CR92/(CG92)) -> 0.5
B93: 781500 | C93: Lease Purch-Other-Interest Loan | N93: 56773.5 | CG93: 83065.62 | CL93: 22418.47 | CP93: 0 | CR93: 22418.47 | CS93: =CG93-CR93 -> 60647.15 | CT93: =IF(CG93=0,"n/a",CR93/(CG93)) -> 0.26988867
A94: %,V950000 | B94: 950000 | C94: District Fees | D94: 0 | E94: 0 | F94: 718174.69 | G94: 0 | H94: 718174.69 | J94: 0 | K94: 0 | L94: 0 | N94: 718174.69 | P94: 0 | Q94: 0 | T94: 0 | U94: 0 | V94: 0 | W94: 0 | X94: 0 | Y94: 0 | Z94: 0 | AA94: 0 | AB94: 0 | AC94: 0 | AD94: 0 | AE94: 0 | AF94: 0 | AG94: 0 | AH94: 0 | AI94: 0 | AJ94: 0 | AK94: 0 | AL94: 0 | AM94: 0 | AN94: 0 | AO94: 0 | AP94: 0 | AQ94: 0 | AR94: 0 | AS94: 0 | AT94: 0 | AU94: 0 | AV94: 0 | AW94: 0 | AX94: 0 | AY94: 0 | AZ94: 0 | BA94: 0 | BB94: 0 | BC94: 0 | BD94: 0 | BE94: 0 | BF94: 0 | BG94: 0 | BH94: 0 | BI94: 0 | BJ94: 0 | BK94: 0 | BL94: 0 | BM94: 0 | BN94: 0 | BO94: 0 | BP94: 0 | BQ94: 0 | BR94: 0 | BS94: 0 | BT94: 0 | BU94: 0 | BV94: 0 | BW94: 0 | BX94: 0 | BY94: 0 | BZ94: 0 | CA94: 0 | CB94: 0 | CC94: 0 | CD94: 0 | CE94: 0 | CF94: 700697 | CG94: 702861.59 | CI94: 0 | CJ94: 0 | CK94: 350426.33 | CL94: 350426.33 | CN94: 0 | CO94: 0 | CP94: 0 | CR94: 350426.33 | CS94: =CG94-CR94 -> 352435.26 | CT94: =IF(CG94=0,"n/a",CR94/(CG94)) -> 0.49857089
A95: %,FACCOUNT,TACCOUNT_ROLLUP,X,NPURCHASED SERVICES | C95: Purchased Services | D95: 60121.6 | E95: 1975.03 | F95: 1382071.5 | G95: 0 | H95: 1444168.1 | J95: 0 | K95: 464740 | L95: 464740 | N95: 1908908.1 | P95: 0 | Q95: 0 | T95: 0 | U95: 0 | V95: 0 | W95: 0 | X95: 0 | Y95: 0 | Z95: 0 | AA95: 0 | AB95: 0 | AC95: 0 | AD95: 0 | AE95: 0 | AF95: 0 | AG95: 0 | AH95: 0 | AI95: 0 | AJ95: 0 | AK95: 0 | AL95: 0 | AM95: 0 | AN95: 0 | AO95: 0 | AP95: 1100 | AQ95: 17470 | AR95: 825 | AS95: 7805 | AT95: 10384 | AU95: 48882 | AV95: 5000 | AW95: 1000 | AX95: 139128 | AY95: 1250 | AZ95: 11600 | BA95: 37275 | BB95: 79200 | BC95: 500 | BD95: 21125 | BE95: 51400 | BF95: 13770 | BG95: 17775 | BH95: 530 | BI95: 16650 | BJ95: 80500 | BK95: 10400 | BL95: 380636 | BM95: 393613 | BN95: 0 | BO95: 0 | BP95: 0 | BQ95: 0 | BR95: 0 | BS95: 0 | BT95: 0 | BU95: 0 | BV95: 0 | BW95: 0 | BX95: 0 | BY95: 0 | BZ95: 0 | CA95: 0 | CB95: 0 | CC95: 0 | CD95: 0 | CE95: 0 | CF95: 700697 | CG95: 2054814.1 | CI95: 25731.29 | CJ95: 418.89 | CK95: 547088.68 | CL95: 573238.86 | CN95: 0 | CO95: 153957.5 | CP95: 153957.5 | CR95: 727196.36 | CS95: =CG95-CR95 -> 1327617.8 | CT95: =IF(CG95=0,"n/a",CR95/(CG95)) -> 0.35389885
A97: %,V804000 | B97: 804000 | C97: Fund Raising | D97: 0 | E97: 0 | F97: 0 | G97: 0 | H97: 0 | J97: 0 | K97: 0 | L97: 0 | N97: 0 | P97: 0 | Q97: 0 | T97: 0 | U97: 0 | V97: 0 | W97: 0 | X97: 0 | Y97: 0 | Z97: 0 | AA97: 0 | AB97: 0 | AC97: 0 | AD97: 0 | AE97: 0 | AF97: 0 | AG97: 0 | AH97: 0 | AI97: 0 | AJ97: 0 | AK97: 0 | AL97: 0 | AM97: 0 | AN97: 0 | AO97: 0 | AP97: 0 | AQ97: 0 | AR97: 0 | AS97: 0 | AT97: 0 | AU97: 0 | AV97: 0 | AW97: 0 | AX97: 0 | AY97: 0 | AZ97: 0 | BA97: 0 | BB97: 0 | BC97: 0 | BD97: 0 | BE97: 0 | BF97: 0 | BG97: 0 | BH97: 0 | BI97: 0 | BJ97: 0 | BK97: 0 | BL97: 0 | BM97: 0 | BN97: 1561 | BO97: 0 | BP97: 0 | BQ97: 0 | BR97: 0 | BS97: 0 | BT97: 0 | BU97: 0 | BV97: 0 | BW97: 0 | BX97: 0 | BY97: 0 | BZ97: 0 | CA97: 0 | CB97: 0 | CC97: 0 | CD97: 0 | CE97: 0 | CF97: 0 | CG97: 1561 | CI97: 0 | CJ97: 0 | CK97: 0 | CL97: 0 | CN97: 0 | CO97: 0 | CP97: 0 | CR97: 0 | CS97: =CG97-CR97 -> 1561 | CT97: =IF(CG97=0,"n/a",CR97/(CG97)) -> 0
A98: %,V805000 | B98: 805000 | C98: Materials/Supplies-Other | D98: 5297.28 | E98: 49.5 | F98: 7491.11 | G98: 0 | H98: 12837.89 | J98: 0 | K98: 0 | L98: 0 | N98: 12837.89 | P98: 0 | Q98: 0 | T98: 0 | U98: 0 | V98: 0 | W98: 0 | X98: 0 | Y98: 0 | Z98: 0 | AA98: 0 | AB98: 0 | AC98: 0 | AD98: 0 | AE98: 0 | AF98: 0 | AG98: 0 | AH98: 0 | AI98: 0 | AJ98: 0 | AK98: 0 | AL98: 0 | AM98: 0 | AN98: 0 | AO98: 0 | AP98: 0 | AQ98: 0 | AR98: 0 | AS98: 0 | AT98: 0 | AU98: 0 | AV98: 0 | AW98: 0 | AX98: 0 | AY98: 0 | AZ98: 0 | BA98: 0 | BB98: 0 | BC98: 0 | BD98: 0 | BE98: 0 | BF98: 0 | BG98: 0 | BH98: 0 | BI98: 0 | BJ98: 0 | BK98: 0 | BL98: 0 | BM98: 0 | BN98: 0 | BO98: 15995 | BP98: 0 | BQ98: 0 | BR98: 0 | BS98: 0 | BT98: 0 | BU98: 0 | BV98: 0 | BW98: 0 | BX98: 0 | BY98: 0 | BZ98: 0 | CA98: 0 | CB98: 0 | CC98: 0 | CD98: 0 | CE98: 0 | CF98: 0 | CG98: 15995 | CI98: 2027.21 | CJ98: 0 | CK98: 5518.81 | CL98: 7546.02 | CN98: 0 | CO98: 0 | CP98: 0 | CR98: 7546.02 | CS98: =CG98-CR98 -> 8448.98 | CT98: =IF(CG98=0,"n/a",CR98/(CG98)) -> 0.47177368
A99: %,V806000 | B99: 806000 | C99: Materials/Supplies Resale | D99: 17683.79 | E99: 0 | F99: 0 | G99: 0 | H99: 17683.79 | J99: 0 | K99: 0 | L99: 0 | N99: 17683.79 | P99: 0 | Q99: 0 | T99: 0 | U99: 0 | V99: 0 | W99: 0 | X99: 0 | Y99: 0 | Z99: 0 | AA99: 0 | AB99: 0 | AC99: 0 | AD99: 0 | AE99: 0 | AF99: 0 | AG99: 0 | AH99: 0 | AI99: 0 | AJ99: 0 | AK99: 0 | AL99: 0 | AM99: 0 | AN99: 0 | AO99: 0 | AP99: 0 | AQ99: 0 | AR99: 0 | AS99: 0 | AT99: 0 | AU99: 0 | AV99: 0 | AW99: 0 | AX99: 0 | AY99: 0 | AZ99: 0 | BA99: 0 | BB99: 0 | BC99: 0 | BD99: 0 | BE99: 0 | BF99: 0 | BG99: 0 | BH99: 0 | BI99: 0 | BJ99: 0 | BK99: 0 | BL99: 0 | BM99: 0 | BN99: 0 | BO99: 0 | BP99: 18800 | BQ99: 0 | BR99: 0 | BS99: 0 | BT99: 0 | BU99: 0 | BV99: 0 | BW99: 0 | BX99: 0 | BY99: 0 | BZ99: 0 | CA99: 0 | CB99: 0 | CC99: 0 | CD99: 0 | CE99: 0 | CF99: 0 | CG99: 18800 | CI99: 6525.99 | CJ99: 0 | CK99: 0 | CL99: 6525.99 | CN99: 0 | CO99: 0 | CP99: 0 | CR99: 6525.99 | CS99: =CG99-CR99 -> 12274.01 | CT99: =IF(CG99=0,"n/a",CR99/(CG99)) -> 0.34712713
A100: %,V810000 | B100: 810000 | C100: Office Material/Supplies | D100: 0 | E100: 0 | F100: 1564.39 | G100: 0 | H100: 1564.39 | J100: 0 | K100: 0 | L100: 0 | N100: 1564.39 | P100: 0 | Q100: 0 | T100: 0 | U100: 0 | V100: 0 | W100: 0 | X100: 0 | Y100: 0 | Z100: 0 | AA100: 0 | AB100: 0 | AC100: 0 | AD100: 0 | AE100: 0 | AF100: 0 | AG100: 0 | AH100: 0 | AI100: 0 | AJ100: 0 | AK100: 0 | AL100: 0 | AM100: 0 | AN100: 0 | AO100: 0 | AP100: 0 | AQ100: 0 | AR100: 0 | AS100: 0 | AT100: 0 | AU100: 0 | AV100: 0 | AW100: 0 | AX100: 0 | AY100: 0 | AZ100: 0 | BA100: 0 | BB100: 0 | BC100: 0 | BD100: 0 | BE100: 0 | BF100: 0 | BG100: 0 | BH100: 0 | BI100: 0 | BJ100: 0 | BK100: 0 | BL100: 0 | BM100: 0 | BN100: 0 | BO100: 0 | BP100: 0 | BQ100: 3183 | BR100: 0 | BS100: 0 | BT100: 0 | BU100: 0 | BV100: 0 | BW100: 0 | BX100: 0 | BY100: 0 | BZ100: 0 | CA100: 0 | CB100: 0 | CC100: 0 | CD100: 0 | CE100: 0 | CF100: 0 | CG100: 3183 | CI100: 0 | CJ100: 0 | CK100: 673.52 | CL100: 673.52 | CN100: 0 | CO100: 0 | CP100: 0 | CR100: 673.52 | CS100: =CG100-CR100 -> 2509.48 | CT100: =IF(CG100=0,"n/a",CR100/(CG100)) -> 0.21159912
A101: %,V810001 | B101: 810001 | C101: Office Equipment - Under $5K | D101: 0 | E101: 0 | F101: 9757.1 | G101: 0 | H101: 9757.1 | J101: 0 | K101: 0 | L101: 0 | N101: 9757.1 | P101: 0 | Q101: 0 | T101: 0 | U101: 0 | V101: 0 | W101: 0 | X101: 0 | Y101: 0 | Z101: 0 | AA101: 0 | AB101: 0 | AC101: 0 | AD101: 0 | AE101: 0 | AF101: 0 | AG101: 0 | AH101: 0 | AI101: 0 | AJ101: 0 | AK101: 0 | AL101: 0 | AM101: 0 | AN101: 0 | AO101: 0 | AP101: 0 | AQ101: 0 | AR101: 0 | AS101: 0 | AT101: 0 | AU101: 0 | AV101: 0 | AW101: 0 | AX101: 0 | AY101: 0 | AZ101: 0 | BA101: 0 | BB101: 0 | BC101: 0 | BD101: 0 | BE101: 0 | BF101: 0 | BG101: 0 | BH101: 0 | BI101: 0 | BJ101: 0 | BK101: 0 | BL101: 0 | BM101: 0 | BN101: 0 | BO101: 0 | BP101: 0 | BQ101: 0 | BR101: 8600 | BS101: 0 | BT101: 0 | BU101: 0 | BV101: 0 | BW101: 0 | BX101: 0 | BY101: 0 | BZ101: 0 | CA101: 0 | CB101: 0 | CC101: 0 | CD101: 0 | CE101: 0 | CF101: 0 | CG101: 8600 | CI101: 0 | CJ101: 0 | CK101: 1374.76 | CL101: 1374.76 | CN101: 0 | CO101: 0 | CP101: 0 | CR101: 1374.76 | CS101: =CG101-CR101 -> 7225.24 | CT101: =IF(CG101=0,"n/a",CR101/(CG101)) -> 0.15985581
A102: %,V812000 | B102: 812000 | C102: Clinic Supplies/Materials | D102: 0 | E102: 21.42 | F102: 761.23 | G102: 0 | H102: 782.65 | J102: 0 | K102: 0 | L102: 0 | N102: 782.65 | P102: 0 | Q102: 0 | T102: 0 | U102: 0 | V102: 0 | W102: 0 | X102: 0 | Y102: 0 | Z102: 0 | AA102: 0 | AB102: 0 | AC102: 0 | AD102: 0 | AE102: 0 | AF102: 0 | AG102: 0 | AH102: 0 | AI102: 0 | AJ102: 0 | AK102: 0 | AL102: 0 | AM102: 0 | AN102: 0 | AO102: 0 | AP102: 0 | AQ102: 0 | AR102: 0 | AS102: 0 | AT102: 0 | AU102: 0 | AV102: 0 | AW102: 0 | AX102: 0 | AY102: 0 | AZ102: 0 | BA102: 0 | BB102: 0 | BC102: 0 | BD102: 0 | BE102: 0 | BF102: 0 | BG102: 0 | BH102: 0 | BI102: 0 | BJ102: 0 | BK102: 0 | BL102: 0 | BM102: 0 | BN102: 0 | BO102: 0 | BP102: 0 | BQ102: 0 | BR102: 0 | BS102: 1171 | BT102: 0 | BU102: 0 | BV102: 0 | BW102: 0 | BX102: 0 | BY102: 0 | BZ102: 0 | CA102: 0 | CB102: 0 | CC102: 0 | CD102: 0 | CE102: 0 | CF102: 0 | CG102: 1171 | CI102: 0 | CJ102: 0 | CK102: 54.54 | CL102: 54.54 | CN102: 0 | CO102: 0 | CP102: 0 | CR102: 54.54 | CS102: =CG102-CR102 -> 1116.46 | CT102: =IF(CG102=0,"n/a",CR102/(CG102)) -> 0.046575576
A103: %,V814000 | B103: 814000 | C103: Custodial Supplies | D103: 0 | E103: 0 | F103: 15195.25 | G103: 0 | H103: 15195.25 | J103: 0 | K103: 0 | L103: 0 | N103: 15195.25 | P103: 0 | Q103: 0 | T103: 0 | U103: 0 | V103: 0 | W103: 0 | X103: 0 | Y103: 0 | Z103: 0 | AA103: 0 | AB103: 0 | AC103: 0 | AD103: 0 | AE103: 0 | AF103: 0 | AG103: 0 | AH103: 0 | AI103: 0 | AJ103: 0 | AK103: 0 | AL103: 0 | AM103: 0 | AN103: 0 | AO103: 0 | AP103: 0 | AQ103: 0 | AR103: 0 | AS103: 0 | AT103: 0 | AU103: 0 | AV103: 0 | AW103: 0 | AX103: 0 | AY103: 0 | AZ103: 0 | BA103: 0 | BB103: 0 | BC103: 0 | BD103: 0 | BE103: 0 | BF103: 0 | BG103: 0 | BH103: 0 | BI103: 0 | BJ103: 0 | BK103: 0 | BL103: 0 | BM103: 0 | BN103: 0 | BO103: 0 | BP103: 0 | BQ103: 0 | BR103: 0 | BS103: 0 | BT103: 20808 | BU103: 0 | BV103: 0 | BW103: 0 | BX103: 0 | BY103: 0 | BZ103: 0 | CA103: 0 | CB103: 0 | CC103: 0 | CD103: 0 | CE103: 0 | CF103: 0 | CG103: 20808 | CI103: 0 | CJ103: 0 | CK103: 3720.98 | CL103: 3720.98 | CN103: 0 | CO103: 0 | CP103: 0 | CR103: 3720.98 | CS103: =CG103-CR103 -> 17087.02 | CT103: =IF(CG103=0,"n/a",CR103/(CG103)) -> 0.17882449
A104: %,V820000 | B104: 820000 | C104: Instructional Material/Supply | D104: 189.34 | E104: 1160.91 | F104: 91181.86 | G104: 176.4 | H104: 92708.51 | J104: 0 | K104: 0 | L104: 0 | N104: 92708.51 | P104: 0 | Q104: 0 | T104: 0 | U104: 0 | V104: 0 | W104: 0 | X104: 0 | Y104: 0 | Z104: 0 | AA104: 0 | AB104: 0 | AC104: 0 | AD104: 0 | AE104: 0 | AF104: 0 | AG104: 0 | AH104: 0 | AI104: 0 | AJ104: 0 | AK104: 0 | AL104: 0 | AM104: 0 | AN104: 0 | AO104: 0 | AP104: 0 | AQ104: 0 | AR104: 0 | AS104: 0 | AT104: 0 | AU104: 0 | AV104: 0 | AW104: 0 | AX104: 0 | AY104: 0 | AZ104: 0 | BA104: 0 | BB104: 0 | BC104: 0 | BD104: 0 | BE104: 0 | BF104: 0 | BG104: 0 | BH104: 0 | BI104: 0 | BJ104: 0 | BK104: 0 | BL104: 0 | BM104: 0 | BN104: 0 | BO104: 0 | BP104: 0 | BQ104: 0 | BR104: 0 | BS104: 0 | BT104: 0 | BU104: 97750 | BV104: 0 | BW104: 0 | BX104: 0 | BY104: 0 | BZ104: 0 | CA104: 0 | CB104: 0 | CC104: 0 | CD104: 0 | CE104: 0 | CF104: 0 | CG104: 97750 | CI104: 0 | CJ104: 335.37 | CK104: 17805.61 | CL104: 18140.98 | CN104: 0 | CO104: 0 | CP104: 0 | CR104: 18140.98 | CS104: =CG104-CR104 -> 79609.02 | CT104: =IF(CG104=0,"n/a",CR104/(CG104)) -> 0.18558547
A105: %,V820001 | B105: 820001 | C105: Instructional Equip-Under $5K | D105: 0 | E105: 235.1 | F105: 46637.68 | G105: 0 | H105: 46872.78 | J105: 0 | K105: 0 | L105: 0 | N105: 46872.78 | P105: 0 | Q105: 0 | T105: 0 | U105: 0 | V105: 0 | W105: 0 | X105: 0 | Y105: 0 | Z105: 0 | AA105: 0 | AB105: 0 | AC105: 0 | AD105: 0 | AE105: 0 | AF105: 0 | AG105: 0 | AH105: 0 | AI105: 0 | AJ105: 0 | AK105: 0 | AL105: 0 | AM105: 0 | AN105: 0 | AO105: 0 | AP105: 0 | AQ105: 0 | AR105: 0 | AS105: 0 | AT105: 0 | AU105: 0 | AV105: 0 | AW105: 0 | AX105: 0 | AY105: 0 | AZ105: 0 | BA105: 0 | BB105: 0 | BC105: 0 | BD105: 0 | BE105: 0 | BF105: 0 | BG105: 0 | BH105: 0 | BI105: 0 | BJ105: 0 | BK105: 0 | BL105: 0 | BM105: 0 | BN105: 0 | BO105: 0 | BP105: 0 | BQ105: 0 | BR105: 0 | BS105: 0 | BT105: 0 | BU105: 0 | BV105: 49000 | BW105: 0 | BX105: 0 | BY105: 0 | BZ105: 0 | CA105: 0 | CB105: 0 | CC105: 0 | CD105: 0 | CE105: 0 | CF105: 0 | CG105: 49000 | CI105: 0 | CJ105: 1371.53 | CK105: 24688.26 | CL105: 26059.79 | CN105: 0 | CO105: 0 | CP105: 0 | CR105: 26059.79 | CS105: =CG105-CR105 -> 22940.21 | CT105: =IF(CG105=0,"n/a",CR105/(CG105)) -> 0.53183245
A106: %,V822000 | B106: 822000 | C106: Textbooks | D106: 0 | E106: 20.11 | F106: 22649.42 | G106: 123.6 | H106: 22793.13 | J106: 0 | K106: 0 | L106: 0 | N106: 22793.13 | P106: 0 | Q106: 0 | T106: 0 | U106: 0 | V106: 0 | W106: 0 | X106: 0 | Y106: 0 | Z106: 0 | AA106: 0 | AB106: 0 | AC106: 0 | AD106: 0 | AE106: 0 | AF106: 0 | AG106: 0 | AH106: 0 | AI106: 0 | AJ106: 0 | AK106: 0 | AL106: 0 | AM106: 0 | AN106: 0 | AO106: 0 | AP106: 0 | AQ106: 0 | AR106: 0 | AS106: 0 | AT106: 0 | AU106: 0 | AV106: 0 | AW106: 0 | AX106: 0 | AY106: 0 | AZ106: 0 | BA106: 0 | BB106: 0 | BC106: 0 | BD106: 0 | BE106: 0 | BF106: 0 | BG106: 0 | BH106: 0 | BI106: 0 | BJ106: 0 | BK106: 0 | BL106: 0 | BM106: 0 | BN106: 0 | BO106: 0 | BP106: 0 | BQ106: 0 | BR106: 0 | BS106: 0 | BT106: 0 | BU106: 0 | BV106: 0 | BW106: 25500 | BX106: 0 | BY106: 0 | BZ106: 0 | CA106: 0 | CB106: 0 | CC106: 0 | CD106: 0 | CE106: 0 | CF106: 0 | CG106: 25500 | CI106: 0 | CJ106: 42.91 | CK106: 5440.62 | CL106: 5483.53 | CN106: 0 | CO106: 0 | CP106: 0 | CR106: 5483.53 | CS106: =CG106-CR106 -> 20016.47 | CT106: =IF(CG106=0,"n/a",CR106/(CG106)) -> 0.21504039
A107: %,V823000 | B107: 823000 | C107: Copier Usage | D107: 0 | E107: 0 | F107: 19977.28 | G107: 0 | H107: 19977.28 | J107: 0 | K107: 0 | L107: 0 | N107: 19977.28 | P107: 0 | Q107: 0 | T107: 0 | U107: 0 | V107: 0 | W107: 0 | X107: 0 | Y107: 0 | Z107: 0 | AA107: 0 | AB107: 0 | AC107: 0 | AD107: 0 | AE107: 0 | AF107: 0 | AG107: 0 | AH107: 0 | AI107: 0 | AJ107: 0 | AK107: 0 | AL107: 0 | AM107: 0 | AN107: 0 | AO107: 0 | AP107: 0 | AQ107: 0 | AR107: 0 | AS107: 0 | AT107: 0 | AU107: 0 | AV107: 0 | AW107: 0 | AX107: 0 | AY107: 0 | AZ107: 0 | BA107: 0 | BB107: 0 | BC107: 0 | BD107: 0 | BE107: 0 | BF107: 0 | BG107: 0 | BH107: 0 | BI107: 0 | BJ107: 0 | BK107: 0 | BL107: 0 | BM107: 0 | BN107: 0 | BO107: 0 | BP107: 0 | BQ107: 0 | BR107: 0 | BS107: 0 | BT107: 0 | BU107: 0 | BV107: 0 | BW107: 0 | BX107: 23650 | BY107: 0 | BZ107: 0 | CA107: 0 | CB107: 0 | CC107: 0 | CD107: 0 | CE107: 0 | CF107: 0 | CG107: 23650 | CI107: 0 | CJ107: 0 | CK107: 3713.49 | CL107: 3713.49 | CN107: 0 | CO107: 0 | CP107: 0 | CR107: 3713.49 | CS107: =CG107-CR107 -> 19936.51 | CT107: =IF(CG107=0,"n/a",CR107/(CG107)) -> 0.1570186
A108: %,V824000 | B108: 824000 | C108: Testing Materials | D108: 0 | E108: 0 | F108: 628.16 | G108: 0 | H108: 628.16 | J108: 0 | K108: 0 | L108: 0 | N108: 628.16 | P108: 0 | Q108: 0 | T108: 0 | U108: 0 | V108: 0 | W108: 0 | X108: 0 | Y108: 0 | Z108: 0 | AA108: 0 | AB108: 0 | AC108: 0 | AD108: 0 | AE108: 0 | AF108: 0 | AG108: 0 | AH108: 0 | AI108: 0 | AJ108: 0 | AK108: 0 | AL108: 0 | AM108: 0 | AN108: 0 | AO108: 0 | AP108: 0 | AQ108: 0 | AR108: 0 | AS108: 0 | AT108: 0 | AU108: 0 | AV108: 0 | AW108: 0 | AX108: 0 | AY108: 0 | AZ108: 0 | BA108: 0 | BB108: 0 | BC108: 0 | BD108: 0 | BE108: 0 | BF108: 0 | BG108: 0 | BH108: 0 | BI108: 0 | BJ108: 0 | BK108: 0 | BL108: 0 | BM108: 0 | BN108: 0 | BO108: 0 | BP108: 0 | BQ108: 0 | BR108: 0 | BS108: 0 | BT108: 0 | BU108: 0 | BV108: 0 | BW108: 0 | BX108: 0 | BY108: 3435 | BZ108: 0 | CA108: 0 | CB108: 0 | CC108: 0 | CD108: 0 | CE108: 0 | CF108: 0 | CG108: 3435 | CI108: 0 | CJ108: 0 | CK108: 0 | CL108: 0 | CN108: 0 | CO108: 0 | CP108: 0 | CR108: 0 | CS108: =CG108-CR108 -> 3435 | CT108: =IF(CG108=0,"n/a",CR108/(CG108)) -> 0
... A113: %,V889000 | B113: 889000 | C113: Consumable Supplies | D113: 0 | E113: 7.28 | F113: 305.47 | G113: 0 | H113: 312.75 | J113: 0 | K113: 0 | L113: 0 | N113: 312.75 | P113: 0 | Q113: 0 | T113: 0 | U113: 0 | V113: 0 | W113: 0 | X113: 0 | Y113: 0 | Z113: 0 | AA113: 0 | AB113: 0 | AC113: 0 | AD113: 0 | AE113: 0 | AF113: 0 | AG113: 0 | AH113: 0 | AI113: 0 | AJ113: 0 | AK113: 0 | AL113: 0 | AM113: 0 | AN113: 0 | AO113: 0 | AP113: 0 | AQ113: 0 | AR113: 0 | AS113: 0 | AT113: 0 | AU113: 0 | AV113: 0 | AW113: 0 | AX113: 0 | AY113: 0 | AZ113: 0 | BA113: 0 | BB113: 0 | BC113: 0 | BD113: 0 | BE113: 0 | BF113: 0 | BG113: 0 | BH113: 0 | BI113: 0 | BJ113: 0 | BK113: 0 | BL113: 0 | BM113: 0 | BN113: 0 | BO113: 0 | BP113: 0 | BQ113: 0 | BR113: 0 | BS113: 0 | BT113: 0 | BU113: 0 | BV113: 0 | BW113: 0 | BX113: 0 | BY113: 0 | BZ113: 0 | CA113: 0 | CB113: 0 | CC113: 0 | CD113: 510 | CE113: 0 | CF113: 0 | CG113: 510 | CI113: 0 | CJ113: 0 | CK113: 101.36 | CL113: 101.36 | CN113: 0 | CO113: 0 | CP113: 0 | CR113: 101.36 | CS113: =CG113-CR113 -> 408.64 | CT113: =IF(CG113=0,"n/a",CR113/(CG113)) -> 0.1987451
A114: %,FACCOUNT,TACCOUNT_ROLLUP,X,NSUPPLIES | C114: Materials and Supplies | D114: 23380.79 | E114: 2284.29 | F114: 232829.25 | G114: 300 | H114: 258794.33 | J114: 0 | K114: 0 | L114: 0 | N114: 258794.33 | P114: 0 | Q114: 0 | T114: 0 | U114: 0 | V114: 0 | W114: 0 | X114: 0 | Y114: 0 | Z114: 0 | AA114: 0 | AB114: 0 | AC114: 0 | AD114: 0 | AE114: 0 | AF114: 0 | AG114: 0 | AH114: 0 | AI114: 0 | AJ114: 0 | AK114: 0 | AL114: 0 | AM114: 0 | AN114: 0 | AO114: 0 | AP114: 0 | AQ114: 0 | AR114: 0 | AS114: 0 | AT114: 0 | AU114: 0 | AV114: 0 | AW114: 0 | AX114: 0 | AY114: 0 | AZ114: 0 | BA114: 0 | BB114: 0 | BC114: 0 | BD114: 0 | BE114: 0 | BF114: 0 | BG114: 0 | BH114: 0 | BI114: 0 | BJ114: 0 | BK114: 0 | BL114: 0 | BM114: 0 | BN114: 1561 | BO114: 15995 | BP114: 18800 | BQ114: 3183 | BR114: 8600 | BS114: 1171 | BT114: 20808 | BU114: 97750 | BV114: 49000 | BW114: 25500 | BX114: 23650 | BY114: 3435 | BZ114: 500 | CA114: 20130 | CB114: 3000 | CC114: 500 | CD114: 510 | CE114: 0 | CF114: 0 | CG114: 294093 | CI114: 8673.95 | CJ114: 3392.91 | CK114: 71093.62 | CL114: 83160.48 | CN114: 0 | CO114: 0 | CP114: 0 | CR114: 83160.48 | CS114: =CG114-CR114 -> 210932.52 | CT114: =IF(CG114=0,"n/a",CR114/(CG114)) -> 0.28276933
A116: %,V914000 | B116: 914000 | C116: Vehicles - Utility Fleet | D116: 0 | E116: 0 | F116: 12500 | G116: 0 | H116: 12500 | J116: 0 | K116: 0 | L116: 0 | N116: 12500 | P116: 0 | Q116: 0 | T116: 0 | U116: 0 | V116: 0 | W116: 0 | X116: 0 | Y116: 0 | Z116: 0 | AA116: 0 | AB116: 0 | AC116: 0 | AD116: 0 | AE116: 0 | AF116: 0 | AG116: 0 | AH116: 0 | AI116: 0 | AJ116: 0 | AK116: 0 | AL116: 0 | AM116: 0 | AN116: 0 | AO116: 0 | AP116: 0 | AQ116: 0 | AR116: 0 | AS116: 0 | AT116: 0 | AU116: 0 | AV116: 0 | AW116: 0 | AX116: 0 | AY116: 0 | AZ116: 0 | BA116: 0 | BB116: 0 | BC116: 0 | BD116: 0 | BE116: 0 | BF116: 0 | BG116: 0 | BH116: 0 | BI116: 0 | BJ116: 0 | BK116: 0 | BL116: 0 | BM116: 0 | BN116: 0 | BO116: 0 | BP116: 0 | BQ116: 0 | BR116: 0 | BS116: 0 | BT116: 0 | BU116: 0 | BV116: 0 | BW116: 0 | BX116: 0 | BY116: 0 | BZ116: 0 | CA116: 0 | CB116: 0 | CC116: 0 | CD116: 0 | CE116: 0 | CF116: 0 | CG116: 0 | CI116: 0 | CJ116: 0 | CK116: 0 | CL116: 0 | CN116: 0 | CO116: 0 | CP116: 0 | CR116: 0 | CS116: =CG116-CR116 -> 0 | CT116: =IF(CG116=0,"n/a",CR116/(CG116)) -> n/a
A117: %,V930000 | B117: 930000 | C117: Building Improvements | D117: 0 | E117: 0 | F117: 40355.5 | G117: 0 | H117: 40355.5 | J117: 0 | K117: 0 | L117: 0 | N117: 40355.5 | P117: 0 | Q117: 0 | T117: 0 | U117: 0 | V117: 0 | W117: 0 | X117: 0 | Y117: 0 | Z117: 0 | AA117: 0 | AB117: 0 | AC117: 0 | AD117: 0 | AE117: 0 | AF117: 0 | AG117: 0 | AH117: 0 | AI117: 0 | AJ117: 0 | AK117: 0 | AL117: 0 | AM117: 0 | AN117: 0 | AO117: 0 | AP117: 0 | AQ117: 0 | AR117: 0 | AS117: 0 | AT117: 0 | AU117: 0 | AV117: 0 | AW117: 0 | AX117: 0 | AY117: 0 | AZ117: 0 | BA117: 0 | BB117: 0 | BC117: 0 | BD117: 0 | BE117: 0 | BF117: 0 | BG117: 0 | BH117: 0 | BI117: 0 | BJ117: 0 | BK117: 0 | BL117: 0 | BM117: 0 | BN117: 0 | BO117: 0 | BP117: 0 | BQ117: 0 | BR117: 0 | BS117: 0 | BT117: 0 | BU117: 0 | BV117: 0 | BW117: 0 | BX117: 0 | BY117: 0 | BZ117: 0 | CA117: 0 | CB117: 0 | CC117: 0 | CD117: 0 | CE117: 375000 | CF117: 0 | CG117: 375000 | CI117: 0 | CJ117: 0 | CK117: 44121.4 | CL117: 44121.4 | CN117: 0 | CO117: 0 | CP117: 0 | CR117: 44121.4 | CS117: =CG117-CR117 -> 330878.6 | CT117: =IF(CG117=0,"n/a",CR117/(CG117)) -> 0.11765707
A118: %,FACCOUNT,TACCOUNT_ROLLUP,X,NCAPITAL OUTLAY | C118: Capital Outlay | D118: 0 | E118: 0 | F118: 52855.5 | G118: 0 | H118: 52855.5 | J118: 0 | K118: 0 | L118: 0 | N118: 52855.5 | P118: 0 | Q118: 0 | T118: 0 | U118: 0 | V118: 0 | W118: 0 | X118: 0 | Y118: 0 | Z118: 0 | AA118: 0 | AB118: 0 | AC118: 0 | AD118: 0 | AE118: 0 | AF118: 0 | AG118: 0 | AH118: 0 | AI118: 0 | AJ118: 0 | AK118: 0 | AL118: 0 | AM118: 0 | AN118: 0 | AO118: 0 | AP118: 0 | AQ118: 0 | AR118: 0 | AS118: 0 | AT118: 0 | AU118: 0 | AV118: 0 | AW118: 0 | AX118: 0 | AY118: 0 | AZ118: 0 | BA118: 0 | BB118: 0 | BC118: 0 | BD118: 0 | BE118: 0 | BF118: 0 | BG118: 0 | BH118: 0 | BI118: 0 | BJ118: 0 | BK118: 0 | BL118: 0 | BM118: 0 | BN118: 0 | BO118: 0 | BP118: 0 | BQ118: 0 | BR118: 0 | BS118: 0 | BT118: 0 | BU118: 0 | BV118: 0 | BW118: 0 | BX118: 0 | BY118: 0 | BZ118: 0 | CA118: 0 | CB118: 0 | CC118: 0 | CD118: 0 | CE118: 375000 | CF118: 0 | CG118: 375000 | CI118: 0 | CJ118: 0 | CK118: 44121.4 | CL118: 44121.4 | CN118: 0 | CO118: 0 | CP118: 0 | CR118: 44121.4 | CS118: =CG118-CR118 -> 330878.6 | CT118: =IF(CG118=0,"n/a",CR118/(CG118)) -> 0.11765707
A120: %,C | C120: Total Expenditures | D120: =D65+D95+D114+D118 -> 107988.67 | E120: =E65+E95+E114+E118 -> 99559.08 | F120: =F65+F95+F114+F118 -> 5970293.5 | G120: =G65+G95+G114+G118 -> 300 | H120: =H65+H95+H114+H118 -> 6178141.2 | J120: =J65+J95+J114+J118 -> 0 | K120: =K65+K95+K114+K118 -> 464740 | L120: =L65+L95+L114+L118 -> 464740 | N120: =N65+N95+N114+N118 -> 6642881.2 | T120: =T65+T95+T114+T118 -> 112200 | U120: =U65+U95+U114+U118 -> 159000 | V120: =V65+V95+V114+V118 -> 2070346 | W120: =W65+W95+W114+W118 -> 35000 | X120: =X65+X95+X114+X118 -> 24000 | Y120: =Y65+Y95+Y114+Y118 -> 50000 | Z120: =Z65+Z95+Z114+Z118 -> 47147 | AA120: =AA65+AA95+AA114+AA118 -> 76460 | ... CG120: =CG65+CG95+CG114+CG118 -> 7618391.8 | CI120: =CI65+CI95+CI114+CI118 -> 41890.35 | CJ120: =CJ65+CJ95+CJ114+CJ118 -> 41043.08 | CK120: =CK65+CK95+CK114+CK118 -> 2025339.6 | CL120: =CL65+CL95+CL114+CL118 -> 2108273 | CN120: =CN65+CN95+CN114+CN118 -> 0 | CO120: =CO65+CO95+CO114+CO118 -> 153957.5 | CP120: =CP65+CP95+CP114+CP118 -> 153957.5 | CR120: =CR65+CR95+CR114+CR118 -> 2262230.5
A122: %,C | C122: Pre-Adjusted Carryforward | D122: =D36-D120 -> -4051.27 | E122: =E36-E120 -> 21990.67 | F122: =F36-F120 -> 216940.23 | G122: =G36-G120 -> 0 | H122: =H36-H120 -> 2880283.3 | J122: =J36-J120 -> 0 | K122: =K36-K120 -> 6747.35 | L122: =L36-L120 -> 6747.35 | N122: =N36-N120 -> 2887030.6 | CI122: =CI36-CI120 -> 3781.34 | CJ122: =CJ36-CJ120 -> 28090.72 | CK122: =CK36-CK120 -> 1325926.5 | CL122: =CL36-CL120 -> 3456264.8 | CN122: =CN36-CN120 -> -33702.26 | CO122: =CO36-CO120 -> 79259.28 | CP122: =CP36-CP120 -> 834121.47 | CR122: =CR36-CR120 -> 4290386.3
A124: %,LORG_EN,UPOSTED_TOTAL_AMT,FACCOUNT,TACCOUNT_ROLLUP,NEXPENDITURE | C124: Encumbrances | D124: 0 | E124: 0 | F124: 0 | G124: 0 | H124: 0 | J124: 0 | K124: 0 | L124: 0 | N124: 0 | P124: 0 | Q124: 0 | T124: 0 | U124: 0 | V124: 0 | W124: 0 | X124: 0 | Y124: 0 | Z124: 0 | AA124: 0 | AB124: 0 | AC124: 0 | AD124: 0 | AE124: 0 | AF124: 0 | AG124: 0 | AH124: 0 | AI124: 0 | AJ124: 0 | AK124: 0 | AL124: 0 | AM124: 0 | AN124: 0 | AO124: 0 | AP124: 0 | AQ124: 0 | AR124: 0 | AS124: 0 | AT124: 0 | AU124: 0 | AV124: 0 | AW124: 0 | AX124: 0 | AY124: 0 | AZ124: 0 | BA124: 0 | BB124: 0 | BC124: 0 | BD124: 0 | BE124: 0 | BF124: 0 | BG124: 0 | BH124: 0 | BI124: 0 | BJ124: 0 | BK124: 0 | BL124: 0 | BM124: 0 | BN124: 0 | BO124: 0 | BP124: 0 | BQ124: 0 | BR124: 0 | BS124: 0 | BT124: 0 | BU124: 0 | BV124: 0 | BW124: 0 | BX124: 0 | BY124: 0 | BZ124: 0 | CA124: 0 | CB124: 0 | CC124: 0 | CD124: 0 | CE124: 0 | CF124: 0 | CG124: 0 | CI124: 0 | CJ124: 0 | CK124: 0 | CL124: 0 | CN124: 0 | CO124: 0 | CP124: 0 | CR124: 0
A126: %,LORG_PR,UPOSTED_TOTAL_AMT,FACCOUNT,TACCOUNT_ROLLUP,NEXPENDITURE | C126: Requisitions | D126: 0 | E126: 0 | F126: 0 | G126: 0 | H126: 0 | J126: 0 | K126: 0 | L126: 0 | N126: 0 | P126: 0 | Q126: 0 | T126: 0 | U126: 0 | V126: 0 | W126: 0 | X126: 0 | Y126: 0 | Z126: 0 | AA126: 0 | AB126: 0 | AC126: 0 | AD126: 0 | AE126: 0 | AF126: 0 | AG126: 0 | AH126: 0 | AI126: 0 | AJ126: 0 | AK126: 0 | AL126: 0 | AM126: 0 | AN126: 0 | AO126: 0 | AP126: 0 | AQ126: 0 | AR126: 0 | AS126: 0 | AT126: 0 | AU126: 0 | AV126: 0 | AW126: 0 | AX126: 0 | AY126: 0 | AZ126: 0 | BA126: 0 | BB126: 0 | BC126: 0 | BD126: 0 | BE126: 0 | BF126: 0 | BG126: 0 | BH126: 0 | BI126: 0 | BJ126: 0 | BK126: 0 | BL126: 0 | BM126: 0 | BN126: 0 | BO126: 0 | BP126: 0 | BQ126: 0 | BR126: 0 | BS126: 0 | BT126: 0 | BU126: 0 | BV126: 0 | BW126: 0 | BX126: 0 | BY126: 0 | BZ126: 0 | CA126: 0 | CB126: 0 | CC126: 0 | CD126: 0 | CE126: 0 | CF126: 0 | CG126: 0 | CI126: 0 | CJ126: 0 | CK126: 0 | CL126: 0 | CN126: 0 | CO126: 0 | CP126: 0 | CR126: 0
C128: TABOR (school enters amount) | CG128: 190530.15
C130: Adjusted Carryforward | H130: =H122-H124-H126-H128 -> 2880283.3 | L130: =L122-L124-L126-L128 -> 6747.35 | N130: =N122-N124-N126-N128 -> 2887030.6 | CL130: =CL122-CL124-CL126-CL128 -> 3456264.8 | CP130: =CP122-CP124-CP126-CP128 -> 834121.47 | CR130: =CR122-CR124-CR126-CR128 -> 4290386.3
